Workbook
Name negative: [1]SR1!$C$55:$C$59
Name negative: [1]SR1!$C$55:$C$59
Name negative: [1]SR1!$C$55:$C$59
Name negative: [1]SR1!$C$55:$C$59
Name negative: 'SR1'!$C$48:$C$52
Name positive: [1]SR1!$B$55:$B$59
Name positive: [1]SR1!$B$55:$B$59
Name positive: [1]SR1!$B$55:$B$59
Name positive: [1]SR1!$B$55:$B$59
Name positive: 'SR1'!$B$48:$B$52
Name Risk_Likelihood__GROSS: '[1]1. Selezione dei progetti-SA'!#REF!
Name Risk_Likelihood__GROSS: '[1]1. Selezione dei progetti-SA'!#REF!
Name Risk_Likelihood__GROSS: '[1]1. Selezione dei progetti-SA'!#REF!
Name Risk_Likelihood__GROSS: '[1]1. Selezione dei progetti-SA'!#REF!
Name Risk_Likelihood__GROSS: '1. Selezione'!#REF!

Sheet Copertina
A9: ALLEGATO 1
A15: Strumento di autovaluzione del Rischio Frode nell'ambito del PNRR "Tool Fraud Risk Assessment"
C16: Ministero della Giustizia
A17: Unità di Missione per l'attuazione del PNRR
G18: versione 1.0 | H18: versione 1.0
H19: 45809

Sheet Controlli generici
B2: PRINCIPI DI CONTROLLO TRASVERSALI
A5: CONTROLLI GENERALI
A6: Rif. controllo | B6: Descrizione del controllo
A7: 1 | B7: L’Amministrazione Titolare fornisce orientamenti chiari e una formazione ai propri membri sull'etica, sui conflitti di interessi e sulle conseguenze della mancata adesione alle linee guida approvate
A8: 2 | B8: L'Amministrazione Titolare attua una politica in materia di conflitto di interessi che prevede il rilascio di una dichiarazione annuale
A9: 3 | B9: L’Amministrazione Titolare attua e rende pubblico un meccanismo per denunciare le irregolarità in caso di sospetta condotta fraudolenta (whistleblowing)
A10: 4 | B10: L’Amministrazione Titolare adotta un Codice Etico che contempla le principali regole di condotta del personale (ad es. Codice di comportamento dei dipendenti pubblici – patto di integrità)

Sheet 1. Selezione
A2: 1: VALUTAZIONE DELL'ESPOSIZIONE A RISCHI DI FRODE SPECIFICI - SELEZIONE DEI RICHIEDENTI DA PARTE DELLE AMMINISTRAZIONI TITOLARI
A4: DESCRIZIONE DEL RISCHIO
A5: Rif. rischio | B5: Rischio | C5: Descrizione del rischio | D5: Chi è coinvolto nel rischio? (Amministrazione Titolare / Enti/Amministrazioni attuatrici) | E5: Il rischio è interno all'Amministrazione Titolare, esterno o frutto di collusione? | F5: L'Amministrazione Titolare è esposta a questo rischio? | G5: Motivare la risposta, se negativa
A6: SR1 | B6: Conflitti di interesse da parte del personale dell'Amministrazione Titolare coinvolto nella redazione e nella quality review del dispositivo di finanziamento | C6: Il personale dell'Amministrazione Titolare coinvolto nella redazione e nella quality review del dispositivo di finanziamento altera deliberatamente i criteri generali e specifici di ammissibilità al fine di favorire/consentire la partecipazione di taluni potenziali proponenti | D6: Amministrazione Titolare / Soggetti Attuatori | E6: Interno / Collusione | F6: N | G6: Gli interventi di competenza del Ministero della Giustizia (Investimento in capitale umano M1.C1-I1.8; Riqualificazione dell'edilizia giudiziaria M2.C3-I1.2; Digitalizzazione del processo penale di I grado M1.C1-R1.8) non prevedono la selezione di proponenti in quanto non è prevista l'emanazione di avvisi per la selezione dei soggetti attuatori (beneficiari dei finanziamenti).
A7: SR2 | B7: Conflitti di interesse da parte della Commissione di valutazione | C7: I membri della Commissione di valutazione dell'Amministrazione Titolare influenzano deliberatamente la valutazione e la selezione dei candidati per favorire uno di loro attraverso un trattamento compiacente nei confronti della sua candidatura in fase di valutazione o esercitando pressioni su altri membri della Commissione | D7: Amministrazione Titolare / Soggetti Attuatori | E7: Interno / Collusione | F7: N | G7: Gli interventi di competenza del Ministero della Giustizia (Investimento in capitale umano M1.C1-I1.8; Riqualificazione dell'edilizia giudiziaria M2.C3-I1.2; Digitalizzazione del processo penale di I grado M1.C1-R1.8) non prevedono la selezione di proponenti in quanto non è prevista l'emanazione di avvisi per la selezione dei soggetti attuatori (beneficiari dei finanziamenti).
A8: SR3 | B8: False dichiarazioni da parte dei proponenti circa i criteri generali e specifici di ammissibilità | C8: I proponenti rilasciano false dichiarazioni nella domanda di finanziamento, attestando alla Commissione di valutazione il possesso di requisiti in realtà non posseduti, idonei a soddisfare i criteri generali e specifici di ammissibilità per superare la procedura di selezione della candidatura (ad es.: condizionalità PNRR, contributo all'indicatore comune e ai tagging ambientali e digitali, rispetto del principio DNSH, parità di genere, politiche per i giovani, quota SUD) | D8: Amministrazione Titolare / Soggetti Attuatori | E8: Esterno | F8: N | G8: Selezione proponenti assenti, si rinvia alle motivazioni fornite sui rischi precedenti
A9: SR4 | B9: False dichiarazioni da parte dei proponenti circa il tema di conflitti di interesse, doppio finanziamento e verifica del titolare effettivo | C9: I proponenti rilasciano false dichiarazioni nella domanda di finanziamento, attestando alla Commissione l'assenza di conflitti di interesse, doppio finanziamento e verifica del titolare effettivo | D9: Amministrazione Titolare / Soggetti Attuatori | E9: Esterno | F9: N | G9: Selezione proponenti assenti, si rinvia alle motivazioni fornite sui rischi precedenti
A10: SR5 | B10: Conflitti di interesse da parte del vincitore della selezione/destinatario dei fondi | C10: Il vincitore della selezione/destinatario dei fondi detiene un interesse privato di natura finanziaria, economica o derivante da particolari legami di parentela, affinità, convivenza o frequentazione abituale con i soggetti titolari dell’azione amministrativa finalizzata all'ammissione a finanziamento dell'iniziativa che potrebbe porsi in contrasto con l’interesse pubblico | D10: Amministrazione Titolare / Soggetti Attuatori | E10: Esterno | F10: N | G10: Vincitore della selezione assente, si rinvia al rischio Rif. SR10
A11: SR6 | B11: Doppio finanziamento | C11: I proponenti presentano per la stessa iniziativa progettuale una richiesta di finanziamento a valere su due o più fondi del bilancio dell'UE e/o dello Stato Membro, omettendo deliberatamente di dichiarare tali richieste | D11: Amministrazione Titolare / Soggetti Attuatori | E11: Esterno | F11: N | G11: Selezione proponenti assenti, si rinvia al rischio Rif. SR11
A12: SR7 | B12: Inadeguata applicazione dei criteri di selezione dei "progetti in essere" | C12: Deliberata ed inadeguata attività istruttoria finalizzata a non garantire la coerenza con i criteri di selezione e gli obiettivi del PNRR, nonchè la conformità e l'effettivo rispetto delle regole, degli obblighi e dei principi del PNRR stabiliti dalla normativa nazionale e comunitaria di riferimento al fine di favorire un partecipante | D12: Amministrazione Titolare / Soggetti Attuatori | E12: Interno / Collusione | F12: N | G12: Non sono finanziati "progetti in essere"
A13: SR8 | B13: Mancato rispetto della normativa sugli Aiuti di Stato, con particolare riferimento alla dimensione di impresa e al de minimis | C13: Deliberato e mancato rispetto della normativa vigente in materia di Aiuti di Stato e/o mancata presentazione della documentazione necessaria alla valutazione di conformità alla relativa normativa, nonchè deliberata presentazione di documentazione incompleta o non corretta finalizzata a dare o ricevere un aiuto maggiore di quello previsto dalla normativa vigente | D13: Amministrazione Titolare / Soggetti Attuatori | E13: Esterno | F13: N | G13: Non sono previsti Aiuti di Stato
A14: SR9 | B14: Processo di selezione dei progetti e/o dei Soggetti Attuatori incompleto/inadeguato | C14: Il processo di selezione dei progetti e/o dei Soggetti Attuatori non garantisce adeguatamente l'assenza di frodi perché l’Ufficio dell’Amministrazione Titolare responsabile della selezione e/o la Commissione di Valutazione non dispongono delle risorse e/o delle competenze adeguate in materia | D14: Amministrazione Titolare / Soggetti Attuatori | E14: Esterno | F14: N | G14: Sull'assenza di selezione diretta dei SA da parte dell'AT si rinvia a quanto esplicitato sui rischi precedenti. Si precisa, in ogni caso, che non si ravvisano criticità legate alla scarsità di risorse e/o competenze
A15: SR10 | B15: Conflitti di interesse da parte del destinatario dei fondi | C15: Il destinatario dei fondi detiene un interesse privato di natura finanziaria, economica o derivante da particolari legami di parentela, affinità, convivenza o frequentazione abituale con i soggetti titolari dell’azione amministrativa finalizzata a condizionare le modalità di ammissione a finanziamento dell'iniziativa che potrebbe porsi in contrasto con l’interesse pubblico | D15: Amministrazione Titolare / Soggetti Attuatori | E15: Esterno | F15: Y | G15: Si precisa che: a) per le procedure di reclutamento del personale, il Ministero, ai sensi delll’articolo 35, comma 5, d.lgs. 165/2001, come modificato dal d.lgs. 75/2017, è ricorso alla Commissione RIPAM, la quale si avvale del personale del Formez PA per lo svolgimento delle procedure selettive; b) per gli interventi di edilizia giudiziaria, il Ministero si avvale di Soggetti Attuatori pubblici cui spetta ex lege la competenza sullo specifico edificio, ovvero dei Provveditorati alle Opere Pubbliche (MIT), Agenzia del Demanio e Comune di Venezia; c) per la digitalizzazione del processo penale di I grado, la procedura viene svolta facendo ricorso agli strumenti di acquisto messi a disposizione dalla Centrale di Committenza Nazionale CONSIP
A16: SR11 | B16: Doppio finanziamento | C16: L'Amministrazione Titolare / Soggetti Attuatori presentano per la stessa iniziativa progettuale una richiesta di finanziamento a valere su due o più fondi del bilancio dell'UE e/o dello Stato Membro omettendo deliberatamente di dichiarare tali richieste | D16: Amministrazione Titolare / Soggetti Attuatori | E16: Interno | F16: Y | G16: Si precisa che: a) per le procedure di reclutamento del personale, il Ministero, ai sensi delll’articolo 35, comma 5, d.lgs. 165/2001, come modificato dal d.lgs. 75/2017, è ricorso alla Commissione RIPAM, la quale si avvale del personale del Formez PA per lo svolgimento delle procedure selettive; b) per gli interventi di edilizia giudiziaria, il Ministero si avvale di Soggetti Attuatori pubblici cui spetta ex lege la competenza sullo specifico edificio, ovvero dei Provveditorati alle Opere Pubbliche (MIT), Agenzia del Demanio e Comune di Venezia; c) per la digitalizzazione del processo penale di I grado, la procedura viene svolta facendo ricorso agli strumenti di acquisto messi a disposizione dalla Centrale di Committenza Nazionale CONSIP
A17: SR12 | B17: Irregolarità nel processo di selezione dei progetti da ammettere a finanziamento | C17: Nel processo di selezione dei progetti da ammettere a finanziamento e/o nella distribuzione geografica degli stessi tra i Soggetti Attuatori (individuati ex lege dalla normativa), non è garantita la coerenza con i criteri di selezione e gli obiettivi/principi PNRR, al fine di favorire un destinatario | D17: Amministrazione Titolare / Soggetti Attuatori | E17: Interno/Collusione | F17: Y
F38: Y
F39: N

Sheet SR1
C3: DESCRIZIONE DEL RISCHIO | J3: Sì | K3: Elevato
C4: Rif. rischio | D4: Rischio | E4: Descrizione del rischio | F4: Chi è coinvolto nel rischio? (Amministrazione Titolare / Enti/Amministrazioni attuatrici) | G4: Il rischio è interno all'Amministrazione Titolare, esterno o frutto di collusione? | J4: No | K4: Moderato
C5: ='1. Selezione'!A6 -> SR1 | D5: ='1. Selezione'!B6 -> Conflitti di interesse da parte del personale dell'Amministrazione Titolare coinvolto nella redazione e nella quality review del dispositivo di finanziamento | E5: ='1. Selezione'!C6 -> Il personale dell'Amministrazione Titolare coinvolto nella redazione e nella quality review del dispositivo di finanziamento altera deliberatamente i criteri generali e specifici di ammissibilità al fine di favorire/consentire la partecipazione di taluni potenziali proponenti | F5: ='1. Selezione'!D6 -> Amministrazione Titolare / Soggetti Attuatori | G5: ='1. Selezione'!E6 -> Interno / Collusione | K5: Basso
A8: RISCHIO LORDO | D8: CONTROLLI ESISTENTI | K8: RISCHIO NETTO
A9: Impatto del rischio (LORDO) | B9: Probabilità del rischio (LORDO) | C9: Rischio complessivo (LORDO) | D9: Rif. controllo | E9: Descrizione del controllo | F9: Può dimostrare il funzionamento di questo controllo? | G9: Effettua regolarmente un test di questo controllo? | H9: Quanto ritiene che sia efficace questo controllo? | I9: Effetto dei controlli combinati sull'IMPATTO del rischio considerando i livelli di fiducia | J9: Effetto dei controlli combinati sulla PROBABILITÀ del rischio considerando i livelli di fiducia | K9: Impatto del rischio (NETTO) | L9: Probabilità del rischio (NETTO) | M9: Rischio complessivo attuale (NETTO)
C10: =A10*B10 -> 0 | D10: SC 1.1 | E10: L’Amministrazione Titolare garantisce che il suo personale è consapevole delle conseguenze che comporta la partecipazione ad attività che possano mettere in dubbio la loro integrità, con una chiara descrizione di tali conseguenze e delle relative infrazioni specifiche | K10: =A10+I10 -> 0 | L10: =B10+J10 -> 0 | M10: =K10*L10 -> 0
D11: SC 1.2 | E11: L’Amministrazione Titolare dispone delle checklist customizzate in funzione della specifica misura, al fine di definire requisiti oggettivi, improntati alla trasparenza e, per quanto possibile, alla limitazione di criteri di soggettività, connessi al dispositivo di finanziamento.
A14: RISCHIO NETTO | D14: PIANO D'AZIONE | K14: RISCHIO PREVISTO
A15: Impatto del rischio (NETTO) | B15: Probabilità del rischio (NETTO) | C15: Rischio complessivo attuale (NETTO) | D15: Nuovo controllo in programma | F15: Responsabile | G15: Termine ultimo per l'attuazione | I15: Effetto dei controlli combinati in programma sul nuovo IMPATTO del rischio (NETTO) | J15: Effetto dei controlli combinati in programma sulla nuova PROBABILITÀ del rischio (NETTO) | K15: Impatto del rischio (PREVISTO) | L15: Probabilità del rischio (PREVISTO) | M15: Rischio complessivo (PREVISTO)
A16: =K10 -> 0 | B16: =L10 -> 0 | C16: =M10 -> 0 | K16: =A16+I16 -> 0 | L16: =B16+J16 -> 0 | M16: =K16*L16 -> 0
B48: 1 | C48: -1
B49: 2 | C49: -2
B50: 3 | C50: -3
B51: 4 | C51: -4

Sheet SR2
C3: DESCRIZIONE DEL RISCHIO
C4: Rif. rischio | D4: Rischio | E4: Descrizione del rischio | F4: Chi coinvolto nel rischio? (Amministrazione Titolare / Enti/Amministrazioni attuatrici) | G4: Il rischio è interno all'Amministrazione Titolare, esterno o frutto di collusione?
C5: ='1. Selezione'!A7 -> SR2 | D5: ='1. Selezione'!B7 -> Conflitti di interesse da parte della Commissione di valutazione | E5: ='1. Selezione'!C7 -> I membri della Commissione di valutazione dell'Amministrazione Titolare influenzano deliberatamente la valutazione e la selezione dei candidati per favorire uno di loro attraverso un trattamento compiacente nei confronti della sua candidatura in fase di valutazione o esercitando pressioni su altri membri della Commissione | F5: ='1. Selezione'!D7 -> Amministrazione Titolare / Soggetti Attuatori | G5: ='1. Selezione'!E7 -> Interno / Collusione
A8: RISCHIO LORDO | D8: CONTROLLI ESISTENTI | K8: RISCHIO NETTO
A9: Impatto del rischio (LORDO) | B9: Probabilità del rischio (LORDO) | C9: Rischio complessivo (LORDO) | D9: Rif. controllo | E9: Descrizione del controllo | F9: Può dimostrare il funzionamento di questo controllo? | G9: Effettua regolarmente un test di questo controllo? | H9: Quanto ritiene che sia efficace questo controllo? | I9: Effetto dei controlli combinati sull'IMPATTO del rischio considerando i livelli di fiducia | J9: Effetto dei controlli combinati sulla PROBABILITÀ del rischio considerando i livelli di fiducia | K9: Impatto del rischio (NETTO) | L9: Probabilità del rischio (NETTO) | M9: Rischio complessivo attuale (NETTO)
C10: =A10*B10 -> 0 | D10: SC 2.1 | E10: Il comitato di valutazione comprende diversi membri del personale direttivo che si avvicendano a rotazione e vengono selezionati, con un certo grado di casualità, per partecipare a ciascun comitato di valutazione. I membri del comitato posseggono i seguenti requisiti: - comprovata competenza ed esperienza nella tematica di interesse; - possesso dei requisiti di professionalità e onorabilità. | K10: =A10+I10 -> 0 | L10: =B10+J10 -> 0 | M10: =K10*L10 -> 0
D11: SC 2.2 | E11: L'Amministrazione Titolare attua una politica in materia di conflitto di interessi che preveda una dichiarazione annuale, un registro per tutti i membri del personale e misure per garantirne l'osservanza. Inoltre, i membri della Commissione rilasciano apposite dichiarazioni attestanti l’assenza del conflitto di interessi e di situazioni di incompatibilità prima dell’inizio dell’attività di valutazione
D12: SC 2.3 | E12: L’Amministrazione Titolare garantisce che l’eventuale presenza di un conflitto d’interesse sia gestita nel rispetto del quadro normativo applicabile
D13: SC 2.4 | E13: L'Amministrazione Titolare garantisce che i suoi membri sono consapevoli delle conseguenze che comporta la partecipazione ad attività che possano mettere in dubbio la loro integrità, con una chiara descrizione di tali conseguenze e delle relative infrazioni specifiche
D14: SC 2.5 | E14: L'Amministrazione Titolare garantisce che tutti gli Avvisi a presentare candidature siano oggetto di adeguate forme di pubblicizzazione
D15: SC 2.6 | E15: L’Amministrazione Titolare garantisce misure/meccanismi che assicurino la pubblicità e la massima trasparenza di tutte le fasi del processo di scelta del Soggetto Attuatore/Progetto
D16: SC 2.7 | E16: L’Amministrazione Titolare garantisce che tutte le candidature siano registrate e valutate conformemente ai criteri applicabili
D17: SC 2.8 | E17: L’Amministrazione Titolare garantisce che tutte le decisioni in merito all'approvazione / al rigetto delle candidature siano comunicate ai candidati
D18: SC 2.9 | E18: L’Amministrazione Titolare attua una politica in materia di contrasto alla corruzione che preveda una dichiarazione di rispetto della clausola di pantouflage
D19: SC 2.10 | E19: L’Amministrazione Titolare garantisce un’attività di vigilanza da parte della figura dirigenziale preposta circa il rispetto delle regole previste dal codice di comportamento e, in particolare, delle regole in materia di conflitto di interessi, incompatibilità e cumulo d’impieghi da parte del personale assegnato al suo ufficio
A22: RISCHIO NETTO | D22: PIANO D'AZIONE | K22: RISCHIO PREVISTO
A23: Impatto del rischio (NETTO) | B23: Probabilità del rischio (NETTO) | C23: Rischio complessivo attuale (NETTO) | D23: Nuovo controllo in programma | F23: Responsabile | G23: Termine ultimo per l'attuazione | I23: Effetto dei controlli combinati in programma sul nuovo IMPATTO del rischio (NETTO) | J23: Effetto dei controlli combinati in programma sulla nuova PROBABILITÀ del rischio (NETTO) | K23: Impatto del rischio (PREVISTO) | L23: Probabilità del rischio (PREVISTO) | M23: Rischio complessivo (PREVISTO)
A24: =K10 -> 0 | B24: =L10 -> 0 | C24: =M10 -> 0 | K24: =A24+I24 -> 0 | L24: =B24+J24 -> 0 | M24: =K24*L24 -> 0
B56: 1 | C56: -1
B57: 2 | C57: -2
B58: 3 | C58: -3
B59: 4 | C59: -4
B60: 5 | C60: -5

Sheet SR3
C3: DESCRIZIONE DEL RISCHIO
C4: Rif. rischio | D4: Rischio | E4: Descrizione del rischio | F4: Chi è coinvolto nel rischio? (Amministrazione Titolare / Enti/Amministrazioni attuatrici) | G4: Il rischio è interno all'Amministrazione Titolare, esterno o frutto di collusione?
C5: ='1. Selezione'!A8 -> SR3 | D5: ='1. Selezione'!B8 -> False dichiarazioni da parte dei proponenti circa i criteri generali e specifici di ammissibilità | E5: ='1. Selezione'!C8 -> I proponenti rilasciano false dichiarazioni nella domanda di finanziamento, attestando alla Commissione di valutazione il possesso di requisiti in realtà non posseduti, idonei a soddisfare i criteri generali e specifici di ammissibilità per superare la procedura di selezione della candidatura (ad es.: condizionalità PNRR, contributo all'indicatore comune e ai tagging ambientali e digitali, rispetto del principio DNSH, parità di genere, politiche per i giovani, quota SUD) | F5: ='1. Selezione'!D8 -> Amministrazione Titolare / Soggetti Attuatori | G5: ='1. Selezione'!E8 -> Esterno
A8: RISCHIO LORDO | D8: CONTROLLI ESISTENTI | K8: RISCHIO NETTO
A9: Impatto del rischio (LORDO) | B9: Probabilità del rischio (LORDO) | C9: Rischio complessivo (LORDO) | D9: Rif. controllo | E9: Descrizione del controllo | F9: Può dimostrare il funzionamento di questo controllo? | G9: Effettua regolarmente un test di questo controllo? | H9: Quanto ritiene che sia efficace questo controllo? | I9: Effetto dei controlli combinati sull'IMPATTO del rischio considerando i livelli di fiducia | J9: Effetto dei controlli combinati sulla PROBABILITÀ del rischio considerando i livelli di fiducia | K9: Impatto del rischio (NETTO) | L9: Probabilità del rischio (NETTO) | M9: Rischio complessivo attuale (NETTO)
C10: =A10*B10 -> 0 | D10: SC 3.1 | E10: L'Amministrazione Titolare si avvale delle conoscenze acquisite in precedenza sul beneficiario per adottare una decisione informata in merito alla veridicità delle dichiarazioni e delle informazioni presentate | K10: =A10+I10 -> 0 | L10: =B10+J10 -> 0 | M10: =K10*L10 -> 0
D11: SC 3.2 | E11: Nel processo di screening l'Amministrazione Titolare si avvale delle conoscenze acquisite sulle domande fraudolente precedentemente presentate e su altre pratiche fraudolente
D12: SC 3.3 | E12: Il processo di screening dell'Amministrazione Titolare prevede controlli incrociati, adeguatamente documentati, tramite l’utilizzo di banche dati pubbliche e private nazionali e internazionali, nonché qualsiasi altra informazione pertinente a disposizione delle istituzioni
D13: SC 3.4 | E13: L’Amministrazione Titolare dispone delle checklist al fine di documentare l’effettiva effettuazione dei controlli previsti
A16: RISCHIO NETTO | D16: PIANO D'AZIONE | K16: RISCHIO PREVISTO
A17: Impatto del rischio (NETTO) | B17: Probabilità del rischio (NETTO) | C17: Rischio complessivo attuale (NETTO) | D17: Nuovo controllo in programma | F17: Responsabile | G17: Termine ultimo per l'attuazione | I17: Effetto dei controlli combinati in programma sul nuovo IMPATTO del rischio (NETTO) | J17: Effetto dei controlli combinati in programma sulla nuova PROBABILITÀ del rischio (NETTO) | K17: Impatto del rischio (PREVISTO) | L17: Probabilità del rischio (PREVISTO) | M17: Rischio complessivo (PREVISTO)
A18: =K10 -> 0 | B18: =L10 -> 0 | C18: =M10 -> 0 | K18: =A18+I18 -> 0 | L18: =B18+J18 -> 0 | M18: =K18*L18 -> 0
B50: 1 | C50: -1
B51: 2 | C51: -2
B52: 3 | C52: -3
B53: 4 | C53: -4
B54: 5 | C54: -5

Sheet SR4
C3: DESCRIZIONE DEL RISCHIO
C4: Rif. rischio | D4: Rischio | E4: Descrizione del rischio | F4: Chi è coinvolto nel rischio? (Amministrazione Titolare / Enti/Amministrazioni attuatrici) | G4: Il rischio è interno all'Amministrazione Titolare, esterno o frutto di collusione?
C5: ='1. Selezione'!A9 -> SR4 | D5: ='1. Selezione'!B9 -> False dichiarazioni da parte dei proponenti circa il tema di conflitti di interesse, doppio finanziamento e verifica del titolare effettivo | E5: ='1. Selezione'!C9 -> I proponenti rilasciano false dichiarazioni nella domanda di finanziamento, attestando alla Commissione l'assenza di conflitti di interesse, doppio finanziamento e verifica del titolare effettivo | F5: ='1. Selezione'!D9 -> Amministrazione Titolare / Soggetti Attuatori | G5: ='1. Selezione'!E9 -> Esterno
A8: RISCHIO LORDO | D8: CONTROLLI ESISTENTI | K8: RISCHIO NETTO
A9: Impatto del rischio (LORDO) | B9: Probabilità del rischio (LORDO) | C9: Rischio complessivo (LORDO) | D9: Rif. controllo | E9: Descrizione del controllo | F9: Può dimostrare il funzionamento di questo controllo? | G9: Effettua regolarmente un test di questo controllo? | H9: Quanto ritiene che sia efficace questo controllo? | I9: Effetto dei controlli combinati sull'IMPATTO del rischio considerando i livelli di fiducia | J9: Effetto dei controlli combinati sulla PROBABILITÀ del rischio considerando i livelli di fiducia | K9: Impatto del rischio (NETTO) | L9: Probabilità del rischio (NETTO) | M9: Rischio complessivo attuale (NETTO)
C10: =A10*B10 -> 0 | D10: SC 4.1 | E10: L'Amministrazione Titolare si avvale delle conoscenze acquisite in precedenza sul beneficiario per adottare una decisione informata in merito alla veridicità delle dichiarazioni e delle informazioni presentate anche in materia di conflitto di interessi, titolare effettivo e doppio finanziamento | K10: =A10+I10 -> 0 | L10: =B10+J10 -> 0 | M10: =K10*L10 -> 0
D11: SC 4.2 | E11: Nel processo di screening l'Amministrazione Titolare si avvale delle conoscenze acquisite sulle domande fraudolente precedentemente presentate e su altre pratiche fraudolente, in materia di conflitto di interessi, titolare effettivo e doppio finanziamento
D12: SC 4.3 | E12: Il processo di screening dell'Amministrazione Titolare prevede controlli incrociati, adeguatamente documentati, tramite l’utilizzo di banche dati pubbliche e private nazionali e internazionali, nonché qualsiasi altra informazione pertinente a disposizione delle istituzioni, in materia di conflitto di interessi, titolare effettivo e doppio finanziamento
D13: SC 4.4 | E13: L’Amministrazione Titolare dispone delle checklist al fine di documentare l’effettiva effettuazione dei controlli previsti, in materia di conflitto di interessi, titolare effettivo e doppio finanziamento
A16: RISCHIO NETTO | D16: PIANO D'AZIONE | K16: RISCHIO PREVISTO
A17: Impatto del rischio (NETTO) | B17: Probabilità del rischio (NETTO) | C17: Rischio complessivo attuale (NETTO) | D17: Nuovo controllo in programma | F17: Responsabile | G17: Termine ultimo per l'attuazione | I17: Effetto dei controlli combinati in programma sul nuovo IMPATTO del rischio (NETTO) | J17: Effetto dei controlli combinati in programma sulla nuova PROBABILITÀ del rischio (NETTO) | K17: Impatto del rischio (PREVISTO) | L17: Probabilità del rischio (PREVISTO) | M17: Rischio complessivo (PREVISTO)
A18: =K10 -> 0 | B18: =L10 -> 0 | C18: =M10 -> 0 | K18: =A18+I18 -> 0 | L18: =B18+J18 -> 0 | M18: =K18*L18 -> 0
B50: 1 | C50: -1
B51: 2 | C51: -2
B52: 3 | C52: -3
B53: 4 | C53: -4
B54: 5 | C54: -5

Sheet SR5
C3: DESCRIZIONE DEL RISCHIO
C4: Rif. rischio | D4: Rischio | E4: Descrizione del rischio | F4: Chi è coinvolto nel rischio? (Amministrazione Titolare / Enti/Amministrazioni attuatrici) | G4: Il rischio è interno all'Amministrazione Centrale, esterno o frutto di collusione?
C5: ='1. Selezione'!A10 -> SR5 | D5: ='1. Selezione'!B10 -> Conflitti di interesse da parte del vincitore della selezione/destinatario dei fondi | E5: ='1. Selezione'!C10 -> Il vincitore della selezione/destinatario dei fondi detiene un interesse privato di natura finanziaria, economica o derivante da particolari legami di parentela, affinità, convivenza o frequentazione abituale con i soggetti titolari dell’azione amministrativa finalizzata all'ammissione a finanziamento dell'iniziativa che potrebbe porsi in contrasto con l’interesse pubblico | F5: ='1. Selezione'!D10 -> Amministrazione Titolare / Soggetti Attuatori | G5: ='1. Selezione'!E10 -> Esterno
A8: RISCHIO LORDO | D8: CONTROLLI ESISTENTI | K8: RISCHIO NETTO
A9: Impatto del rischio (LORDO) | B9: Probabilità del rischio (LORDO) | C9: Rischio complessivo (LORDO) | D9: Rif. controllo | E9: Descrizione del controllo | F9: Può dimostrare il funzionamento di questo controllo? | G9: Effettua regolarmente un test di questo controllo? | H9: Quanto ritiene che sia efficace questo controllo? | I9: Effetto dei controlli combinati sull'IMPATTO del rischio considerando i livelli di fiducia | J9: Effetto dei controlli combinati sulla PROBABILITÀ del rischio considerando i livelli di fiducia | K9: Impatto del rischio (NETTO) | L9: Probabilità del rischio (NETTO) | M9: Rischio complessivo attuale (NETTO)
D10: SC 5.1 | E10: L’Amministrazione Titolare richiede l’evidenza ai Soggetti Attuatori dell’effettiva adozione e attuazione da parte di quest’ultimi di politiche volte a contrastare la corruzione e il conflitto d’interessi
D11: SC 5.2 | E11: L’Amministrazione Titolare richiede ai Soggetti Attuatori il rilascio di una dichiarazione attestante l’assenza di conflitto di interessi al momento della partecipazione al bando o la segnalazione del relativo conflitto
D12: SC 5.3 | E12: L’Ufficio di rendicontazione e controllo richiede l’evidenza, da parte della struttura dell’Amministrazione Titolare deputata alla selezione delle candidature, dell’effettiva adozione e attuazione di politiche volte a contrastare la corruzione e il conflitto d’interesse
A13: RISCHIO NETTO | D13: PIANO D'AZIONE | K13: RISCHIO PREVISTO
A14: Impatto del rischio (NETTO) | B14: Probabilità del rischio (NETTO) | C14: Rischio complessivo attuale (NETTO) | D14: Nuovo controllo in programma | F14: Responsabile | G14: Termine ultimo per l'attuazione | I14: Effetto dei controlli combinati in programma sul nuovo IMPATTO del rischio (NETTO) | J14: Effetto dei controlli combinati in programma sulla nuova PROBABILITÀ del rischio (NETTO) | K14: Impatto del rischio (PREVISTO) | L14: Probabilità del rischio (PREVISTO) | M14: Rischio complessivo (PREVISTO)
A15: =K10 -> 0 | B15: =L10 -> 0 | C15: =M10 -> 0 | K15: =A15+I15 -> 0 | L15: =B15+J15 -> 0 | M15: =K15*L15 -> 0
B47: 1 | C47: -1
B48: 2 | C48: -2
B49: 3 | C49: -3
B50: 4 | C50: -4
B51: 5 | C51: -5

Sheet SR6
C3: DESCRIZIONE DEL RISCHIO
C4: Rif. rischio | D4: Rischio | E4: Descrizione del rischio | F4: Chi è coinvolto nel rischio? (Amministrazione Titolare / Enti/Amministrazioni attuatrici) | G4: Il rischio è interno all'Amministrazione Centrale, esterno o frutto di collusione?
C5: ='1. Selezione'!A11 -> SR6 | D5: ='1. Selezione'!B11 -> Doppio finanziamento | E5: ='1. Selezione'!C11 -> I proponenti presentano per la stessa iniziativa progettuale una richiesta di finanziamento a valere su due o più fondi del bilancio dell'UE e/o dello Stato Membro, omettendo deliberatamente di dichiarare tali richieste | F5: ='1. Selezione'!D11 -> Amministrazione Titolare / Soggetti Attuatori | G5: ='1. Selezione'!E11 -> Esterno
A8: RISCHIO LORDO | D8: CONTROLLI ESISTENTI | K8: RISCHIO NETTO
A9: Impatto del rischio (LORDO) | B9: Probabilità del rischio (LORDO) | C9: Rischio complessivo (LORDO) | D9: Rif. controllo | E9: Descrizione del controllo | F9: Può dimostrare il funzionamento di questo controllo? | G9: Effettua regolarmente un test di questo controllo? | H9: Quanto ritiene che sia efficace questo controllo? | I9: Effetto dei controlli combinati sull'IMPATTO del rischio considerando i livelli di fiducia | J9: Effetto dei controlli combinati sulla PROBABILITÀ del rischio considerando i livelli di fiducia | K9: Impatto del rischio (NETTO) | L9: Probabilità del rischio (NETTO) | M9: Rischio complessivo attuale (NETTO)
D10: SC 6.1 | E10: L’Amministrazione Titolare prevede controlli incrociati, volti ad identificare situazioni di doppio finanziamento, tramite l’utilizzo di banche dati pubbliche e private nazionali e internazionali (ad es.: ReGIS, Arachne, Piaf), nonché qualsiasi altra informazione pertinente a disposizione delle istituzioni e, in caso di esito positivo, ne approfondisce le motivazioni
D11: SC 6.2 | E11: L’Amministrazione Titolare svolge in maniera continuativa tutti i controlli ordinari previsti dalla normativa vigente
D12: SC 6.3 | E12: L’Amministrazione Titolare archivia tutta la documentazione atta a comprovare l’effettivo e regolare svolgimento dei controlli
D13: SC 6.4 | E13: L’Amministrazione Titolare verifica la veridicità, correttezza e coerenza delle dichiarazioni rilasciate in merito al doppio finanziamento
D14: SC 6.5 | E14: L’Amministrazione Titolare in caso di sospetto doppio finanziamento richiede ulteriore documentazione ai potenziali Soggetti attuatori
A17: RISCHIO NETTO | D17: PIANO D'AZIONE | K17: RISCHIO PREVISTO
A18: Impatto del rischio (NETTO) | B18: Probabilità del rischio (NETTO) | C18: Rischio complessivo attuale (NETTO) | D18: Nuovo controllo in programma | F18: Responsabile | G18: Termine ultimo per l'attuazione | I18: Effetto dei controlli combinati in programma sul nuovo IMPATTO del rischio (NETTO) | J18: Effetto dei controlli combinati in programma sulla nuova PROBABILITÀ del rischio (NETTO) | K18: Impatto del rischio (PREVISTO) | L18: Probabilità del rischio (PREVISTO) | M18: Rischio complessivo (PREVISTO)
A19: =K10 -> 0 | B19: =L10 -> 0 | C19: =M10 -> 0 | K19: =A19+I19 -> 0 | L19: =B19+J19 -> 0 | M19: =K19*L19 -> 0
B51: 1 | C51: -1
B52: 2 | C52: -2
B53: 3 | C53: -3
B54: 4 | C54: -4
B55: 5 | C55: -5

Sheet SR7
C3: DESCRIZIONE DEL RISCHIO
C4: Rif. rischio | D4: Rischio | E4: Descrizione del rischio | F4: Chi è coinvolto nel rischio? (Amministrazione Titolare / Enti/Amministrazioni attuatrici) | G4: Il rischio è interno all'Amministrazione Centrale, esterno o frutto di collusione?
C5: ='1. Selezione'!A12 -> SR7 | D5: ='1. Selezione'!B12 -> Inadeguata applicazione dei criteri di selezione dei "progetti in essere" | E5: ='1. Selezione'!C12 -> Deliberata ed inadeguata attività istruttoria finalizzata a non garantire la coerenza con i criteri di selezione e gli obiettivi del PNRR, nonchè la conformità e l'effettivo rispetto delle regole, degli obblighi e dei principi del PNRR stabiliti dalla normativa nazionale e comunitaria di riferimento al fine di favorire un partecipante | F5: ='1. Selezione'!D12 -> Amministrazione Titolare / Soggetti Attuatori | G5: ='1. Selezione'!E12 -> Interno / Collusione
A8: RISCHIO LORDO | D8: CONTROLLI ESISTENTI | K8: RISCHIO NETTO
A9: Impatto del rischio (LORDO) | B9: Probabilità del rischio (LORDO) | C9: Rischio complessivo (LORDO) | D9: Rif. controllo | E9: Descrizione del controllo | F9: Può dimostrare il funzionamento di questo controllo? | G9: Effettua regolarmente un test di questo controllo? | H9: Quanto ritiene che sia efficace questo controllo? | I9: Effetto dei controlli combinati sull'IMPATTO del rischio considerando i livelli di fiducia | J9: Effetto dei controlli combinati sulla PROBABILITÀ del rischio considerando i livelli di fiducia | K9: Impatto del rischio (NETTO) | L9: Probabilità del rischio (NETTO) | M9: Rischio complessivo attuale (NETTO)
C10: =A10*B10 -> 0 | D10: SC 7.1 | E10: L’Amministrazione Titolare dispone delle check-list customizzate in funzione della specifica misura, al fine di definire requisiti oggettivi (principio del DNSH nonché i principi trasversali), improntati alla trasparenza e, per quanto possibile, alla limitazione di criteri di soggettività, connessi al dispositivo di finanziamento | K10: =A10+I10 -> 0 | L10: =B10+J10 -> 0 | M10: =K10*L10 -> 0
D11: SC 7.2 | E11: L’Amministrazione Titolare definisce le modalità e i criteri per la predisposizione e l’approvazione dei bandi di gara
A14: RISCHIO NETTO | D14: PIANO D'AZIONE | K14: RISCHIO PREVISTO
A15: Impatto del rischio (NETTO) | B15: Probabilità del rischio (NETTO) | C15: Rischio complessivo attuale (NETTO) | D15: Nuovo controllo in programma | F15: Responsabile | G15: Termine ultimo per l'attuazione | I15: Effetto dei controlli combinati in programma sul nuovo IMPATTO del rischio (NETTO) | J15: Effetto dei controlli combinati in programma sulla nuova PROBABILITÀ del rischio (NETTO) | K15: Impatto del rischio (PREVISTO) | L15: Probabilità del rischio (PREVISTO) | M15: Rischio complessivo (PREVISTO)
A16: =K10 -> 0 | B16: =L10 -> 0 | C16: =M10 -> 0 | K16: =A16+I16 -> 0 | L16: =B16+J16 -> 0 | M16: =K16*L16 -> 0
B48: 1 | C48: -1
B49: 2 | C49: -2
B50: 3 | C50: -3
B51: 4 | C51: -4
B52: 5 | C52: -5

Sheet SR8
C3: DESCRIZIONE DEL RISCHIO
C4: Rif. rischio | D4: Rischio | E4: Descrizione del rischio | F4: Chi è coinvolto nel rischio? (Amministrazione Titolare / Enti/Amministrazioni attuatrici) | G4: Il rischio è interno all'Amministrazione Titolare, esterno o frutto di collusione?
C5: ='1. Selezione'!A13 -> SR8 | D5: ='1. Selezione'!B13 -> Mancato rispetto della normativa sugli Aiuti di Stato, con particolare riferimento alla dimensione di impresa e al de minimis | E5: ='1. Selezione'!C13 -> Deliberato e mancato rispetto della normativa vigente in materia di Aiuti di Stato e/o mancata presentazione della documentazione necessaria alla valutazione di conformità alla relativa normativa, nonchè deliberata presentazione di documentazione incompleta o non corretta finalizzata a dare o ricevere un aiuto maggiore di quello previsto dalla normativa vigente | F5: ='1. Selezione'!D13 -> Amministrazione Titolare / Soggetti Attuatori | G5: ='1. Selezione'!E13 -> Esterno
A8: RISCHIO LORDO | D8: CONTROLLI ESISTENTI | K8: RISCHIO NETTO
A9: Impatto del rischio (LORDO) | B9: Probabilità del rischio (LORDO) | C9: Rischio complessivo (LORDO) | D9: Rif. controllo | E9: Descrizione del controllo | F9: Può dimostrare il funzionamento di questo controllo? | G9: Effettua regolarmente un test di questo controllo? | H9: Quanto ritiene che sia efficace questo controllo? | I9: Effetto dei controlli combinati sull'IMPATTO del rischio considerando i livelli di fiducia | J9: Effetto dei controlli combinati sulla PROBABILITÀ del rischio considerando i livelli di fiducia | K9: Impatto del rischio (NETTO) | L9: Probabilità del rischio (NETTO) | M9: Rischio complessivo attuale (NETTO)
C10: =A10*B10 -> 0 | D10: SC 8.1 | E10: L’Amministrazione Titolare riscontra attraverso il supporto di apposite check-list la presenza di tutta la documentazione necessaria per la verifica riguardo il rispetto alla normativa vigente in materia di Aiuti di Stato | K10: =A10+I10 -> 0 | L10: =B10+J10 -> 0 | M10: =K10*L10 -> 0
A13: RISCHIO NETTO | D13: PIANO D'AZIONE | K13: RISCHIO PREVISTO
A14: Impatto del rischio (NETTO) | B14: Probabilità del rischio (NETTO) | C14: Rischio complessivo attuale (NETTO) | D14: Nuovo controllo in programma | F14: Responsabile | G14: Termine ultimo per l'attuazione | I14: Effetto dei controlli combinati in programma sul nuovo IMPATTO del rischio (NETTO) | J14: Effetto dei controlli combinati in programma sulla nuova PROBABILITÀ del rischio (NETTO) | K14: Impatto del rischio (PREVISTO) | L14: Probabilità del rischio (PREVISTO) | M14: Rischio complessivo (PREVISTO)
A15: =K10 -> 0 | B15: =L10 -> 0 | C15: =M10 -> 0 | K15: =A15+I15 -> 0 | L15: =B15+J15 -> 0 | M15: =K15*L15 -> 0
B47: 1 | C47: -1
B48: 2 | C48: -2
B49: 3 | C49: -3
B50: 4 | C50: -4
B51: 5 | C51: -5

Sheet SR9
C3: DESCRIZIONE DEL RISCHIO
C4: Rif. rischio | D4: Rischio | E4: Descrizione del rischio | F4: Chi è coinvolto nel rischio? (Amministrazione Titolare / Enti/Amministrazioni attuatrici) | G4: Il rischio è interno all'Amministrazione Titolare, esterno o frutto di collusione?
C5: ='1. Selezione'!A14 -> SR9 | D5: ='1. Selezione'!B14 -> Processo di selezione dei progetti e/o dei Soggetti Attuatori incompleto/inadeguato | E5: ='1. Selezione'!C14 -> Il processo di selezione dei progetti e/o dei Soggetti Attuatori non garantisce adeguatamente l'assenza di frodi perché l’Ufficio dell’Amministrazione Titolare responsabile della selezione e/o la Commissione di Valutazione non dispongono delle risorse e/o delle competenze adeguate in materia | F5: ='1. Selezione'!D14 -> Amministrazione Titolare / Soggetti Attuatori | G5: ='1. Selezione'!E14 -> Esterno
A8: RISCHIO LORDO | D8: CONTROLLI ESISTENTI | K8: RISCHIO NETTO
A9: Impatto del rischio (LORDO) | B9: Probabilità del rischio (LORDO) | C9: Rischio complessivo (LORDO) | D9: Rif. controllo | E9: Descrizione del controllo | F9: Può dimostrare il funzionamento di questo controllo? | G9: Effettua regolarmente un test di questo controllo? | H9: Quanto ritiene che sia efficace questo controllo? | I9: Effetto dei controlli combinati sull'IMPATTO del rischio considerando i livelli di fiducia | J9: Effetto dei controlli combinati sulla PROBABILITÀ del rischio considerando i livelli di fiducia | K9: Impatto del rischio (NETTO) | L9: Probabilità del rischio (NETTO) | M9: Rischio complessivo attuale (NETTO)
C10: =A10*B10 -> 0 | D10: SC 9.1 | E10: L’Amministrazione Titolare garantisce che ci sia un corretto dimensionamento tra i progetti da esaminare e le risorse delegate all’Ufficio della selezione | K10: =A10+I10 -> 0 | L10: =B10+J10 -> 0 | M10: =K10*L10 -> 0
D11: SC 9.2 | E11: L’Amministrazione Titolare garantisce che il personale dell’Ufficio della selezione e i membri delle Commissioni di Valutazione è adeguatamente qualificato ed esperto, oltre ad essere provvisto di una formazione aggiornata in materia di sensibilizzazione alle frodi e ai conflitti di interesse
A14: RISCHIO NETTO | D14: PIANO D'AZIONE | K14: RISCHIO PREVISTO
A15: Impatto del rischio (NETTO) | B15: Probabilità del rischio (NETTO) | C15: Rischio complessivo attuale (NETTO) | D15: Nuovo controllo in programma | F15: Responsabile | G15: Termine ultimo per l'attuazione | I15: Effetto dei controlli combinati in programma sul nuovo IMPATTO del rischio (NETTO) | J15: Effetto dei controlli combinati in programma sulla nuova PROBABILITÀ del rischio (NETTO) | K15: Impatto del rischio (PREVISTO) | L15: Probabilità del rischio (PREVISTO) | M15: Rischio complessivo (PREVISTO)
A16: =K10 -> 0 | B16: =L10 -> 0 | C16: =M10 -> 0 | K16: =A16+I16 -> 0 | L16: =B16+J16 -> 0 | M16: =K16*L16 -> 0
B48: 1 | C48: -1
B49: 2 | C49: -2
B50: 3 | C50: -3
B51: 4 | C51: -4
B52: 5 | C52: -5

Sheet SR10
C3: DESCRIZIONE DEL RISCHIO
C4: Rif. rischio | D4: Rischio | E4: Descrizione del rischio | F4: Chi è coinvolto nel rischio? (Amministrazione Titolare / Enti/Amministrazioni attuatrici) | G4: Il rischio è interno all'Amministrazione Titolare, esterno o frutto di collusione?
C5: SR10 | D5: Conflitti di interesse da parte del destinatario dei fondi | E5: ='1. Selezione'!C15 -> Il destinatario dei fondi detiene un interesse privato di natura finanziaria, economica o derivante da particolari legami di parentela, affinità, convivenza o frequentazione abituale con i soggetti titolari dell’azione amministrativa finalizzata a condizionare le modalità di ammissione a finanziamento dell'iniziativa che potrebbe porsi in contrasto con l’interesse pubblico | F5: Amministrazione Titolare / Soggetti attuatori | G5: ='1. Selezione'!E10 -> Esterno
A8: RISCHIO LORDO | D8: CONTROLLI ESISTENTI | K8: RISCHIO NETTO
A9: Impatto del rischio (LORDO) | B9: Probabilità del rischio (LORDO) | C9: Rischio complessivo (LORDO) | D9: Rif. controllo | E9: Descrizione del controllo | F9: Può dimostrare il funzionamento di questo controllo? | G9: Effettua regolarmente un test di questo controllo? | H9: Quanto ritiene che sia efficace questo controllo? | I9: Effetto dei controlli combinati sull'IMPATTO del rischio considerando i livelli di fiducia | J9: Effetto dei controlli combinati sulla PROBABILITÀ del rischio considerando i livelli di fiducia | K9: Impatto del rischio (NETTO) | L9: Probabilità del rischio (NETTO) | M9: Rischio complessivo attuale (NETTO)
A10: 4 | B10: 2 | C10: 8 | D10: SC 10.1 | E10: L’Amministrazione Titolare fornisce istruzioni ai Soggetti Attuatori sull’effettiva adozione e attuazione da parte di quest’ultimi di politiche volte a contrastare la corruzione e il conflitto d’interesse | F10: SI | G10: SI | H10: MEDIO | I10: -1 | J10: -1 | K10: =A10+I10 -> 3 | L10: =B10+J10 -> 1 | M10: =K10*L10 -> 3
D11: SC 10.2 | E11: L’Amministrazione Titolare richiede al Soggetto Attuatore il rilascio di una dichiarazione attestante l’assenza di conflitto di interessi | F11: SI | G11: SI | H11: MEDIO
D12: SC 10.3 | E12: L’Ufficio di rendicontazione e controllo richiede l’evidenza, da parte della struttura dell’Amministrazione Titolare deputata alla selezione delle candidature, dell’effettiva adozione e attuazione di politiche volte a contrastare la corruzione e il conflitto d’interesse | F12: N.A. | G12: N.A. | H12: N.A.
D13: SC 10.4 | E13: L'Amministrazione Titolare fornisce orientamenti chiari e una formazione ai propri membri sull'etica, sui conflitti di interessi e sulle conseguenze della mancata adesione alle linee guida approvate | F13: SI | G13: SI | H13: MEDIO
D14: SC 10.5 | E14: L’Amministrazione Titolare adotta un Codice Etico che contempla le principali regole di condotta del personale (ad es. Codice di comportamento dei dipendenti pubblici – patto di integrità) | F14: SI | G14: SI | H14: MEDIO
D15: SC 10.6 | E15: L’Amministrazione Titolare compila apposite Check List per l'autocontrollo dell'assenza di conflitto di interessi | F15: SI | G15: SI | H15: MEDIO
A16: organizzativo | B16: discrezionalità
A17: reputazione
A18: immagine
A19: RISCHIO NETTO | D19: PIANO D'AZIONE | K19: RISCHIO PREVISTO
A20: Impatto del rischio (NETTO) | B20: Probabilità del rischio (NETTO) | C20: Rischio complessivo attuale (NETTO) | D20: Nuovo controllo in programma | F20: Responsabile | G20: Termine ultimo per l'attuazione | I20: Effetto dei controlli combinati in programma sul nuovo IMPATTO del rischio (NETTO) | J20: Effetto dei controlli combinati in programma sulla nuova PROBABILITÀ del rischio (NETTO) | K20: Impatto del rischio (PREVISTO) | L20: Probabilità del rischio (PREVISTO) | M20: Rischio complessivo (PREVISTO)
A21: =K10 -> 3 | B21: =L10 -> 1 | C21: =M10 -> 3 | K21: =A21+I21 -> 3 | L21: =B21+J21 -> 1 | M21: =K21*L21 -> 3
B53: 1 | C53: -1
B54: 2 | C54: -2
B55: 3 | C55: -3
B56: 4 | C56: -4
B57: 5 | C57: -5

Sheet SR11
C3: DESCRIZIONE DEL RISCHIO
C4: Rif. rischio | D4: Rischio | E4: Descrizione del rischio | F4: Chi è coinvolto nel rischio? (Amministrazione Titolare / Enti/Amministrazioni attuatrici) | G4: Il rischio è interno all'Amministrazione Titolare, esterno o frutto di collusione?
C5: SR11 | D5: Doppio finanziamento | E5: ='1. Selezione'!C16 -> L'Amministrazione Titolare / Soggetti Attuatori presentano per la stessa iniziativa progettuale una richiesta di finanziamento a valere su due o più fondi del bilancio dell'UE e/o dello Stato Membro omettendo deliberatamente di dichiarare tali richieste | F5: Amministrazione Titolare / Soggetti Attuatori | G5: Interno
A8: RISCHIO LORDO | D8: CONTROLLI ESISTENTI | K8: RISCHIO NETTO
A9: Impatto del rischio (LORDO) | B9: Probabilità del rischio (LORDO) | C9: Rischio complessivo (LORDO) | D9: Rif. controllo | E9: Descrizione del controllo | F9: Può dimostrare il funzionamento di questo controllo? | G9: Effettua regolarmente un test di questo controllo? | H9: Quanto ritiene che sia efficace questo controllo? | I9: Effetto dei controlli combinati sull'IMPATTO del rischio considerando i livelli di fiducia | J9: Effetto dei controlli combinati sulla PROBABILITÀ del rischio considerando i livelli di fiducia | K9: Impatto del rischio (NETTO) | L9: Probabilità del rischio (NETTO) | M9: Rischio complessivo attuale (NETTO)
A10: 2 | B10: 2 | C10: 4 | D10: SC 11.1 | E10: L’Amministrazione Titolare/Soggetto attuatore prevede controlli incrociati, volti ad identificare situazioni di doppio finanziamento, tramite l’utilizzo di banche dati pubbliche e private nazionali e internazionali (ad es.: ReGiS, Arachne, Piaf), nonché qualsiasi altra informazione pertinente a disposizione delle istituzioni e, in caso di esito positivo, ne approfondisce le motivazioni | F10: SI | G10: SI | H10: MEDIO | I10: -1 | J10: -1 | K10: 1 | L10: 1 | M10: 1
D11: SC 11.2 | E11: L’Amministrazione Titolare/Soggetto attuatore svolge in maniera continuativa tutti i controlli ordinari previsti dalla normativa vigente | F11: SI | G11: SI | H11: MEDIO
D12: SC 11.3 | E12: L’Amministrazione Titolare/Soggetto attuatore archivia tutta la documentazione atta a comprovare l’effettivo e regolare svolgimento dei controlli | F12: SI | G12: SI | H12: MEDIO
D13: SC 11.4 | E13: L’Amministrazione Titolare/Soggetto attuatore verifica la veridicità, correttezza e coerenza delle dichiarazioni rilasciate in merito al doppio finanziamento | F13: SI | G13: SI | H13: MEDIO
D14: SC 11.5 | E14: L’Amministrazione Titolare/Soggetto attuatore in caso di sospetto doppio finanziamento richiede ulteriore documentazione al Soggetto responsabile della progettualità in esame | F14: SI | G14: SI | H14: MEDIO
D15: SC 11.6 | E15: L’Amministrazione Titolare/Soggetto attuatore compila apposite Check List per l’autocontrollo sia delle procedure di selezione degli interventi e dei soggetti attuatori che per l'assenza di doppio finanziamento | F15: SI | G15: SI | H15: MEDIO
A16: economico / finanziario | B16: discrezionalità
A18: RISCHIO NETTO | D18: PIANO D'AZIONE | K18: RISCHIO PREVISTO
A19: Impatto del rischio (NETTO) | B19: Probabilità del rischio (NETTO) | C19: Rischio complessivo attuale (NETTO) | D19: Nuovo controllo in programma | F19: Responsabile | G19: Termine ultimo per l'attuazione | I19: Effetto dei controlli combinati in programma sul nuovo IMPATTO del rischio (NETTO) | J19: Effetto dei controlli combinati in programma sulla nuova PROBABILITÀ del rischio (NETTO) | K19: Impatto del rischio (PREVISTO) | L19: Probabilità del rischio (PREVISTO) | M19: Rischio complessivo (PREVISTO)
A20: =K10 -> 1 | B20: =L10 -> 1 | C20: =M10 -> 1 | K20: =A20+I20 -> 1 | L20: =B20+J20 -> 1 | M20: =K20*L20 -> 1
B52: 1 | C52: -1
B53: 2 | C53: -2
B54: 3 | C54: -3
B55: 4 | C55: -4
B56: 5 | C56: -5

Sheet SR12
C3: DESCRIZIONE DEL RISCHIO
C4: Rif. rischio | D4: Rischio | E4: Descrizione del rischio | F4: Chi è coinvolto nel rischio? (Amministrazione Titolare / Enti/Amministrazioni attuatrici) | G4: Il rischio è interno all'Amministrazione Titolare, esterno o frutto di collusione?
C5: SR12 | D5: Irregolarità nel processo di selezione dei progetti da ammettere a finanziamento | E5: ='1. Selezione'!C17 -> Nel processo di selezione dei progetti da ammettere a finanziamento e/o nella distribuzione geografica degli stessi tra i Soggetti Attuatori (individuati ex lege dalla normativa), non è garantita la coerenza con i criteri di selezione e gli obiettivi/principi PNRR, al fine di favorire un destinatario | F5: Amministrazione Titolare / Soggetti Attuatori | G5: Interno/Collusione
A8: RISCHIO LORDO | D8: CONTROLLI ESISTENTI | K8: RISCHIO NETTO
A9: Impatto del rischio (LORDO) | B9: Probabilità del rischio (LORDO) | C9: Rischio complessivo (LORDO) | D9: Rif. controllo | E9: Descrizione del controllo | F9: Può dimostrare il funzionamento di questo controllo? | G9: Effettua regolarmente un test di questo controllo? | H9: Quanto ritiene che sia efficace questo controllo? | I9: Effetto dei controlli combinati sull'IMPATTO del rischio considerando i livelli di fiducia | J9: Effetto dei controlli combinati sulla PROBABILITÀ del rischio considerando i livelli di fiducia | K9: Impatto del rischio (NETTO) | L9: Probabilità del rischio (NETTO) | M9: Rischio complessivo attuale (NETTO)
A10: 3 | B10: 3 | C10: =A10*B10 -> 9 | D10: SC 12.1 | E10: L’Amministrazione Titolare definisce chiaramente ed esaustivamente gli aspetti da sottoporre a controllo (Check List) e prevede la compilazione di apposite Check List per l’autocontrollo delle procedure di selezione degli interventi edei Soggetti Attuatori | F10: SI | G10: SI | H10: ALTO | I10: -1 | J10: -2 | K10: =A10+I10 -> 2 | L10: =B10+J10 -> 1 | M10: =K10*L10 -> 2
D11: SC 12.2 | E11: Archiviazione di tutta la documentazione comprovante le attività svolte, gli esiti del controllo e degli eventuali follow up | F11: SI | G11: SI | H11: MEDIO
D12: SC 12.3 | E12: L’Amministrazione Titolare garantisce che il personale coinvolto nelle procedure di selezione sia adeguatamente qualificato, esperto ed adeguatamente aggiornato mediante lo svolgimento di specifiche attività formative | F12: SI | G12: SI | H12: MEDIO
A13: economico / finanziario | B13: interessi esterni
A14: strategico | B14: discrezionalità
A15: RISCHIO NETTO | D15: PIANO D'AZIONE | K15: RISCHIO PREVISTO
A16: Impatto del rischio (NETTO) | B16: Probabilità del rischio (NETTO) | C16: Rischio complessivo attuale (NETTO) | D16: Nuovo controllo in programma | F16: Responsabile | G16: Termine ultimo per l'attuazione | I16: Effetto dei controlli combinati in programma sul nuovo IMPATTO del rischio (NETTO) | J16: Effetto dei controlli combinati in programma sulla nuova PROBABILITÀ del rischio (NETTO) | K16: Impatto del rischio (PREVISTO) | L16: Probabilità del rischio (PREVISTO) | M16: Rischio complessivo (PREVISTO)
A17: =K10 -> 2 | B17: =L10 -> 1 | C17: =M10 -> 2 | K17: =A17+I17 -> 2 | L17: =B17+J17 -> 1 | M17: =K17*L17 -> 2
B49: 1 | C49: -1
B50: 2 | C50: -2
B51: 3 | C51: -3
B52: 4 | C52: -4
B53: 5 | C53: -5

Sheet 2. Attuazione e verifica
A2: 2: VALUTAZIONE DELL'ESPOSIZIONE A RISCHI DI FRODE SPECIFICI - ATTUAZIONE DEL PIANO E VERIFICA DELLE ATTIVITA'
A4: DESCRIZIONE DEL RISCHIO
A5: Rif. rischio | B5: Rischio | C5: Descrizione del rischio | D5: Descrizione dettagliata del rischio | E5: Chi è coinvolto nel rischio? (Amministrazione Titolare / Enti/Amministrazioni attuatrici/ Soggetti Attuatori/Terzi) | F5: Il rischio è interno all'Amministrazione Titolare, esterno o frutto di collusione? | G5: L'Amministrazione Titolare è esposta a questo rischio? | H5: Motivare la risposta, se negativa
A6: Attuazione - rischi relativi ad appalti pubblici per contratti aggiudicati e gestiti dai Soggetti attuatori/Amministrazioni titolari (nel caso di attuazione diretta)
A7: AV1 | B7: Conflitto di interessi occulto o pagamenti illeciti | C7: Un membro del personale dell'Amministrazione Titolare (nel caso di attuazione diretta) o Amministrazione Attuatrice o Soggetto Attuatore favorisce un candidato / offerente perché: - si è verificato un conflitto di interessi non dichiarato oppure - sono stati versati pagamenti illeciti e tangenti | D7: 1) Può accadere che i Soggetti attuatori/Amministrazioni Titolari (nel caso di attuazione diretta) aggiudichino contratti di subappalto a terzi nei confronti dei quali un membro del personale nutre un interesse, sia esso di carattere finanziario o di altro genere. Analogamente, le organizzazioni non possono rendere integralmente noti tutti i conflitti di interesse quando si candidano per un contratto; oppure 2) può accadere che terzi che si sono candidati per un contratto paghino somme illecite e tangenti aI Soggetti attuatori/Amministrazioni titolari (nel caso di attuazione diretta) per influenzare l'aggiudicazione | E7: Amministrazione Titolare / Soggetti Attuatori | F7: Esterno | G7: Y
A8: AV2 | B8: Elusione della procedura di gara obbligatoria | C8: Una Amministrazione Titolare (nel caso di attuazione diretta) o Amministrazione Attuatrice o Soggetto Attuatore elude la procedura di gara obbligatoria, allo scopo di favorire un determinato candidato per l'aggiudicazione o il mantenimento di un contratto, mediante: - il frazionamento delle acquisizioni, o - l'assegnazione ingiustificata dell'appalto ad un solo fornitore, o - la mancata organizzazione di una gara d'appalto, o - la proroga irregolare del contratto | D8: 1) Può accadere che i Soggetti attuatori/Amministrazioni Titolari (nel caso di attuazione diretta) frazionino un'acquisizione in due o più ordini di acquisto o contratti al fine di evitare di dover bandire una procedura di gara o una verifica della gestione di livello superiore o 2) che i Soggetti attuatori/Amministrazioni titolari (nel caso di attuazione diretta) falsifichino il motivo per cui hanno aggiudicato i contratti ad un solo fornitore definendo specifiche molto restrittive o 3) aggiudichino contratti a terzi favoriti senza effettuare la gara d'appalto richiesta o 4) proroghino le durate originarie dei contratti, mediante l'inserimento di una clausola contrattuale o di una condizione supplementare, al fine di evitare una nuova gara d'appalto | E8: Amministrazione Titolare / Soggetti Attuatori | F8: Esterno | G8: Y
A9: AV3 | B9: Manipolazione della gara d'appalto obbligatoria | C9: Un membro del personale di una Amministrazione titolare (nel caso di attuazione diretta) o Amministrazione Attuatrice o Soggetto Attuatore favorisce un offerente in una procedura di gara mediante: - specifiche atte a favorire le turbative d'asta; - la divulgazione dei dati relativi alle offerte, o - la manipolazione delle offerte | D9: 1) Può accadere che Soggetti attuatori/Amministrazioni titolari (nel caso di attuazione diretta) "personalizzino" le richieste di offerte o di proposte in modo che esse prevedano specifiche che corrispondono appositamente alle qualifiche di un particolare offerente o che solo un offerente può soddisfare. È possibile che vengano richieste specifiche eccessivamente restrittive per escludere altri offerenti qualificati o 2) che il personale di un Soggetto attuatore/Amministrazione titolare (nel caso di attuazione diretta) addetto alla definizione del progetto o alla valutazione delle offerte divulghi informazioni riservate per aiutare un offerente favorito a formulare una proposta tecnica o finanziaria migliore (bilanci di previsioni, soluzioni preferite o dettagli sulle offerte concorrenti) o 3) che i beneficiari manipolino le offerte dopo averle ricevute per favorire la selezione di un offerente favorito | E9: Amministrazione Titolare / Soggetti Attuatori | F9: Esterno | G9: Y
A10: AV4 | B10: Offerte concordate | C10: Gli offerenti manipolano la procedura di appalto organizzata da una Amministrazione titolare (nel caso di attuazione diretta) o Amministrazione Attuatrice o Soggetto Attuatore al fine di aggiudicarsi un contratto attraverso la collusione con altri offerenti o predisponendo offerte fittizie: - offerte concordate, comprese quelle presentate da aziende collegate tra loro, o - fornitori fantasma di servizi | D10: 1) Può accadere che terzi appartenenti a una particolare area geografica, regione o settore agiscano in collusione per sconfiggere annullare la concorrenza e aumentare i prezzi mediante il ricorso a vari sistemi di offerte concordate, quali offerte complementari, rotazione delle offerte, soppressione delle offerte e divisione del mercato, oppure 2) facciano partecipare un fornitore "fantasma" di servizi al fine di presentare offerte complementari che rientrano nell'ambito di offerte concordate, gonfiare i costi o semplicemente generare fatture fittizie. Inoltre, è possibile che un dipendente del Soggetto attuatore/Amministrazione titolare (nel caso di attuazione diretta) autorizzi pagamenti a favore di un fornitore fittizio al fine di appropriarsi indebitamente di finanziamenti. | E10: Terzi | F10: Esterno | G10: Y
A11: AV5 | B11: Offerta incompleta | C11: Un offerente manipola la procedura di gara omettendo di specificare taluni costi nella propria offerta | D11: Può accadere che vi siano terzi che non indichino nelle loro offerte dati completi, aggiornati e precisi in merito ai costi o ai prezzi, causando l'aumento del prezzo dell'appalto | E11: Terzi | F11: Esterno | G11: Y
A12: AV6 | B12: Omissione di controlli obbligatori in fase di stipula | C12: Referenti dell'Amministrazione titolare (nel caso di attuazione diretta) o Amministrazione Attuatrice o Soggetto Attuatore, in accordo con l'aggiudicatario, acconsentono all'attenuazione / omissione di controlli in fase di perfezionamento contrattuale per evitare l'acquisizione di atti/elementi che implicherebbero l'esclusione dalla procedura di gara | D12: In fase di perfezionamento del Contratto, può accadere che il personale del Soggetto attuatore/Amministrazione titolare (nel caso di attuazione diretta) - in accordo con l'aggiudicatario - acconsenta all'attenuazione / omissione di controlli in fase di perfezionamento contrattuale (ad es.: sul possesso dei requisiti di gara) per evitare l'acquisizione di atti/elementi che implicherebbero l'esclusione dalla procedura di gara | E12: Amministrazione Titolare / Soggetti Attuatori / Terzi | F12: Esterno | G12: Y
A13: AV7 | B13: Manipolazione delle dichiarazioni di spesa | C13: Un offerente manipola fatture o dichiarazioni di spesa al fine di sovraccaricare i costi o di ricaricare quelli sostenuti. - Duplicazione delle dichiarazioni di spesa da parte di un singolo offerente, o - Fatture false, gonfiate o duplicate | D13: 1) Può accadere che un terzo al quale siano stati assegnati più ordini di lavoro di natura analoga carichi gli stessi costi relativi al personale, le tasse o le spese su diversi contratti o 2) che vi siano terzi che presentano deliberatamente fatture false, gonfiate o duplicate, sia agendo isolatamente sia in collusione con il personale dell'ente appaltante | E13: Soggetti Attuatori / Terzi | F13: Esterno | G13: Y
A14: AV8 | B14: Mancata consegna o sostituzione di prodotti | C14: Gli aggiudicatari violano le condizioni contrattali qualora non consegnino i prodotti concordati oppure li alterino o li sostituiscano con merce di qualità inferiore. - Sostituzione di prodotti, o - Assenza dei prodotti o prestazione dei servizi non conforme a quanto convenuto | D14: 1) Può accadere che terzi sostituiscano i prodotti specificati nel contratto con altri di qualità inferiore o che non soddisfino le specifiche contrattuali e poi dichiarino il falso, asserendo di averle soddisfatte, e che i Soggetti attuatori/Amministrazioni titolari (nel caso di attuazione diretta) siano complici in tale frode o 2) alcuni o tutti i prodotti o servizi oggetto della consegna in base ai termini contrattuali non vengano consegnati o resi, o che il contratto sia stato deliberatamente eseguito in modo non conforme a quanto convenuto | E14: Amministrazione Titolare / Soggetti Attuatori / Terzi | F14: Esterno | G14: Y
A15: AV9 | B15: Modifica di un contratto esistente | C15: Amministrazione Titolare (nel caso di attuazione diretta) o Amministrazione Attuatrice o Soggetto Attuatore e un aggiudicatario si accordano per modificare i contenuti del format di contratto esistente stabilendo in sede di stipula condizioni più favorevoli per il terzo in misura tale da invalidare la decisione originaria di aggiudicazione dell'appalto | D15: Può accadere che la modifica venga apportata ad avvenuta stipulazione del contratto tra un Soggetto attuatore/Amministrazione titolare (nel caso di attuazione diretta) e un terzo e che alteri i termini/le condizioni contrattuali in misura tale che la decisione originaria di aggiudicazione dell'appalto non possa più essere valida | E15: Amministrazione Titolare / Soggetti Attuatori / Terzi | F15: Esterno | G15: Y
A16: Attuazione - rischi relativi ai costi della manodopera sostenuti da Soggetti attuatori/Amministrazioni titolari (nel caso di attuazione diretta) o terzi
A17: AV10 | B17: Sopravvalutazione della qualità o delle attività del personale | C17: Un offerente sopravvaluta intenzionalmente la qualità del personale fornito o delle attività svolte per rivendicare le relative spese come costi ammissibili. - Manodopera non sufficientemente qualificata o - Descrizioni approssimative delle attività da assegnare al personale | D17: 1) Può accadere che un Soggetto attuatore/Amministrazione titolare (nel caso di attuazione diretta) o un terzo proponga una squadra di personale adeguatamente qualificato per una gara d'appalto al solo scopo di svolgere il lavoro con una manodopera non sufficientemente qualificata, oppure 2) falsifichi deliberatamente le descrizioni delle mansioni svolte dal personale affinché le spese rivendicate rendicontate siano considerate costi ammissibili | E17: Amministrazione Titolare / Soggetti Attuatori / Terzi | F17: Esterno | G17: Y
A18: AV11 | B18: Costi di manodopera/personale fittizi | C18: il Soggetto Attuatore o Soggetto realizzatore dichiara costi di manodopera/personale fittizi per attività che non vengono svolte o non sono state svolte conformemente ai termini contrattuali. - Costi di manodopera fittizi, o - Mancata retribuzione degli straordinari, o - Dichiarazione di tariffe orarie errate, o - Dichiarazione di costi relativi a personale inesistente, o - Dichiarazione di costi relativi al personale per attività che si sono svolte al di fuori del periodo di esecuzione del contratto | D18: 1) Può accadere che un Soggetto attuatore (nel caso di attuazione diretta) o un terzo dichiarino deliberatamente costi di manodopera/personale fittizi "gonfiando" il numero delle ore di lavoro dei formatori o falsificando i documenti che attestano l'esistenza di tali attività, quali fogli presenze e fatture per l'affitto delle aule per la formazione o 2) che un Soggetto attuatore o un terzo dichiarino deliberatamente che si sono svolte delle ore di lavoro straordinario per le quali non è stata erogata alcuna retribuzione al personale o 3) che un Soggetto attuatore o un terzo dichiarino deliberatamente costi relativi al personale eccessivamente onerosi indicando tariffe orarie false o un numero di ore effettive di lavoro non corrispondente alla realtà o 4) che un Soggetto attuatore o un terzo falsifichino la documentazione per rivendicare rendicontare costi relativi a personale che non è stato impiegato o a personale inesistente o 5) che un Soggetto attuatore o un terzo falsifichino deliberatamente la documentazione per indurre a credere che abbiano sostenuto dei costi durante il periodo di esecuzione del contratto | E18: Amministrazione Titolare / Soggetti Attuatori / Soggetti realizzatori / Terzi | F18: Esterno | G18: Y
A19: AV12 | B19: Costi di manodopera ripartiti di proposito tra progetti specifici finanzianti da fonti diverse | C19: Il Soggetto Attuatore/Soggetto realizzatore ripartisce di proposito i costi relativi al personale tra progetti dell'UE e progetti finanziati da altre fonti | D19: Può accedere che un Soggetto attuatore ripartisca deliberatamente in modo errato i costi relativi al personale tra progetti dell'UE e progetti finanziati da altre fonti | E19: Amministrazione Titolare / Soggetti Attuatori / Soggetti realizzatori | F19: Esterno | G19: Y
G36: Y
G37: N

Sheet AV1
C3: DESCRIZIONE DEL RISCHIO
C4: Rif. rischio | D4: Rischio | E4: Descrizione del rischio | F4: Chi è coinvolto nel rischio? (Amministrazione Titolare / Enti/Amministrazioni attuatrici Soggetti Attuatori/Terzi) | G4: Il rischio è interno all'Amministrazione Titolare, esterno o frutto di collusione?
C5: ='2. Attuazione e verifica'!A7 -> AV1 | D5: Conflitto di interessi occulto o pagamenti illeciti | E5: Un membro del personale dell'Amministrazione Titolare (nel caso di attuazione diretta) o Amministrazione Attuatrice o Soggetto Attuatore favorisce un candidato / offerente perché: - si è verificato un conflitto di interessi non dichiarato oppure - sono stati versati pagamenti illeciti e tangenti | F5: Amministrazione Titolare/Soggetti Attuatori | G5: Esterno
A8: RISCHIO LORDO | D8: CONTROLLI ESISTENTI | K8: RISCHIO NETTO
A9: Impatto del rischio (LORDO) | B9: Probabilità del rischio (LORDO) | C9: Rischio complessivo (LORDO) | D9: Rif. controllo | E9: Descrizione del controllo | F9: Può dimostrare il funzionamento di questo controllo? | G9: Effettua regolarmente un test di questo controllo? | H9: Quanto ritiene che sia efficace questo controllo? | I9: Effetto dei controlli combinati sull'IMPATTO del rischio considerando i livelli di fiducia | J9: Effetto dei controlli combinati sulla PROBABILITÀ del rischio considerando i livelli di fiducia | K9: Impatto del rischio (NETTO) | L9: Probabilità del rischio (NETTO) | M9: Rischio complessivo attuale (NETTO)
A10: 3 | B10: 2 | C10: =A10*B10 -> 6 | D10: Conflitto di interesse non dichiarato o pagamenti illeciti e tangenti | I10: 0 | J10: -1 | K10: =A10+I10 -> 3 | L10: =B10+J10 -> 1 | M10: =K10*L10 -> 3
D11: AVC 1.1 | E11: Le Commissioni di valutazione comprendono diversi membri del personale direttivo che si avvicendano a rotazione e vengono selezionati, con un certo grado di casualità, per partecipare a ciascuna Commissione di valutazione. I membri della Commissione posseggono i seguenti requisiti: - comprovata competenza ed esperienza nella tematica di interesse; - possesso dei requisiti di professionalità e onorabilità | F11: NO
D12: AVC 1.2 | E12: Tutte le aggiudicazioni dei contratti vengono sottoposte a verifica attraverso un meccanismo secondario diverso dall’Ufficio appalti (per es. personale direttivo dell'Amministrazione Centrale/Soggetto attuatore) in modo da verificare che per ciascun contratto le specifiche dell'offerta non siano eccessivamente restrittive o immotivatamente vaghe o carenti | F12: NO
D13: AVC 1.3 | E13: L'Amministrazione Titolare richiede, ove possibile, che i Soggetti attuatori attuino politiche in materia di conflitto di interessi, nonché rilascino dichiarazioni sull'assenza di conflitti di interesse, sulle relative verifiche e sull'archiviazione delle dichiarazioni rilasciate e delle verifiche svolte. L'Amministrazione Titolare verifica l’effettiva realizzazione di queste misure | F13: SI | G13: SI | H13: BASSO
D14: AVC 1.4 | E14: L’Amministrazione Titolare fornisce adeguate istruzioni affinché sia garantita nello svolgimento delle attività una adeguata indipendenza dei ruoli | F14: SI | G14: NO | H14: BASSO
D15: AVC 1.5 | E15: L’Amministrazione Titolare fornisce istruzioni per la corretta tenuta di un registro dei conflitti di interesse in cui archiviare tutte le dichiarazioni rese e verifica che le stesse siano aggiornate coerentemente con quanto previsto dalla normativa vigente | F15: NO
D16: AVC 1.6 | E16: L’Amministrazione attua una politica in materia di contrasto alla corruzione che prevede una dichiarazione di rispetto della clausola di pantouflage | F16: SI | G16: NO | H16: BASSO
D17: AVC 1.7 | E17: L'Amministrazione Titolare fornisce istruzioni per lo svolgimento di controlli sulle procedure di offerta, ad esempio mediante la valutazione del rispetto dei termini di presentazione, e ne verifica il funzionamento su un campione di bandi | F17: SI | G17: SI | H17: MEDIO
A18: immagine | B18: discrezionalità
A19: reputazionale
A20: RISCHIO NETTO | D20: PIANO D'AZIONE | K20: RISCHIO PREVISTO
A21: Impatto del rischio (NETTO) | B21: Probabilità del rischio (NETTO) | C21: Rischio complessivo attuale (NETTO) | D21: Nuovo controllo in programma | F21: Responsabile | G21: Termine ultimo per l'attuazione | I21: Effetto dei controlli combinati in programma sul nuovo IMPATTO del rischio (NETTO) | J21: Effetto dei controlli combinati in programma sulla nuova PROBABILITÀ del rischio (NETTO) | K21: Impatto del rischio (PREVISTO) | L21: Probabilità del rischio (PREVISTO) | M21: Rischio complessivo (PREVISTO)
A22: =K15 -> 0 | B22: =L15 -> 0 | C22: =M15 -> 0 | K22: =A22+I22 -> 0 | L22: =B22+J22 -> 0 | M22: =K22*L22 -> 0
B54: 1 | C54: -1
B55: 2 | C55: -2
B56: 3 | C56: -3
B57: 4 | C57: -4
B58: 5 | C58: -5

Sheet AV2
K2: 1
C3: DESCRIZIONE DEL RISCHIO | K3: 2
C4: Rif. rischio | D4: Rischio | E4: Descrizione del rischio | F4: Chi è coinvolto nel rischio? (Amministrazione Titolare / Enti/Amministrazioni attuatrici Soggetti Attuatori/Terzi) | G4: Il rischio è interno all'Amministrazione Titolare, esterno o frutto di collusione? | K4: 2
C5: ='2. Attuazione e verifica'!A8 -> AV2 | D5: ='2. Attuazione e verifica'!B8 -> Elusione della procedura di gara obbligatoria | E5: ='2. Attuazione e verifica'!C8 -> Una Amministrazione Titolare (nel caso di attuazione diretta) o Amministrazione Attuatrice o Soggetto Attuatore elude la procedura di gara obbligatoria, allo scopo di favorire un determinato candidato per l'aggiudicazione o il mantenimento di un contratto, mediante: - il frazionamento delle acquisizioni, o - l'assegnazione ingiustificata dell'appalto ad un solo fornitore, o - la mancata organizzazione di una gara d'appalto, o - la proroga irregolare del contratto | F5: ='2. Attuazione e verifica'!E8 -> Amministrazione Titolare / Soggetti Attuatori | G5: ='2. Attuazione e verifica'!F8 -> Esterno | K5: 4
A8: RISCHIO LORDO | D8: CONTROLLI ESISTENTI | K8: RISCHIO NETTO
A9: Impatto del rischio (LORDO) | B9: Probabilità del rischio (LORDO) | C9: Rischio complessivo (LORDO) | D9: Rif. controllo | E9: Descrizione del controllo | F9: Può dimostrare il funzionamento di questo controllo? | G9: Effettua regolarmente un test di questo controllo? | H9: Quanto ritiene che sia efficace questo controllo? | I9: Effetto dei controlli combinati sull'IMPATTO del rischio considerando i livelli di fiducia | J9: Effetto dei controlli combinati sulla PROBABILITÀ del rischio considerando i livelli di fiducia | K9: Impatto del rischio (NETTO) | L9: Probabilità del rischio (NETTO) | M9: Rischio complessivo attuale (NETTO)
A10: 3 | B10: 2 | C10: =A10*B10 -> 6 | D10: Frazionamento delle acquisizioni | I10: -1 | J10: -1 | K10: =A10+I10 -> 2 | L10: =B10+J10 -> 1 | M10: =K10*L10 -> 2
D11: AVC 2.1 | E11: L'Amministrazione Titolare fornisce indicazioni affinchè vengano esaminati un elenco di contratti proposti antecedentemente all'attuazione della Misura per quanto riguarda i contratti leggermente al di sotto dei valori di soglia | F11: NO
D12: AVC 2.2 | E12: L'Amministrazione Titolare richiede che le aggiudicazioni dei contratti vengano sottoposte a verifica attraverso un meccanismo secondario attuato dall’Amministrazione Titolare e diverso dalla Commissione di selezione (per es. il controllo viene svolto da personale direttivo in modo da verificare che per ciascun contratto siano state osservate le procedure di appalto previste dalla normativa) | F12: SI | G12: SI | H12: MEDIO
D13: AVC 2.3 | E13: L'Amministrazione Titolare fornisce istruzioni affinchè venga attuata una politica in materia di conflitto di interessi che preveda una dichiarazione e misure per garantirne l'osservanza. Inoltre, il personale dell’Amministrazione che ha proceduto alla suddivisione dell’appalto rilascia apposite dichiarazioni attestanti l’assenza del conflitto di interessi e di situazioni di incompatibilità prima dell’affidamento. | F13: SI | G13: NO | H13: BASSO
D14: AVC 2.4 | E14: L’Amministrazione Titolare dispone che vengano effettuate delle attività di controllo anche con il supporto delle check-list appositamente elaborate in base alle indicazioni dell’Autorità Nazionale Anticorruzione per la verifica di procedure non a evidenza pubblica | F14: SI | G14: SI | H14: MEDIO
D15: AVC 2.5 | E15: L’Amministrazione Titolare/Soggetto attuatore identifica i presupposti per il ricorso alla procedura di “assegnazione diretta”, adeguatamente motivata e documentata | F15: SI | G15: NO | H15: MEDIO
D16: Aggiudicazioni ingiustificate ad un singolo fornitore
D17: AVC 2.6 | E17: Le aggiudicazioni ad un singolo fornitore devono essere prima autorizzate dal personale direttivo dell'Amministrazione Centrale/Soggetto attuatore | F17: SI | G17: SI | H17: MEDIO
D18: AVC 2.7 | E18: L'Amministrazione Titolare fornisce indicazioni sulla politica in materia di conflitto di interessi che prevede una dichiarazione e misure per garantirne l'osservanza. Inoltre, il personale che ha proceduto all’assegnazione dell’appalto rilascia apposite dichiarazioni attestanti l’assenza del conflitto di interessi e di situazioni di incompatibilità prima dell’affidamento | F18: SI | G18: NO | H18: BASSO
D19: AVC 2.8 | E19: L’Amministrazione Titolare fornisce istruzioni sul controllo eventualmente anche con il supporto delle check-list appositamente elaborate in base alle indicazioni dell’Autorità Nazionale Anticorruzione per la verifica di procedura non a evidenza pubblica | F19: SI | G19: SI | H19: MEDIO
D20: AVC 2.9 | E20: L’Amministrazione Titolare fornisce indicazioni sul rispetto del principio di rotazione dei fornitori di beni, servizi e prestazioni di opera intellettuale, in caso di assegnazione diretta | F20: SI | G20: NO | H20: MEDIO
D21: AVC 2.10 | E21: L’Amministrazione Titolare definisce i criteri di rotazione e indipendenza delle responsabilità delle persone coinvolte nei processi di approvvigionamento accentrati presso le funzioni appositamente dedicate | F21: SI | G21: SI | H21: MEDIO
D22: Proroga irregolare del contratto
D23: AVC 2.11 | E23: L'Amministrazione Titolare richiede che tutti i Soggetti (attuatori, realizzatori) attuino politiche in materia di conflitto di interessi, nonché rilascino dichiarazioni e archivino le dichiarazioni rese e le verifiche svolte. L'Amministrazione Titolare verifica l’effettiva realizzazione di queste misure | F23: SI | G23: SI | H23: MEDIO
D24: AVC 2.12 | E24: L’Amministrazione Titolare forinisce indicazioni sulla verifica di situazioni maggiormente rilevanti che possono verificarsi nella fase esecutiva (es. modifica/proroga del contratto e varianti in corso d’opera) anche con il supporto delle check-list appositamente elaborate in base alle indicazioni dell’Autorità Nazionale Anticorruzione | F24: NO
D25: AVC 2.13 | E25: L’Amministrazione Titolare fornisce indicazioni affinchè modifiche contrattuali volte a prorogare un accordo originario al di là di una soglia significativa predefinita siano approvate secondo le procedure e nel rispetto dell'indipendenza delle funzioni | F25: SI | G25: NO | H25: BASSO
D26: AVC 2.14 | E26: L'Amministrazione Titolare effettua una verifica periodica su un campione di contratti al fine di garantire la corretta osservanza della procedura d'appalto | F26: SI | G26: SI | H26: MEDIO
A27: economico / finanziario | B27: interessi esterni
A28: reputazionale
A31: RISCHIO NETTO | D31: PIANO D'AZIONE | K31: RISCHIO PREVISTO
A32: Impatto del rischio (NETTO) | B32: Probabilità del rischio (NETTO) | C32: Rischio complessivo attuale (NETTO) | D32: Nuovo controllo in programma | F32: Responsabile | G32: Termine ultimo per l'attuazione | I32: Effetto dei controlli combinati in programma sul nuovo IMPATTO del rischio (NETTO) | J32: Effetto dei controlli combinati in programma sulla nuova PROBABILITÀ del rischio (NETTO) | K32: Impatto del rischio (PREVISTO) | L32: Probabilità del rischio (PREVISTO) | M32: Rischio complessivo (PREVISTO)
A33: =K10 -> 2 | B33: =L10 -> 1 | C33: =M10 -> 2 | K33: =A33+I33 -> 2 | L33: =B33+J33 -> 1 | M33: =K33*L33 -> 2
B65: 1 | C65: -1
B66: 2 | C66: -2
B67: 3 | C67: -3
B68: 4 | C68: -4
B69: 5 | C69: -5

Sheet AV3
C3: DESCRIZIONE DEL RISCHIO
C4: Rif. rischio | D4: Rischio | E4: Descrizione del rischio | F4: Chi è esposto al coinvolto nel rischio? (Amministrazione Titolare / Enti/Amministrazioni attuatrici Soggetti Attuatori/Terzi) | G4: Il rischio è interno all'Amministrazione Titolare, esterno o frutto di collusione?
C5: ='2. Attuazione e verifica'!A9 -> AV3 | D5: ='2. Attuazione e verifica'!B9 -> Manipolazione della gara d'appalto obbligatoria | E5: ='2. Attuazione e verifica'!C9 -> Un membro del personale di una Amministrazione titolare (nel caso di attuazione diretta) o Amministrazione Attuatrice o Soggetto Attuatore favorisce un offerente in una procedura di gara mediante: - specifiche atte a favorire le turbative d'asta; - la divulgazione dei dati relativi alle offerte, o - la manipolazione delle offerte | F5: ='2. Attuazione e verifica'!E9 -> Amministrazione Titolare / Soggetti Attuatori | G5: ='2. Attuazione e verifica'!F9 -> Esterno
A8: RISCHIO LORDO | D8: CONTROLLI ESISTENTI | K8: RISCHIO NETTO
A9: Impatto del rischio (LORDO) | B9: Probabilità del rischio (LORDO) | C9: Rischio complessivo (LORDO) | D9: Rif. controllo | E9: Descrizione del controllo | F9: Può dimostrare il funzionamento di questo controllo? | G9: Effettua regolarmente un test di questo controllo? | H9: Quanto ritiene che sia efficace questo controllo? | I9: Effetto dei controlli combinati sull'IMPATTO del rischio considerando i livelli di fiducia | J9: Effetto dei controlli combinati sulla PROBABILITÀ del rischio considerando i livelli di fiducia | K9: Impatto del rischio (NETTO) | L9: Probabilità del rischio (NETTO) | M9: Rischio complessivo attuale (NETTO)
A10: 3 | B10: 2 | C10: =A10*B10 -> 6 | D10: Specifiche atte a favorire le turbative d'asta | I10: -1 | J10: -1 | K10: =A10+I10 -> 2 | L10: =B10+J10 -> 1 | M10: =K10*L10 -> 2
D11: AVC 3.1 | E11: L’Amministrazione Titolare fornisce indicazioni per l'individuazione di soggetti con le adeguate competenze a supporto del personale interno per la predisposizione dei bandi di gara | F11: NO
D12: AVC 3.2 | E12: L’Amministrazione Titolare fornisce indicazioni per la definizione dei criteri e le relative modalità di valutazione delle offerte ricevute | F12: SI | G12: SI | H12: MEDIO
D13: AVC 3.3 | E13: L’Amministrazione Titolare fornisce indicazioni per l'utilizzo di criteri di valutazione delle offerte improntati alla trasparenza e, per quanto possibile, limitando i criteri di soggettività | F13: SI | G13: SI | H13: MEDIO
D14: AVC 3.4 | E14: L’Amministrazione Titolare fornisce indicazioni per la definizione di modalità e i criteri per la predisposizione e l’approvazione dei bandi di gara | F14: SI | G14: SI | H14: MEDIO
D15: Divulgazione di dati relativi alle offerte
D16: AVC 3.5 | E16: L'Amministrazione Titolare prevede un meccanismo secondario per lo svolgimento di un controllo a campione delle offerte vincitrici per verificare se gli aggiudicatari abbiano avuto modo di conoscere in anticipo delle informazioni sulle offerte concorrenti | F16: NO
D17: AVC 3.6 | E17: L'Amministrazione Titolare esige che venga garantito un livello elevato di trasparenza nell'aggiudicazione dei contratti, per esempio mediante la pubblicazione di tutte le informazioni relative ai contratti che non siano sensibili al pubblico | F17: SI | G17: SI | H17: MEDIO
D18: Manipolazione delle offerte
D19: AVC 3.7 | E19: L'Amministrazione Titolare richiede che la procedura d'appalto preveda una seduta trasparente di apertura delle offerte e opportune disposizioni di sicurezza per le offerte che non sono ancora state aperte | F19: SI | G19: SI | H19: MEDIO
D20: IC 4.12 | E20: L'Amministrazione Centrale/Soggetto attuatore ha istituito una Commissione secondaria incaricato di esaminare a campione le decisioni adottate durante lo svolgimento della gara d’appalto
D21: AVC 3.8 | E21: L'Amministrazione Titolare verifica a campione che la procedura di aggiudicazione dell'appalto rispetti le norme inderogabili previste dal Codice dei contratti pubblici | F21: SI | G21: SI | H21: MEDIO
A22: economico / finanziario | B22: interessi esterni
A23: reputazionale
A24: RISCHIO NETTO | D24: PIANO D'AZIONE | K24: RISCHIO PREVISTO
A25: Impatto del rischio (NETTO) | B25: Probabilità del rischio (NETTO) | C25: Rischio complessivo attuale (NETTO) | D25: Nuovo controllo in programma | F25: Responsabile | G25: Termine ultimo per l'attuazione | I25: Effetto dei controlli combinati in programma sul nuovo IMPATTO del rischio (NETTO) | J25: Effetto dei controlli combinati in programma sulla nuova PROBABILITÀ del rischio (NETTO) | K25: Impatto del rischio (PREVISTO) | L25: Probabilità del rischio (PREVISTO) | M25: Rischio complessivo (PREVISTO)
A26: =K10 -> 2 | B26: =L10 -> 1 | C26: =M10 -> 2 | K26: =A26+I26 -> 2 | L26: =B26+J26 -> 1 | M26: =K26*L26 -> 2
B58: 1 | C58: -1
B59: 2 | C59: -2
B60: 3 | C60: -3
B61: 4 | C61: -4
B62: 5 | C62: -5

Sheet AV4
C3: DESCRIZIONE DEL RISCHIO
C4: Rif. rischio | D4: Rischio | E4: Descrizione del rischio | F4: Chi è coinvolto nel rischio? (Amministrazione Titolare / Enti/Amministrazioni attuatrici Soggetti Attuatori/Terzi) | G4: Il rischio è interno all'Amministrazione Titolare, esterno o frutto di collusione?
C5: ='2. Attuazione e verifica'!A10 -> AV4 | D5: ='2. Attuazione e verifica'!B10 -> Offerte concordate | E5: ='2. Attuazione e verifica'!C10 -> Gli offerenti manipolano la procedura di appalto organizzata da una Amministrazione titolare (nel caso di attuazione diretta) o Amministrazione Attuatrice o Soggetto Attuatore al fine di aggiudicarsi un contratto attraverso la collusione con altri offerenti o predisponendo offerte fittizie: - offerte concordate, comprese quelle presentate da aziende collegate tra loro, o - fornitori fantasma di servizi | F5: ='2. Attuazione e verifica'!E10 -> Terzi | G5: ='2. Attuazione e verifica'!F10 -> Esterno
A8: RISCHIO LORDO | D8: CONTROLLI ESISTENTI | K8: RISCHIO NETTO
A9: Impatto del rischio (LORDO) | B9: Probabilità del rischio (LORDO) | C9: Rischio complessivo (LORDO) | D9: Rif. controllo | E9: Descrizione del controllo | F9: Può dimostrare il funzionamento di questo controllo? | G9: Effettua regolarmente un test di questo controllo? | H9: Quanto ritiene che sia efficace questo controllo? | I9: Effetto dei controlli combinati sull'IMPATTO del rischio considerando i livelli di fiducia | J9: Effetto dei controlli combinati sulla PROBABILITÀ del rischio considerando i livelli di fiducia | K9: Impatto del rischio (NETTO) | L9: Probabilità del rischio (NETTO) | M9: Rischio complessivo attuale (NETTO)
A10: 3 | B10: 2 | C10: =A10*B10 -> 6 | D10: Offerte concordate | I10: -1 | J10: -1 | K10: =A10+I10 -> 2 | L10: =B10+J10 -> 1 | M10: =K10*L10 -> 2
D11: AVC 4.1 | E11: L'Amministrazione Titolare prevede che vengano attuati dei controlli per rilevare l'eventuale presenza di dati relativi alle offerte costantemente elevate o inconsuete (per esempio tramite valutatori di offerte che abbiano una buona conoscenza del mercato) e di rapporti inusuali tra terzi (per esempio la rotazione dei contratti) | F11: NO
D12: AVC 4.2 | E12: L'Amministrazione Titolare fornisce istruzioni affinchè venga adottata una comparazione di riferimento dei prezzi per prodotti o servizi standard | F12: NO
D13: AVC 4.3 | E13: L'Amministrazione Titolare prevede che venga impartita adeguata formazione per il personale sulla prevenzione e sul rilevamento di condotte fraudolente nell'ambito degli appalti pubblici | F13: SI | G13: SI | H13: MEDIO
D14: AVC 4.4 | E14: L’Amministrazione Titolare verifica la possibilità che le aziende che partecipano ad un appalto siano collegate tra loro (gestione, titolari, ecc.) mediante l'utilizzo di strumenti open source o di ARACHNE o banche dati nazionali e internazionali (ad esempio attraverso l’analisi delle visure camerali) | F14: SI | G14: SI | H14: MEDIO
D15: AVC 4.5 | E15: L’Amministrazione Titolare prevede che vengano effettuate verifiche se le aziende che avevano preso parte a un appalto siano poi divenute appaltatrici o subappaltatrici dell'offerente vincitore | F15: NO
D16: Fornitori fantasma di servizi
D17: AVC 4.6 | E17: L'Amministrazione Titolare prevede che siano condotti controlli generali nei confronti di tutti i terzi/fornitori richiedendo la trasmissione di una visura camerale dell’ultimo bilancio approvato nonché la rilevazione del titolare effettivo | F17: SI | G17: SI | H17: MEDIO
D18: AVC 4.7 | E18: L'Amministrazione Titolare prevede che siano effettuati controlli incrociati, adeguatamente documentati, tramite l’utilizzo di banche dati pubbliche e private nazionali e internazionali, nonché qualsiasi altra informazione pertinente a disposizione delle istituzioni | F18: SI | G18: SI | H18: MEDIO
A19: organizzativo / strategico | B19: interessi esterni
A20: economico / finanziario
A21: RISCHIO NETTO | D21: PIANO D'AZIONE | K21: RISCHIO PREVISTO
A22: Impatto del rischio (NETTO) | B22: Probabilità del rischio (NETTO) | C22: Rischio complessivo attuale (NETTO) | D22: Nuovo controllo in programma | F22: Responsabile | G22: Termine ultimo per l'attuazione | I22: Effetto dei controlli combinati in programma sul nuovo IMPATTO del rischio (NETTO) | J22: Effetto dei controlli combinati in programma sulla nuova PROBABILITÀ del rischio (NETTO) | K22: Impatto del rischio (PREVISTO) | L22: Probabilità del rischio (PREVISTO) | M22: Rischio complessivo (PREVISTO)
A23: =K10 -> 2 | B23: =L10 -> 1 | C23: =M10 -> 2 | K23: =A23+I23 -> 2 | L23: =B23+J23 -> 1 | M23: =K23*L23 -> 2
B55: 1 | C55: -1
B56: 2 | C56: -2
B57: 3 | C57: -3
B58: 4 | C58: -4
B59: 5 | C59: -5

Sheet AV5
C3: DESCRIZIONE DEL RISCHIO
C4: Rif. rischio | D4: Rischio | E4: Descrizione del rischio | F4: Chi è coinvolto nel rischio? (Amministrazione Titolare / Enti/Amministrazioni attuatrici Soggetti Attuatori/Terzi) | G4: Il rischio è interno all'Amministrazione Centrale, esterno o frutto di collusione?
C5: ='2. Attuazione e verifica'!A11 -> AV5 | D5: ='2. Attuazione e verifica'!B11 -> Offerta incompleta | E5: ='2. Attuazione e verifica'!C11 -> Un offerente manipola la procedura di gara omettendo di specificare taluni costi nella propria offerta | F5: ='2. Attuazione e verifica'!E11 -> Terzi | G5: ='2. Attuazione e verifica'!F11 -> Esterno
A8: RISCHIO LORDO | D8: CONTROLLI ESISTENTI | K8: RISCHIO NETTO
A9: Impatto del rischio (LORDO) | B9: Probabilità del rischio (LORDO) | C9: Rischio complessivo (LORDO) | D9: Rif. controllo | E9: Descrizione del controllo | F9: Può dimostrare il funzionamento di questo controllo? | G9: Effettua regolarmente un test di questo controllo? | H9: Quanto ritiene che sia efficace questo controllo? | I9: Effetto dei controlli combinati sull'IMPATTO del rischio considerando i livelli di fiducia | J9: Effetto dei controlli combinati sulla PROBABILITÀ del rischio considerando i livelli di fiducia | K9: Impatto del rischio (NETTO) | L9: Probabilità del rischio (NETTO) | M9: Rischio complessivo attuale (NETTO)
A10: 3 | B10: 2 | C10: =A10*B10 -> 6 | D10: AVC 5.1 | E10: L'Amministrazione Titolare fornisce indicazioni affinchè siano attuati dei controlli per confermare i prezzi preventivati dai terzi mediante il confronto con altre fonti indipendenti | F10: NO | I10: -1 | J10: -1 | K10: =A10+I10 -> 2 | L10: =B10+J10 -> 1 | M10: =K10*L10 -> 2
D11: AVC 5.2 | E11: L'Amministrazione Titolare prevede o fornisce indicazioni affinchè vengano impiegati costi unitari standard da parte degli offerenti per le forniture regolarmente acquistate | F11: SI | G11: NO | H11: BASSO
D12: AVC 5.3 | E12: L’Amministrazione Titolare definisce criteri e relative modalità di valutazione della congruità del valore economico dell'offerta (rispetto, ad esempio, ai costi del lavoro e della sicurezza prospettabili con riferimento alle prestazioni oggetto del contratto) e, qualora questo appaia anormalmente basso, preveda l'esame delle giustificazioni scritte e della relativa documentazione a corredo richiesta all'offerente | F12: SI | G12: NO | H12: MEDIO
D13: AVC 5.4 | E13: L’Amministrazione Titolare/Soggetto attuatore compila apposite Check List per l’autocontrollo della procedura di gara relative, tra l'altro, anche alla congruità/completezza dell'offerta | F13: SI | G13: SI | H13: MEDIO
A14: organizzativo | B14: interessi esterni
A15: economico / finanziario
A16: RISCHIO NETTO | D16: PIANO D'AZIONE | K16: RISCHIO PREVISTO
A17: Impatto del rischio (NETTO) | B17: Probabilità del rischio (NETTO) | C17: Rischio complessivo attuale (NETTO) | D17: Nuovo controllo in programma | F17: Responsabile | G17: Termine ultimo per l'attuazione | I17: Effetto dei controlli combinati in programma sul nuovo IMPATTO del rischio (NETTO) | J17: Effetto dei controlli combinati in programma sulla nuova PROBABILITÀ del rischio (NETTO) | K17: Impatto del rischio (PREVISTO) | L17: Probabilità del rischio (PREVISTO) | M17: Rischio complessivo (PREVISTO)
A18: =K10 -> 2 | B18: =L10 -> 1 | C18: =M10 -> 2 | K18: =A18+I18 -> 2 | L18: =B18+J18 -> 1 | M18: =K18*L18 -> 2
B50: 1 | C50: -1
B51: 2 | C51: -2
B52: 3 | C52: -3
B53: 4 | C53: -4
B54: 5 | C54: -5

Sheet AV6
C3: DESCRIZIONE DEL RISCHIO
C4: Rif. rischio | D4: Rischio | E4: Descrizione del rischio | F4: Chi è coinvolto nel rischio? (Amministrazione Titolare/ Enti/Amministrazioni attuatrici Soggetti Attuatori/Terzi) | G4: Il rischio è interno all'Amministrazione Titolare, esterno o frutto di collusione?
C5: ='2. Attuazione e verifica'!A12 -> AV6 | D5: ='2. Attuazione e verifica'!B12 -> Omissione di controlli obbligatori in fase di stipula | E5: ='2. Attuazione e verifica'!C12 -> Referenti dell'Amministrazione titolare (nel caso di attuazione diretta) o Amministrazione Attuatrice o Soggetto Attuatore, in accordo con l'aggiudicatario, acconsentono all'attenuazione / omissione di controlli in fase di perfezionamento contrattuale per evitare l'acquisizione di atti/elementi che implicherebbero l'esclusione dalla procedura di gara | F5: ='2. Attuazione e verifica'!E12 -> Amministrazione Titolare / Soggetti Attuatori / Terzi | G5: ='2. Attuazione e verifica'!F12 -> Esterno
A8: RISCHIO LORDO | D8: CONTROLLI ESISTENTI | K8: RISCHIO NETTO
A9: Impatto del rischio (LORDO) | B9: Probabilità del rischio (LORDO) | C9: Rischio complessivo (LORDO) | D9: Rif. controllo | E9: Descrizione del controllo | F9: Può dimostrare il funzionamento di questo controllo? | G9: Effettua regolarmente un test di questo controllo? | H9: Quanto ritiene che sia efficace questo controllo? | I9: Effetto dei controlli combinati sull'IMPATTO del rischio considerando i livelli di fiducia | J9: Effetto dei controlli combinati sulla PROBABILITÀ del rischio considerando i livelli di fiducia | K9: Impatto del rischio (NETTO) | L9: Probabilità del rischio (NETTO) | M9: Rischio complessivo attuale (NETTO)
A10: 3 | B10: 2 | C10: =A10*B10 -> 6 | D10: AVC 6.1 | E10: L’Amministrazione Titolare dispone che siano effettuati i controlli in fase di perfezionamento contrattuale attraverso l’utilizzo di check-list specifiche per ogni tipologia di affidamento | F10: SI | G10: SI | H10: MEDIO | I10: -1 | J10: -1 | K10: =A10+I10 -> 2 | L10: =B10+J10 -> 1 | M10: =K10*L10 -> 2
D11: AVC 6.2 | E11: L’Amministrazione Titolare fornisce istruzioni affinchè sia inserito nelle clausole finalizzate a garantire il rispetto delle procedure di appalto, un riferimento generico alla normativa di settore al fine di stabilire preventivamente i controlli da effettuare in fase di perfezionamento contrattuale | F11: SI | G11: SI | H11: MEDIO
D12: AVC 6.3 | E12: L'Amministrazione Titolare/Soggetto attuatore (avvalendosi ove necessario dell'Amministrazione Titolare) effettua controlli incrociati, adeguatamente documentati, tramite l’utilizzo di banche dati pubbliche e private nazionali e internazionali - nonché qualsiasi altra informazione pertinente a disposizione delle istituzioni - in materia di titolarità effettiva dei Soggetti realizzatori | F12: SI | G12: SI | H12: MEDIO
A13: organizzativo | B13: informatizzazione
A14: immagine
A15: RISCHIO NETTO | D15: PIANO D'AZIONE | K15: RISCHIO PREVISTO
A16: Impatto del rischio (NETTO) | B16: Probabilità del rischio (NETTO) | C16: Rischio complessivo attuale (NETTO) | D16: Nuovo controllo in programma | F16: Responsabile | G16: Termine ultimo per l'attuazione | I16: Effetto dei controlli combinati in programma sul nuovo IMPATTO del rischio (NETTO) | J16: Effetto dei controlli combinati in programma sulla nuova PROBABILITÀ del rischio (NETTO) | K16: Impatto del rischio (PREVISTO) | L16: Probabilità del rischio (PREVISTO) | M16: Rischio complessivo (PREVISTO)
A17: =K10 -> 2 | B17: =L10 -> 1 | C17: =M10 -> 2 | K17: =A17+I17 -> 2 | L17: =B17+J17 -> 1 | M17: =K17*L17 -> 2
B49: 1 | C49: -1
B50: 2 | C50: -2
B51: 3 | C51: -3
B52: 4 | C52: -4
B53: 5 | C53: -5

Sheet AV7
C3: DESCRIZIONE DEL RISCHIO
C4: Rif. rischio | D4: Rischio | E4: Descrizione del rischio | F4: Chi è coinvolto nel rischio? (Amministrazione Titolare / Enti/Amministrazioni attuatrici Soggetti Attuatori/Terzi) | G4: Il rischio è interno all'Amministrazione Titolare, esterno o frutto di collusione?
C5: ='2. Attuazione e verifica'!A13 -> AV7 | D5: ='2. Attuazione e verifica'!B13 -> Manipolazione delle dichiarazioni di spesa | E5: ='2. Attuazione e verifica'!C13 -> Un offerente manipola fatture o dichiarazioni di spesa al fine di sovraccaricare i costi o di ricaricare quelli sostenuti. - Duplicazione delle dichiarazioni di spesa da parte di un singolo offerente, o - Fatture false, gonfiate o duplicate | F5: ='2. Attuazione e verifica'!E13 -> Soggetti Attuatori / Terzi | G5: ='2. Attuazione e verifica'!F13 -> Esterno
A8: RISCHIO LORDO | D8: CONTROLLI ESISTENTI | K8: RISCHIO NETTO
A9: Impatto del rischio (LORDO) | B9: Probabilità del rischio (LORDO) | C9: Rischio complessivo (LORDO) | D9: Rif. controllo | E9: Descrizione del controllo | F9: Può dimostrare il funzionamento di questo controllo? | G9: Effettua regolarmente un test di questo controllo? | H9: Quanto ritiene che sia efficace questo controllo? | I9: Effetto dei controlli combinati sull'IMPATTO del rischio considerando i livelli di fiducia | J9: Effetto dei controlli combinati sulla PROBABILITÀ del rischio considerando i livelli di fiducia | K9: Impatto del rischio (NETTO) | L9: Probabilità del rischio (NETTO) | M9: Rischio complessivo attuale (NETTO)
D10: Duplicazioni delle dichiarazioni di spesa
A11: 3 | B11: 2 | C11: =A11*B11 -> 6 | D11: AVC 7.1 | E11: L'Amministrazione Titolare prevede che siano verificate le relazioni di attività e le risultanze del contratto a dimostrazione dei costi (per es. nomi dei membri del personale) e che, a termine di contratto, possa richiedere ulteriori prove a sostegno (per es. sistemi di registrazione dei tempi) | F11: NO | I11: 0 | J11: -1 | K11: =A11+I11 -> 3 | L11: =B11+J11 -> 1 | M11: =K11*L11 -> 3
D12: Fatture false, gonfiate o duplicate
D13: AVC 7.2 | E13: L'Amministrazione Titolare prevede la verifica delle fatture inviate per rilevare eventuali duplicazioni (per es. fatture multiple con lo stesso importo, numeri delle fatture, ecc.) o falsificazioni | F13: SI | G13: SI | H13: ALTO
D14: AVC 7.3 | E14: L'Amministrazione Titolare prevede che vi sia un confronto tra il prezzo finale dei prodotti / servizi con il bilancio e con i prezzi generalmente accettati per contratti analoghi | F14: NO
D15: AVC 7.4 | E15: L'Amministrazione Titolare prevede che sia svolta una verifica periodica sulle risultanze dei progetti per confrontarne i relativi costi, al fine di stabilire se i lavori siano stati portati a termine o le spese necessarie siano state sostenute | F15: SI | G15: SI | H15: MEDIO
D16: AVC 7.5 | E16: L’Amministrazione Titolare prevede la trasmissione di relazioni specifiche sullo stato di attuazione dell’opera/servizio/fornitura | F16: SI | G16: SI | H16: MEDIO
D17: AVC 7.6 | E17: L'Amministrazione Titolare/Soggetto Attuatore verifica la documentazione relativa alle spese e ai pagamenti attraverso apposite Check List di controllo/autocontrollo | F17: SI | G17: SI | H17: ALTO
A18: organizzativo | B18: interessi esterni
A19: economico / finanziario
A20: RISCHIO NETTO | D20: PIANO D'AZIONE | K20: RISCHIO PREVISTO
A21: Impatto del rischio (NETTO) | B21: Probabilità del rischio (NETTO) | C21: Rischio complessivo attuale (NETTO) | D21: Nuovo controllo in programma | F21: Responsabile | G21: Termine ultimo per l'attuazione | I21: Effetto dei controlli combinati in programma sul nuovo IMPATTO del rischio (NETTO) | J21: Effetto dei controlli combinati in programma sulla nuova PROBABILITÀ del rischio (NETTO) | K21: Impatto del rischio (PREVISTO) | L21: Probabilità del rischio (PREVISTO) | M21: Rischio complessivo (PREVISTO)
A22: =K11 -> 3 | B22: =L11 -> 1 | C22: =M11 -> 3 | K22: =A22+I22 -> 3 | L22: =B22+J22 -> 1 | M22: =K22*L22 -> 3
B54: 1 | C54: -1
B55: 2 | C55: -2
B56: 3 | C56: -3
B57: 4 | C57: -4
B58: 5 | C58: -5

Sheet AV8
C3: DESCRIZIONE DEL RISCHIO
C4: Rif. rischio | D4: Rischio | E4: Descrizione del rischio | F4: Chi è coinvolto nel rischio? (Amministrazione Titolare / Enti/Amministrazioni attuatrici Soggetti Attuatori/Terzi) | G4: Il rischio è interno all'Amministrazione Titolare, esterno o frutto di collusione?
C5: ='2. Attuazione e verifica'!A14 -> AV8 | D5: ='2. Attuazione e verifica'!B14 -> Mancata consegna o sostituzione di prodotti | E5: ='2. Attuazione e verifica'!C14 -> Gli aggiudicatari violano le condizioni contrattali qualora non consegnino i prodotti concordati oppure li alterino o li sostituiscano con merce di qualità inferiore. - Sostituzione di prodotti, o - Assenza dei prodotti o prestazione dei servizi non conforme a quanto convenuto | F5: ='2. Attuazione e verifica'!E14 -> Amministrazione Titolare / Soggetti Attuatori / Terzi | G5: ='2. Attuazione e verifica'!F14 -> Esterno
A8: RISCHIO LORDO | D8: CONTROLLI ESISTENTI | K8: RISCHIO NETTO
A9: Impatto del rischio (LORDO) | B9: Probabilità del rischio (LORDO) | C9: Rischio complessivo (LORDO) | D9: Rif. controllo | E9: Descrizione del controllo | F9: Può dimostrare il funzionamento di questo controllo? | G9: Effettua regolarmente un test di questo controllo? | H9: Quanto ritiene che sia efficace questo controllo? | I9: Effetto dei controlli combinati sull'IMPATTO del rischio considerando i livelli di fiducia | J9: Effetto dei controlli combinati sulla PROBABILITÀ del rischio considerando i livelli di fiducia | K9: Impatto del rischio (NETTO) | L9: Probabilità del rischio (NETTO) | M9: Rischio complessivo attuale (NETTO)
A10: 3 | B10: 2 | C10: =A10*B10 -> 6 | D10: Sostituzione di prodotti | I10: -1 | J10: -1 | K10: =A10+I10 -> 2 | L10: =B10+J10 -> 1 | M10: =K10*L10 -> 2
D11: AVC 8.1 | E11: L'Amministrazione Titolare prevede, avvalendolsi di esperti del settore, di verificare che i prodotti /servizi acquistati corrispondano alle specifiche contrattuali | F11: SI | G11: SI | H11: MEDIO
D12: AVC 8.2 | E12: L'Amministrazione Titolare prevede che vengano eseguiti controlli su un campione di progetti per verificare che le relazioni di attività e i prodotti/servizi acquistati corrispondano alle specifiche contrattuali | F12: SI | G12: SI | H12: MEDIO
D13: Assenza dei prodotti
D14: AVC 8.3 | E14: L'Amministrazione Titolare prevede che gli aggiudicatari richiedano certificati relativi ai lavori o altri tipi di certificati di verifica, rilasciati da un terzo indipendente ad avvenuta esecuzione del contratto | F14: SI | G14: SI | H14: ALTO
D15: AVC 8.4 | E15: L'Amministrazione Titolare prevede controlli sui certificati relativi ai lavori o altri tipi di certificati di verifica da rilasciare ad avvenuta esecuzione del contratto | F15: SI | G15: SI | H15: MEDIO
D16: Fornitura di prodotti non avendo la titolarità
D17: AVC 8.5 | E17: L'Amministrazione Titolare prevede controlli sui certificati relativi ai prodotti o altri tipi di certificati di verifica (brevetti, diritti di sfruttamento) | F17: SI | G17: NO | H17: BASSO
D18: AVC 8.6 | E18: L’Amministrazione Titolare prevede che sia effettuata una verifica sull'esistenza e disponibilità dei beni/servizi oggetto dell’offerta | F18: SI | G18: SI | H18: MEDIO
A19: organizzativo | B19: interessi esterni
A20: economico / finanziario
A21: RISCHIO NETTO | D21: PIANO D'AZIONE | K21: RISCHIO PREVISTO
A22: Impatto del rischio (NETTO) | B22: Probabilità del rischio (NETTO) | C22: Rischio complessivo attuale (NETTO) | D22: Nuovo controllo in programma | F22: Responsabile | G22: Termine ultimo per l'attuazione | I22: Effetto dei controlli combinati in programma sul nuovo IMPATTO del rischio (NETTO) | J22: Effetto dei controlli combinati in programma sulla nuova PROBABILITÀ del rischio (NETTO) | K22: Impatto del rischio (PREVISTO) | L22: Probabilità del rischio (PREVISTO) | M22: Rischio complessivo (PREVISTO)
A23: =K10 -> 2 | B23: =L10 -> 1 | C23: =M10 -> 2 | K23: =A23+I23 -> 2 | L23: =B23+J23 -> 1 | M23: =K23*L23 -> 2
B55: 1 | C55: -1
B56: 2 | C56: -2
B57: 3 | C57: -3
B58: 4 | C58: -4
B59: 5 | C59: -5

Sheet AV9
C3: DESCRIZIONE DEL RISCHIO
C4: Rif. rischio | D4: Rischio | E4: Descrizione del rischio | F4: Chi è coinvolto nel rischio? (Amministrazione Titolare / Enti/Amministrazioni attuatrici Soggetti Attuatori/Terzi) | G4: Il rischio è interno all'Amministrazione Titolare, esterno o frutto di collusione?
C5: ='2. Attuazione e verifica'!A15 -> AV9 | D5: ='2. Attuazione e verifica'!B15 -> Modifica di un contratto esistente | E5: ='2. Attuazione e verifica'!C15 -> Amministrazione Titolare (nel caso di attuazione diretta) o Amministrazione Attuatrice o Soggetto Attuatore e un aggiudicatario si accordano per modificare i contenuti del format di contratto esistente stabilendo in sede di stipula condizioni più favorevoli per il terzo in misura tale da invalidare la decisione originaria di aggiudicazione dell'appalto | F5: ='2. Attuazione e verifica'!E15 -> Amministrazione Titolare / Soggetti Attuatori / Terzi | G5: ='2. Attuazione e verifica'!F15 -> Esterno
A8: RISCHIO LORDO | D8: CONTROLLI ESISTENTI | K8: RISCHIO NETTO
A9: Impatto del rischio (LORDO) | B9: Probabilità del rischio (LORDO) | C9: Rischio complessivo (LORDO) | D9: Rif. controllo | E9: Descrizione del controllo | F9: Può dimostrare il funzionamento di questo controllo? | G9: Effettua regolarmente un test di questo controllo? | H9: Quanto ritiene che sia efficace questo controllo? | I9: Effetto dei controlli combinati sull'IMPATTO del rischio considerando i livelli di fiducia | J9: Effetto dei controlli combinati sulla PROBABILITÀ del rischio considerando i livelli di fiducia | K9: Impatto del rischio (NETTO) | L9: Probabilità del rischio (NETTO) | M9: Rischio complessivo attuale (NETTO)
A10: 3 | B10: 2 | C10: =A10*B10 -> 6 | D10: AVC 9.1 | E10: L'Amministrazione Titolare prevede, nel rispetto del principio di indipendenza e separatezza delle funzioni, che la procedura di modifica del contratto richieda l'approvazione di un funzionario di alto grado che sia indipendente dal processo di selezione e rispetti i relativi poteri autorizzativi | F10: SI | G10: SI | H10: ALTO | I10: 0 | J10: -1 | K10: =A10+I10 -> 3 | L10: =B10+J10 -> 1 | M10: =K10*L10 -> 3
D11: AVC 9.2 | E11: L’Amministrazione Titolare prevede che venga effettuato un controllo anche eventualmente con il supporto delle check-list elaborate in base alle indicazioni dell’Autorità Nazionale Anticorruzione, per la verifica di situazioni maggiormente rilevanti che possono verificarsi nella fase esecutiva (es. modifica del contratto e varianti in corso d’opera) | F11: SI | G11: SI | H11: ALTO
A12: organizzativo | B12: interessi esterni
A13: economico / finanziario
A14: RISCHIO NETTO | D14: PIANO D'AZIONE | K14: RISCHIO PREVISTO
A15: Impatto del rischio (NETTO) | B15: Probabilità del rischio (NETTO) | C15: Rischio complessivo attuale (NETTO) | D15: Nuovo controllo in programma | F15: Responsabile | G15: Termine ultimo per l'attuazione | I15: Effetto dei controlli combinati in programma sul nuovo IMPATTO del rischio (NETTO) | J15: Effetto dei controlli combinati in programma sulla nuova PROBABILITÀ del rischio (NETTO) | K15: Impatto del rischio (PREVISTO) | L15: Probabilità del rischio (PREVISTO) | M15: Rischio complessivo (PREVISTO)
A16: =K10 -> 3 | B16: =L10 -> 1 | C16: =M10 -> 3 | K16: =A16+I16 -> 3 | L16: =B16+J16 -> 1 | M16: =K16*L16 -> 3
B48: 1 | C48: -1
B49: 2 | C49: -2
B50: 3 | C50: -3
B51: 4 | C51: -4
B52: 5 | C52: -5

Sheet AV10
C3: DESCRIZIONE DEL RISCHIO
C4: Rif. rischio | D4: Rischio | E4: Descrizione del rischio | F4: Chi è coinvolto nel rischio? (Amministrazione Titolare / Enti/Amministrazioni attuatrici Soggetti Attuatori/Terzi) | G4: Il rischio è interno all'Amministrazione Titolare, esterno o frutto di collusione?
C5: ='2. Attuazione e verifica'!A17 -> AV10 | D5: Sopravvalutazione della qualità o delle attività del personale | E5: Un offerente sopravvaluta intenzionalmente la qualità del personale fornito o delle attività svolte per rivendicare le relative spese come costi ammissibili. - Manodopera non sufficientemente qualificata o - Descrizioni approssimative delle attività da assegnare al personale | F5: Amministrazione Titolare/Soggetti Attuatori/Terzi | G5: Esterno
A8: RISCHIO LORDO | D8: CONTROLLI ESISTENTI | K8: RISCHIO NETTO
A9: Impatto del rischio (LORDO) | B9: Probabilità del rischio (LORDO) | C9: Rischio complessivo (LORDO) | D9: Rif. controllo | E9: Descrizione del controllo | F9: Può dimostrare il funzionamento di questo controllo? | G9: Effettua regolarmente un test di questo controllo? | H9: Quanto ritiene che sia efficace questo controllo? | I9: Effetto dei controlli combinati sull'IMPATTO del rischio considerando i livelli di fiducia | J9: Effetto dei controlli combinati sulla PROBABILITÀ del rischio considerando i livelli di fiducia | K9: Impatto del rischio (NETTO) | L9: Probabilità del rischio (NETTO) | M9: Rischio complessivo attuale (NETTO)
D10: Manodopera non sufficientemente qualificata
A11: 3 | B11: 2 | C11: =A11*B11 -> 6 | D11: AVC 10.1 | E11: Per quanto riguarda i costi dell’offerente relativi alla manodopera/personale, l'Amministrazione Titolare prevede la verifica delle relazioni di attività e delle relazioni finanziarie definitive per rilevare eventuali discrepanze tra il personale previsto e quello effettivo (membri del personale e tempi impiegati). Qualora emergano discrepanze richiede ulteriori evidenze (per es. certificati di qualifica) che attestino l'idoneità di eventuali sostituti importanti | F11: SI | G11: SI | H11: MEDIO | I11: -1 | J11: -1 | K11: =A11+I11 -> 2 | L11: =B11+J11 -> 1 | M11: =K11*L11 -> 2
D12: AVC 10.2 | E12: L'Amministrazione Titolare dispone che, per quanto riguarda i costi dell’offerente relativi alla manodopera/personale, eventuali modifiche di rilievo riguardanti i membri principali del personale possono avvenire esclusivamente previa autorizzazione | F12: SI | G12: NO | H12: BASSO
D13: AVC 10.3 | E13: Per quanto riguarda i costi di terzi sostituti relativi alla manodopera, l'Amministrazione Titolare prevede che venga sottoposto a verifica il personale fondamentale impegnato nell'esecuzione di un contratto confrontandolo con il personale proposto dagli offerenti e richiedano prove che attestino l'idoneità del sostituto | F13: SI | G13: NO | H13: BASSO
D14: Descrizione approssimative delle attività
D15: AVC 10.4 | E15: Per quanto riguarda i costi degli offerenti relativi alla manodopera/personale, l'Amministrazione Titolare prevede che vengano regolarmente inserite, all’interno dei SAL, le evidenze volte a valutare i reali costi della manodopera utilizzata per il completamento dell’opera (ad esempio registri di presenza o sistemi di registrazione dei tempi) | F15: NO
D16: AVC 10.5 | E16: Per quanto riguarda i costi degli offerenti relativi alla manodopera/personale, l'Amministrazione Titolare dispone che vengano esaminate regolarmente le relazioni di attività e le relazioni finanziarie definitive pervenutele dagli offerenti stessi per rilevare eventuali discrepanze tra le attività previste e quelle effettive. Qualora si riscontrino delle discrepanze, vengono richieste ulteriori evidenze all’offerente | F16: SI | G16: SI | H16: MEDIO
D17: AVC 10.6 | E17: Per quanto riguarda i costi di terzi relativi alla manodopera/personale, l'Amministrazione Titolare prevede che gli offerenti inseriscano all’interno dei SAL periodici le evidenze dei costi sostenuti dai terzi riguardo la manodopera utilizzata (ad esempio, registri di presenza o sistemi di registrazione dei tempi) | F17: NO
D18: AVC 10.7 | E18: Per quanto riguarda i costi di terzi relativi alla manodopera, l'Amministrazione Titolare stabilisce che vengano esaminate regolarmente le relazioni di attività e le relazioni finanziarie definitive per rilevare eventuali discrepanze tra le attività previste e quelle effettive. Qualora si riscontrino delle discrepanze, si prevedono richieste di ulteriori evidenze | F18: SI | G18: SI | H18: MEDIO
A19: organizzativo | B19: discrezionalità
A20: economico / finanziario
A21: RISCHIO NETTO | D21: PIANO D'AZIONE | K21: RISCHIO PREVISTO
A22: Impatto del rischio (NETTO) | B22: Probabilità del rischio (NETTO) | C22: Rischio complessivo attuale (NETTO) | D22: Nuovo controllo in programma | F22: Responsabile | G22: Termine ultimo per l'attuazione | I22: Effetto dei controlli combinati in programma sul nuovo IMPATTO del rischio (NETTO) | J22: Effetto dei controlli combinati in programma sulla nuova PROBABILITÀ del rischio (NETTO) | K22: Impatto del rischio (PREVISTO) | L22: Probabilità del rischio (PREVISTO) | M22: Rischio complessivo (PREVISTO)
A23: =K11 -> 2 | B23: =L11 -> 1 | C23: =M11 -> 2 | K23: =A23+I23 -> 2 | L23: =B23+J23 -> 1 | M23: =K23*L23 -> 2
B55: 1 | C55: -1
B56: 2 | C56: -2
B57: 3 | C57: -3
B58: 4 | C58: -4
B59: 5 | C59: -5

Sheet AV11
C3: DESCRIZIONE DEL RISCHIO
C4: Rif. rischio | D4: Rischio | E4: Descrizione del rischio | F4: Chi è coinvolto nel rischio? (Amministrazione Titolare / Enti/Amministrazioni attuatrici Soggetti Attuatori/Terzi) | G4: Il rischio è interno all'Amministrazione Titolare, esterno o frutto di collusione?
C5: ='2. Attuazione e verifica'!A18 -> AV11 | D5: ='2. Attuazione e verifica'!B18 -> Costi di manodopera/personale fittizi | E5: ='2. Attuazione e verifica'!C18 -> il Soggetto Attuatore o Soggetto realizzatore dichiara costi di manodopera/personale fittizi per attività che non vengono svolte o non sono state svolte conformemente ai termini contrattuali. - Costi di manodopera fittizi, o - Mancata retribuzione degli straordinari, o - Dichiarazione di tariffe orarie errate, o - Dichiarazione di costi relativi a personale inesistente, o - Dichiarazione di costi relativi al personale per attività che si sono svolte al di fuori del periodo di esecuzione del contratto | F5: ='2. Attuazione e verifica'!E18 -> Amministrazione Titolare / Soggetti Attuatori / Soggetti realizzatori / Terzi | G5: ='2. Attuazione e verifica'!F18 -> Esterno
A8: RISCHIO LORDO | D8: CONTROLLI ESISTENTI | K8: RISCHIO NETTO
A9: Impatto del rischio (LORDO) | B9: Probabilità del rischio (LORDO) | C9: Rischio complessivo (LORDO) | D9: Rif. controllo | E9: Descrizione del controllo | F9: Può dimostrare il funzionamento di questo controllo? | G9: Effettua regolarmente un test di questo controllo? | H9: Quanto ritiene che sia efficace questo controllo? | I9: Effetto dei controlli combinati sull'IMPATTO del rischio considerando i livelli di fiducia | J9: Effetto dei controlli combinati sulla PROBABILITÀ del rischio considerando i livelli di fiducia | K9: Impatto del rischio (NETTO) | L9: Probabilità del rischio (NETTO) | M9: Rischio complessivo attuale (NETTO)
D10: Costi di manodopera fittizi
A11: 3 | B11: 2 | C11: =A11*B11 -> 6 | D11: AVC 11.1 | E11: Per quanto riguarda i costi relativi alla manodopera/personale, l'Amministrazione Titolare dispone che siano inserite all’interno dei SAL periodici, evidenze relative ai costi della manodopera (ad esempio, registri di presenza o sistemi di registrazione dei tempi) | F11: NO | I11: -1 | J11: -1 | K11: =A11+I11 -> 2 | L11: =B11+J11 -> 1 | M11: =K11*L11 -> 2
D12: AVC 11.2 | E12: Per quanto riguarda i costi relativi alla manodopera/personale, l'Amministrazione Titolare dispone che vengano esaminate regolarmente le relazioni di attività e le relazioni finanziarie definitive pervenutele per rilevare eventuali discrepanze tra le attività previste e quelle effettive. Qualora si riscontrino delle discrepanze si prevedono richieste di ulteriori evidenze | F12: SI | G12: SI | H12: MEDIO
D13: AVC 11.3 | E13: Per quanto riguarda i costi di terzi relativi alla manodopera/personale, l’Amministrazione Titolare stabilisce che gli aggiudicatari inseriscano all’interno dei SAL periodici le evidenze dei costi sostenuti dai terzi riguardo la manodopera/personale (ad esempio, registri di presenza o sistemi di registrazione dei tempi) | F13: NO
D14: AVC 11.4 | E14: Per quanto riguarda i costi di terzi relativi alla manodopera/personale, l'Amministrazione Titolare stabilisce che vengano esaminate regolarmente le relazioni di attività e le relazioni finanziarie definitive per rilevare eventuali discrepanze tra le attività previste e quelle effettive. Qualora si riscontrino delle discrepanze, si prevedono richieste di ulteriori informazioni | F14: SI | G14: SI | H14: MEDIO
D15: Mancata retribuzione degli straordinari
D16: AVC 11.5 | E16: Per quanto riguarda i costi in materia di manodopera/personale, l'Amministrazione Titolare dispone che vengano monitorate le relazioni finanziarie e di attività definitive e la documentazione di supporto relativa agli straordinari (numero eccessivo di ore lavorative per il personale di progetto, numero di membri del personale di esecuzione inferiore al previsto nonostante tutte le attività siano state portate a termine) e prevede che siano richiesti documenti giustificativi che attestino la conformità dei costi rivendicati con le norme e le spese effettivamente sostenute relative agli straordinari | F16: NO
D17: AVC 11.6 | E17: Per quanto riguarda i costi di terzi relativi alla manodopera/personale, l'Amministrazione Titolare dispone che siano verificate le fatture dei fornitori confrontandole con la documentazione di supporto relativa agli straordinari (numero eccessivo di ore lavorative per il personale di progetto, numero di membri del personale di esecuzione inferiore al previsto) e che siano richiesti documenti giustificativi che attestino la conformità dei costi rivendicati con le norme e le spese effettivamente sostenute relative agli straordinari | F17: NO
D18: Dichiarazioni di tariffe orarie errate
D19: AVC 11.7 | E19: Per quanto riguarda i costi degli aggiudicatari relativi alla manodopera/personale, l'Amministrazione Titolare dispone la verifica delle relazioni finanziarie definitive confrontandole con i documenti giustificativi relativi ai costi di retribuzione effettivamente sostenuti (per es. contratti, dati inerenti ai libri paga) e al tempo impiegato per le attività del progetto (per es. sistemi di registrazione dei tempi, registri di presenza) | F19: NO
D20: AVC 11.8 | E20: Per quanto riguarda i costi di terzi relativi alla manodopera, l'Amministrazione Titolare dispone che siano verificate le fatture attinenti ai costi di manodopera confrontandole con i documenti giustificativi relativi ai costi di retribuzione effettivamente sostenuti (per es. contratti, dati inerenti ai libri paga) e al tempo impiegato per le attività del progetto (per es. sistemi di registrazione dei tempi, registri di presenza) | F20: NO
D21: Personale inesistente
D22: AVC 11.9 | E22: Per quanto riguarda i costi relativi alla manodopera/personale, l'Amministrazione Titolare dispone che sia richiestoai Soggetti realizzatori di inserire all’interno dei SAL periodici evidenze relative ai costi della manodopera quali, ad esempio, fatture originali o dichiarazioni bancarie | F22: SI | G22: SI | H22: MEDIO
D23: AVC 11.10 | E23: Per quanto riguarda i costi di terzi relativi alla manodopera/personale, l'Amministrazione Titolare prevede di richiedere ai terzi di poter verificare autonomamente che le spese siano state sostenute entro i termini di tempo previsti dal progetto mediante prove quali, ad esempio, fatture originali o dichiarazioni bancarie | F23: NO
D24: Attività svolte al di fuori del periodo di esecuzione
D25: AVC 11.11 | E25: Per quanto riguarda i costi relativi alla manodopera/personale, l'Amministrazione Titolare prevede che siano richieste regolarmente ai beneficiari evidenze che le spese siano state sostenute entro i termini di tempo previsti dal progetto mediante prove quali, ad esempio, fatture originali o dichiarazioni bancarie | F25: SI | G25: SI | H25: MEDIO
D26: AVC 11.12 | E26: Per quanto riguarda i costi di terzi relativi alla manodopera/personale, l'Amministrazione Titoplare prevede che sia richiesto ai terzi di fornire evidenze del fatto che le spese siano state sostenute entro i termini previsti dal progetto, mediante prove quali, ad esempio, fatture originali o dichiarazioni bancarie | F26: SI | G26: SI | H26: MEDIO
A27: organizzativo | B27: interessi esterni
A28: economico / finanziario
A29: RISCHIO NETTO | D29: PIANO D'AZIONE | K29: RISCHIO PREVISTO
A30: Impatto del rischio (NETTO) | B30: Probabilità del rischio (NETTO) | C30: Rischio complessivo attuale (NETTO) | D30: Nuovo controllo in programma | F30: Responsabile | G30: Termine ultimo per l'attuazione | I30: Effetto dei controlli combinati in programma sul nuovo IMPATTO del rischio (NETTO) | J30: Effetto dei controlli combinati in programma sulla nuova PROBABILITÀ del rischio (NETTO) | K30: Impatto del rischio (PREVISTO) | L30: Probabilità del rischio (PREVISTO) | M30: Rischio complessivo (PREVISTO)
A31: =K11 -> 2 | B31: =L11 -> 1 | C31: =M11 -> 2 | K31: =A31+I31 -> 2 | L31: =B31+J31 -> 1 | M31: =K31*L31 -> 2
B63: 1 | C63: -1
B64: 2 | C64: -2
B65: 3 | C65: -3
B66: 4 | C66: -4
B67: 5 | C67: -5

Sheet AV12
C3: DESCRIZIONE DEL RISCHIO
C4: Rif. rischio | D4: Rischio | E4: Descrizione del rischio | F4: Chi è coinvolto nel rischio? (Amministrazione Titolare /Enti/Amministrazioni attuatrici Soggetti Attuatori/Terzi) | G4: Il rischio è interno all'Amministrazione Titolare, esterno o frutto di collusione?
C5: ='2. Attuazione e verifica'!A19 -> AV12 | D5: ='2. Attuazione e verifica'!B19 -> Costi di manodopera ripartiti di proposito tra progetti specifici finanzianti da fonti diverse | E5: ='2. Attuazione e verifica'!C19 -> Il Soggetto Attuatore/Soggetto realizzatore ripartisce di proposito i costi relativi al personale tra progetti dell'UE e progetti finanziati da altre fonti | F5: ='2. Attuazione e verifica'!E19 -> Amministrazione Titolare / Soggetti Attuatori / Soggetti realizzatori | G5: ='2. Attuazione e verifica'!F19 -> Esterno
A8: RISCHIO LORDO | D8: CONTROLLI ESISTENTI | K8: RISCHIO NETTO
A9: Impatto del rischio (LORDO) | B9: Probabilità del rischio (LORDO) | C9: Rischio complessivo (LORDO) | D9: Rif. controllo | E9: Descrizione del controllo | F9: Può dimostrare il funzionamento di questo controllo? | G9: Effettua regolarmente un test di questo controllo? | H9: Quanto ritiene che sia efficace questo controllo? | I9: Effetto dei controlli combinati sull'IMPATTO del rischio considerando i livelli di fiducia | J9: Effetto dei controlli combinati sulla PROBABILITÀ del rischio considerando i livelli di fiducia | K9: Impatto del rischio (NETTO) | L9: Probabilità del rischio (NETTO) | M9: Rischio complessivo attuale (NETTO)
A10: 3 | B10: 1 | C10: =A10*B10 -> 3 | D10: AVC 12.1 | E10: L'Amministrazione Titolare dispone che venga richiesto regolarmente all’aggiudicatario di dimostrare la ripartizione delle spese relative al personale per le attività di progetto mediante prove quali, per esempio, registri di presenza, sistemi di registrazione dei tempi, dati provenienti dai libri contabili | F10: NO | K10: =A10+I10 -> 3 | L10: =B10+J10 -> 1 | M10: =K10*L10 -> 3
D11: AVC 12.2 | E11: L’Amministrazione Titolare prevede controlli incrociati, volti ad identificare situazioni di doppio finanziamento, tramite l’utilizzo di banche dati pubbliche e private nazionali e internazionali, nonché qualsiasi altra informazione pertinente a disposizione delle istituzioni e, in caso di esito positivo, ne approfondisce le motivazioni | F11: SI | G11: SI | H11: ALTO
D12: AVC 12.3 | E12: L'Amministrazione Titolare / Soggetto attuatore effettua appositi controlli per rilevare l'assenza di doppio finanziamento attraverso l'applicazione di apposite Check List di controllo/autocontrollo | F12: SI | G12: SI | H12: MEDIO
A13: organizzativo
A14: economico / finanziario
A15: RISCHIO NETTO | D15: PIANO D'AZIONE | K15: RISCHIO PREVISTO
A16: Impatto del rischio (NETTO) | B16: Probabilità del rischio (NETTO) | C16: Rischio complessivo attuale (NETTO) | D16: Nuovo controllo in programma | F16: Responsabile | G16: Termine ultimo per l'attuazione | I16: Effetto dei controlli combinati in programma sul nuovo IMPATTO del rischio (NETTO) | J16: Effetto dei controlli combinati in programma sulla nuova PROBABILITÀ del rischio (NETTO) | K16: Impatto del rischio (PREVISTO) | L16: Probabilità del rischio (PREVISTO) | M16: Rischio complessivo (PREVISTO)
A17: =K10 -> 3 | B17: =L10 -> 1 | C17: =M10 -> 3 | K17: =A17+I17 -> 3 | L17: =B17+J17 -> 1 | M17: =K17*L17 -> 3
B49: 1 | C49: -1
B50: 2 | C50: -2
B51: 3 | C51: -3
B52: 4 | C52: -4
B53: 5 | C53: -5

Sheet 3.Rendicontazione M&T
A2: 5: VALUTAZIONE DELL'ESPOSIZIONE A RISCHI DI FRODE SPECIFICI - RENDICONTAZIONE DELLA PERFORMANCE DA PARTE DELL'AMMINISTRAZIONE TITOLARE
A4: DESCRIZIONE DEL RISCHIO
A5: Rif. rischio | B5: Rischio | C5: Descrizione del rischio | D5: Chi è coinvolto nel rischio? Amministrazione Titolare | E5: Il rischio è interno all'Amministrazione Titolare, esterno o frutto di collusione? | F5: L'Amministrazione Titolare è esposta a questo rischio? | G5: Motivare la risposta, se negativa
A6: RMT1 | B6: Processo di verifica sulla documentazione amministrativo-contabile incompleto / inadeguato | C6: Può accadere che le verifiche non garantiscano adeguatamente l'assenza di frodi perché l'Ufficio di Rendicontazione e Controllo dell'Amministrazione Titolare non dispone delle risorse o delle competenze necessarie in materia | D6: Amministrazione Titolare | E6: Interno | F6: Y
A7: RMT2 | B7: Processo di verifica sulla documentazione probante il conseguimento di Milestone e Target incompleto / inadeguato | C7: Può accadere che le verifiche non garantiscano adeguatamente l'assenza di frodi perché l'Ufficio di Rendicontazione e Controllo dell'Amministrazione Titolare non dispone delle risorse o delle competenze necessarie in materia | D7: Amministrazione Titolare | E7: Interno | F7: Y
A8: RMT3 | B8: Conflitti di interesse nell'Ufficio di Rendicontazione e Controllo dell'Amministrazione Titolare coinvolto nel processo di verifica sulla documentazione probante il conseguimento di Milestone e Target | C8: Può accadere che membri dell'Ufficio di Rendicontazione e Controllo dell'Amministrazione Titolare abbiano conflitti d'interessi con i Soggetti attuatori/aggiudicatari che influiscono indebitamente sull'accertamento dell'avanzamento/conseguimento di Milestone e Target | D8: Amministrazione Titolare / Soggetto Attuatore | E8: Interno/Esterno | F8: Y
A9: RMT4 | B9: Fraudolenta dichiarazione dei dati sul conseguimento di Milestone e Target | C9: Vengono deliberatamente dichiarati dati sovrastimati circa il conseguimento di Milestone e Target (anche su sistema informativo ReGiS) | D9: Amministrazione Titolare / Soggetto Attuatore | E9: Interno/Esterno | F9: Y
A10: RMT5 | B10: Rendicontazione semestrale - Indicatori Comuni | C10: Vengono deliberatamente dichiarati dati sovrastimati circa il conseguimento degli Indicatori Comuni e tagging climate&digital | D10: Amministrazione Titolare / Soggetto Attuatore | E10: Interno/Esterno | F10: Y
A11: RMT6 | B11: Violazione delle procedure di elaborazione dei dati statistici | C11: La Direzione dell'Amministrazione Titolare competente alla raccolta, gestione, analisi e diffusione dei dati statistici per Target e Milestone relativi alla Misura M1C1 viola le procedure di elaborazione dei dati | D11: Amministrazione Titolare | E11: Interno | F11: Y
F22: Y
F23: N

Sheet RMT1
C3: DESCRIZIONE DEL RISCHIO
C4: Rif. rischio | D4: Rischio | E4: Descrizione del rischio | F4: Chi è coinvolto nel rischio? Amministrazione Titolare | G4: Il rischio è interno all'Amministrazione Titolare, esterno o frutto di collusione?
C5: RMT1 | D5: ='3.Rendicontazione M&T'!B6 -> Processo di verifica sulla documentazione amministrativo-contabile incompleto / inadeguato | E5: ='3.Rendicontazione M&T'!C6 -> Può accadere che le verifiche non garantiscano adeguatamente l'assenza di frodi perché l'Ufficio di Rendicontazione e Controllo dell'Amministrazione Titolare non dispone delle risorse o delle competenze necessarie in materia | F5: ='3.Rendicontazione M&T'!D6 -> Amministrazione Titolare | G5: ='3.Rendicontazione M&T'!E6 -> Interno
A8: RISCHIO LORDO | D8: CONTROLLI ESISTENTI | K8: RISCHIO NETTO
A9: Impatto del rischio (LORDO) | B9: Probabilità del rischio (LORDO) | C9: Rischio complessivo (LORDO) | D9: Rif. controllo | E9: Descrizione del controllo | F9: Può dimostrare il funzionamento di questo controllo? | G9: Effettua regolarmente un test di questo controllo? | H9: Quanto ritiene che sia efficace questo controllo? | I9: Effetto dei controlli combinati sull'IMPATTO del rischio considerando i livelli di fiducia | J9: Effetto dei controlli combinati sulla PROBABILITÀ del rischio considerando i livelli di fiducia | K9: Impatto del rischio (NETTO) | L9: Probabilità del rischio (NETTO) | M9: Rischio complessivo attuale (NETTO)
A10: 3 | B10: 2 | C10: =A10*B10 -> 6 | D10: RMTC 1.1 | E10: L’Ufficio di Rendicontazione e Controllo dispone di una metodologia chiara di verifica che si basa sulle migliori pratiche comunemente accettate e prevede anche un'analisi del livello di rischio di frode | F10: SI | G10: SI | H10: MEDIO | I10: -1 | J10: -1 | K10: =A10+I10 -> 2 | L10: =B10+J10 -> 1 | M10: =K10*L10 -> 2
D11: RMTC 1.2 | E11: L’Amministrazione Titolare garantisce che il personale dell’Ufficio di Rendicontazione e Controllo che svolge le verifiche è adeguatamente qualificato ed esperto, oltre ad essere provvisto di una formazione aggiornata anche in materia di sensibilizzazione alle frodi e ai conflitti di interesse | F11: SI | G11: SI | H11: MEDIO
D12: RMTC 1.3 | E12: L’Amministrazione Titolare garantisce che ci sia un corretto dimensionamento tra Milestone e Target e/o progetti attivi da monitorare e le risorse delegate all'Ufficio di Rendicontazione e Controllo | F12: SI | G12: SI | H12: BASSO
D13: RMTC 1.4 | E13: L'Amministrazione Titolare garantisce che l'Ufficio di Rendicontazione e Controllo si attenga ad appositi flussi procedurali, informativi e documentali (SiGeCo e Piste di Controllo) | F13: SI | G13: SI | H13: MEDIO
A14: organizzativo | B14: discrezionalità
A15: immagine
A16: RISCHIO NETTO | D16: PIANO D'AZIONE | K16: RISCHIO PREVISTO
A17: Impatto del rischio (NETTO) | B17: Probabilità del rischio (NETTO) | C17: Rischio complessivo attuale (NETTO) | D17: Nuovo controllo in programma | F17: Responsabile | G17: Termine ultimo per l'attuazione | I17: Effetto dei controlli combinati in programma sul nuovo IMPATTO del rischio (NETTO) | J17: Effetto dei controlli combinati in programma sulla nuova PROBABILITÀ del rischio (NETTO) | K17: Impatto del rischio (PREVISTO) | L17: Probabilità del rischio (PREVISTO) | M17: Rischio complessivo (PREVISTO)
C18: =M10 -> 2 | K18: =A18+I18 -> 0 | L18: =B18+J18 -> 0 | M18: =K18*L18 -> 0
B50: 1 | C50: -1
B51: 2 | C51: -2
B52: 3 | C52: -3
B53: 4 | C53: -4
B54: 5 | C54: -5

Sheet RMT2
C3: DESCRIZIONE DEL RISCHIO
C4: Rif. rischio | D4: Rischio | E4: Descrizione del rischio | F4: Chi è coinvolto nel rischio? Amministrazione Titolare | G4: Il rischio è interno all'Amministrazione Titolare, esterno o frutto di collusione?
C5: ='3.Rendicontazione M&T'!A7 -> RMT2 | D5: ='3.Rendicontazione M&T'!B7 -> Processo di verifica sulla documentazione probante il conseguimento di Milestone e Target incompleto / inadeguato | E5: ='3.Rendicontazione M&T'!C7 -> Può accadere che le verifiche non garantiscano adeguatamente l'assenza di frodi perché l'Ufficio di Rendicontazione e Controllo dell'Amministrazione Titolare non dispone delle risorse o delle competenze necessarie in materia | F5: ='3.Rendicontazione M&T'!D7 -> Amministrazione Titolare | G5: ='3.Rendicontazione M&T'!E7 -> Interno
A8: RISCHIO LORDO | D8: CONTROLLI ESISTENTI | K8: RISCHIO NETTO
A9: Impatto del rischio (LORDO) | B9: Probabilità del rischio (LORDO) | C9: Rischio complessivo (LORDO) | D9: Rif. controllo | E9: Descrizione del controllo | F9: Può dimostrare il funzionamento di questo controllo? | G9: Effettua regolarmente un test di questo controllo? | H9: Quanto ritiene che sia efficace questo controllo? | I9: Effetto dei controlli combinati sull'IMPATTO del rischio considerando i livelli di fiducia | J9: Effetto dei controlli combinati sulla PROBABILITÀ del rischio considerando i livelli di fiducia | K9: Impatto del rischio (NETTO) | L9: Probabilità del rischio (NETTO) | M9: Rischio complessivo attuale (NETTO)
A10: 3 | B10: 2 | C10: =A10*B10 -> 6 | D10: RMTC 2.1 | E10: L’Amministrazione Titolare garantisce che l’Ufficio di Rendicontazione e Controllo utilizza un apposito format di base contenente gli elementi minimi da garantire in sede di verifica (come, ad esempio, le check-list elaborate dall'Ispettorato Generale PNRR) | F10: SI | G10: SI | H10: ALTO | I10: -1 | J10: -1 | K10: =A10+I10 -> 2 | L10: =B10+J10 -> 1 | M10: =K10*L10 -> 2
D11: RMTC 2.2 | E11: L’Amministrazione Titolare garantisce che ci sia un corretto dimensionamento tra Milestone e Target e/o progetti attivi da monitorare e le risorse delegate all'Ufficio di Rendicontazione e Controllo | F11: SI | G11: SI | H11: BASSO
D12: RMTC 2.3 | E12: L’Amministrazione Titolare garantisce che il personale dell’Ufficio di Rendicontazione e Controllo che svolge le verifiche, sia adeguatamente qualificato ed esperto, oltre ad essere provvisto di una formazione aggiornata in materia di sensibilizzazione alle frodi e ai conflitti di interessi | F12: SI | G12: SI | H12: MEDIO
D13: RMTC 2.4 | E13: L'Amministrazione Titolare garantisce che l'Ufficio di Rendicontazione e Controllo si attenga ad appositi flussi procedurali, informativi e documentali (SiGeCo e Piste di Controllo) | F13: SI | G13: SI | H13: MEDIO
A14: organizzativo | B14: discrezionalità
A15: immagine
A16: RISCHIO NETTO | D16: PIANO D'AZIONE | K16: RISCHIO PREVISTO
A17: Impatto del rischio (NETTO) | B17: Probabilità del rischio (NETTO) | C17: Rischio complessivo attuale (NETTO) | D17: Nuovo controllo in programma | F17: Responsabile | G17: Termine ultimo per l'attuazione | I17: Effetto dei controlli combinati in programma sul nuovo IMPATTO del rischio (NETTO) | J17: Effetto dei controlli combinati in programma sulla nuova PROBABILITÀ del rischio (NETTO) | K17: Impatto del rischio (PREVISTO) | L17: Probabilità del rischio (PREVISTO) | M17: Rischio complessivo (PREVISTO)
C18: =M10 -> 2 | K18: =A18+I18 -> 0 | L18: =B18+J18 -> 0 | M18: =K18*L18 -> 0
B50: 1 | C50: -1
B51: 2 | C51: -2
B52: 3 | C52: -3
B53: 4 | C53: -4
B54: 5 | C54: -5

Sheet RMT3
C3: DESCRIZIONE DEL RISCHIO
C4: Rif. rischio | D4: Rischio | E4: Descrizione del rischio | F4: Chi è coinvolto nel rischio? Amministrazione Titolare | G4: Il rischio è interno all'Amministrazione Titolare, esterno o frutto di collusione?
C5: ='3.Rendicontazione M&T'!A8 -> RMT3 | D5: ='3.Rendicontazione M&T'!B8 -> Conflitti di interesse nell'Ufficio di Rendicontazione e Controllo dell'Amministrazione Titolare coinvolto nel processo di verifica sulla documentazione probante il conseguimento di Milestone e Target | E5: ='3.Rendicontazione M&T'!C8 -> Può accadere che membri dell'Ufficio di Rendicontazione e Controllo dell'Amministrazione Titolare abbiano conflitti d'interessi con i Soggetti attuatori/aggiudicatari che influiscono indebitamente sull'accertamento dell'avanzamento/conseguimento di Milestone e Target | F5: ='3.Rendicontazione M&T'!D8 -> Amministrazione Titolare / Soggetto Attuatore | G5: ='3.Rendicontazione M&T'!E8 -> Interno/Esterno
A8: RISCHIO LORDO | D8: CONTROLLI ESISTENTI | K8: RISCHIO NETTO
A9: Impatto del rischio (LORDO) | B9: Probabilità del rischio (LORDO) | C9: Rischio complessivo (LORDO) | D9: Rif. controllo | E9: Descrizione del controllo | F9: Può dimostrare il funzionamento di questo controllo? | G9: Effettua regolarmente un test di questo controllo? | H9: Quanto ritiene che sia efficace questo controllo? | I9: Effetto dei controlli combinati sull'IMPATTO del rischio considerando i livelli di fiducia | J9: Effetto dei controlli combinati sulla PROBABILITÀ del rischio considerando i livelli di fiducia | K9: Impatto del rischio (NETTO) | L9: Probabilità del rischio (NETTO) | M9: Rischio complessivo attuale (NETTO)
A10: 3 | B10: 2 | C10: =A10*B10 -> 6 | D10: RMTC 3.1 | E10: L’Amministrazione Titolare garantisce che il processo di verifica presenta diverse fasi separate di approvazione della documentazione, prima che sia possibile concedere l'approvazione stessa | F10: SI | G10: SI | H10: MEDIO | I10: -1 | J10: -1 | K10: =A10+I10 -> 2 | L10: =B10+J10 -> 1 | M10: =K10*L10 -> 2
D11: RMTC 3.2 | E11: Il personale dell’Ufficio di Rendicontazione e Controllo rilascia apposite dichiarazioni attestanti l’assenza del conflitto di interessi e di situazioni di incompatibilità prima dell’inizio dell’attività di verifica | F11: SI | G11: SI | H11: MEDIO
D12: RMTC 3.3 | E12: L’Amministrazione Titolare fornisce orientamenti chiari e una formazione al proprio personale e/o ai Soggetti attuatori sull'etica, sui conflitti di interessi e sulle conseguenze della mancata adesione alle linee guida approvate | F12: SI | G12: SI | H12: MEDIO
D13: RMTC 3.4 | E13: L'Amministrazione Titolare garantisce che il suo personale sia consapevole delle conseguenze che comporta la partecipazione ad attività che possano mettere in dubbio la loro integrità, con una chiara descrizione di tali conseguenze e delle relative infrazioni specifiche | F13: SI | G13: SI | H13: MEDIO
D14: RMTC 3.5 | E14: L’Amministrazione Titolare garantisce che l’eventuale presenza di un conflitto d’interesse viene gestito nel rispetto del quadro normativo applicabile | F14: SI | G14: SI | H14: MEDIO
D15: RMTC 3.6 | E15: L’Amministrazione Titolare garantisce misure/meccanismi che assicurano la massima trasparenza di tutte le fasi del processo di verifica della documentazione volta a valutare l’avanzamento/conseguimento di Milestone e Target | F15: SI | G15: SI | H15: MEDIO
A16: organizzativo | B16: interessi esterni
A17: immagine
A18: RISCHIO NETTO | D18: PIANO D'AZIONE | K18: RISCHIO PREVISTO
A19: Impatto del rischio (NETTO) | B19: Probabilità del rischio (NETTO) | C19: Rischio complessivo attuale (NETTO) | D19: Nuovo controllo in programma | F19: Responsabile | G19: Termine ultimo per l'attuazione | I19: Effetto dei controlli combinati in programma sul nuovo IMPATTO del rischio (NETTO) | J19: Effetto dei controlli combinati in programma sulla nuova PROBABILITÀ del rischio (NETTO) | K19: Impatto del rischio (PREVISTO) | L19: Probabilità del rischio (PREVISTO) | M19: Rischio complessivo (PREVISTO)
C20: =M10 -> 2 | K20: =A20+I20 -> 0 | L20: =B20+J20 -> 0 | M20: =K20*L20 -> 0
B52: 1 | C52: -1
B53: 2 | C53: -2
B54: 3 | C54: -3
B55: 4 | C55: -4
B56: 5 | C56: -5

Sheet RMT4
C3: DESCRIZIONE DEL RISCHIO
C4: Rif. rischio | D4: Rischio | E4: Descrizione del rischio | F4: Chi è coinvolto nel rischio? Amministrazione Titolare | G4: Il rischio è interno all'Amministrazione Titolare, esterno o frutto di collusione?
C5: ='3.Rendicontazione M&T'!A9 -> RMT4 | D5: ='3.Rendicontazione M&T'!B9 -> Fraudolenta dichiarazione dei dati sul conseguimento di Milestone e Target | E5: ='3.Rendicontazione M&T'!C9 -> Vengono deliberatamente dichiarati dati sovrastimati circa il conseguimento di Milestone e Target (anche su sistema informativo ReGiS) | F5: ='3.Rendicontazione M&T'!D9 -> Amministrazione Titolare / Soggetto Attuatore | G5: ='3.Rendicontazione M&T'!E9 -> Interno/Esterno
A8: RISCHIO LORDO | D8: CONTROLLI ESISTENTI | K8: RISCHIO NETTO
A9: Impatto del rischio (LORDO) | B9: Probabilità del rischio (LORDO) | C9: Rischio complessivo (LORDO) | D9: Rif. controllo | E9: Descrizione del controllo | F9: Può dimostrare il funzionamento di questo controllo? | G9: Effettua regolarmente un test di questo controllo? | H9: Quanto ritiene che sia efficace questo controllo? | I9: Effetto dei controlli combinati sull'IMPATTO del rischio considerando i livelli di fiducia | J9: Effetto dei controlli combinati sulla PROBABILITÀ del rischio considerando i livelli di fiducia | K9: Impatto del rischio (NETTO) | L9: Probabilità del rischio (NETTO) | M9: Rischio complessivo attuale (NETTO)
A10: 3 | B10: 2 | C10: =A10*B10 -> 6 | D10: RMTC 4.1 | E10: L’Amministrazione Titolare verifica la coerenza con la tempistica prevista dal PNRR e con il cronoprogramma approvato per il progetto | F10: SI | G10: SI | H10: MEDIO | I10: -2 | J10: -1 | K10: =A10+I10 -> 1 | L10: =B10+J10 -> 1 | M10: =K10*L10 -> 1
D11: RMTC 4.2 | E11: L’Amministrazione Titolare verifica la coerenza tra l’avanzamento fisico, quello procedurale e quello di spesa | F11: SI | G11: SI | H11: MEDIO
D12: RMTC 4.3 | E12: L’Amministrazione Titolare verifica la presenza di idonea documentazione a supporto di atti e documenti amministrativi comprovanti il conseguimento dei valori di Target e Milestone | F12: SI | G12: SI | H12: ALTO
D13: RMTC 4.4 | E13: L’Amministrazione Titolare effettua il controllo anche con il supporto di adeguate check-list che garantiscano gli elementi minimi che devono essere previsti in fase di verifica | F13: SI | G13: SI | H13: ALTO
D14: RMTC 4.5 | E14: L'Amministrazione Titolare verifica che il Soggetto attuatore abbia correttamente allegato tutta la documentazione probatoria necessaria all’interno del sistema informativo ReGiS | F14: SI | G14: SI | H14: MEDIO
D15: RMTC 4.6 | E15: L'Amministrazione Titolare fornisce ai soggetti attuatori chiare istruzioni operative, indicazioni metodologiche e/o strumenti standard da considerare ai fini della rendicontazione delle attività realizzate a comprova del raggiungimento degli obiettivi | F15: SI | G15: SI | H15: MEDIO
D16: RMTC 4.7 | E16: L’Amministrazione Titolare/Soggetto attuatore adotta un Codice Etico che contempla le principali regole di condotta del personale (ad es. Codice di comportamento dei dipendenti pubblici – patto di integrità) e ne cura la diffusione/condivisione | F16: SI | G16: SI | H16: MEDIO
D17: RMTC 4.8 | E17: L'Amministrazione Titolare archivia informaticamente tutta la documentazione comprovante le attività svolte, gli esiti del controllo e dei follow up | F17: SI | G17: SI | H17: MEDIO
A18: organizzativo | B18: interessi esterni
A19: economico / finanziario
A20: RISCHIO NETTO | D20: PIANO D'AZIONE | K20: RISCHIO PREVISTO
A21: Impatto del rischio (NETTO) | B21: Probabilità del rischio (NETTO) | C21: Rischio complessivo attuale (NETTO) | D21: Nuovo controllo in programma | F21: Responsabile | G21: Termine ultimo per l'attuazione | I21: Effetto dei controlli combinati in programma sul nuovo IMPATTO del rischio (NETTO) | J21: Effetto dei controlli combinati in programma sulla nuova PROBABILITÀ del rischio (NETTO) | K21: Impatto del rischio (PREVISTO) | L21: Probabilità del rischio (PREVISTO) | M21: Rischio complessivo (PREVISTO)
C22: =M10 -> 1 | K22: =A22+I22 -> 0 | L22: =B22+J22 -> 0 | M22: =K22*L22 -> 0
B54: 1 | C54: -1
B55: 2 | C55: -2
B56: 3 | C56: -3
B57: 4 | C57: -4
B58: 5 | C58: -5

Sheet RMT5
C3: DESCRIZIONE DEL RISCHIO
C4: Rif. rischio | D4: Rischio | E4: Descrizione del rischio | F4: Chi è coinvolto nel rischio? Amministrazione Titolare | G4: Il rischio è interno all'Amministrazione Titolare, esterno o frutto di collusione?
C5: ='3.Rendicontazione M&T'!A10 -> RMT5 | D5: ='3.Rendicontazione M&T'!B10 -> Rendicontazione semestrale - Indicatori Comuni | E5: ='3.Rendicontazione M&T'!C10 -> Vengono deliberatamente dichiarati dati sovrastimati circa il conseguimento degli Indicatori Comuni e tagging climate&digital | F5: ='3.Rendicontazione M&T'!D10 -> Amministrazione Titolare / Soggetto Attuatore | G5: ='3.Rendicontazione M&T'!E10 -> Interno/Esterno
A8: RISCHIO LORDO | D8: CONTROLLI ESISTENTI | K8: RISCHIO NETTO
A9: Impatto del rischio (LORDO) | B9: Probabilità del rischio (LORDO) | C9: Rischio complessivo (LORDO) | D9: Rif. controllo | E9: Descrizione del controllo | F9: Può dimostrare il funzionamento di questo controllo? | G9: Effettua regolarmente un test di questo controllo? | H9: Quanto ritiene che sia efficace questo controllo? | I9: Effetto dei controlli combinati sull'IMPATTO del rischio considerando i livelli di fiducia | J9: Effetto dei controlli combinati sulla PROBABILITÀ del rischio considerando i livelli di fiducia | K9: Impatto del rischio (NETTO) | L9: Probabilità del rischio (NETTO) | M9: Rischio complessivo attuale (NETTO)
A10: 3 | B10: 2 | C10: =A10*B10 -> 6 | D10: RMTC 5.1 | E10: L’Amministrazione Titolare verifica la corretta associazione degli indicatori comuni ai progetti finanziati all’interno della misura | F10: SI | G10: SI | H10: MEDIO | I10: -1 | J10: -1 | K10: =A10+I10 -> 2 | L10: =B10+J10 -> 1 | M10: =K10*L10 -> 2
D11: RMTC 5.2 | E11: L’Amministrazione Titolare verifica la corretta alimentazione degli indicatori da parte del Soggetto attuatore all’interno del sistema ReGiS | F11: SI | G11: SI | H11: MEDIO
D12: RMTC 5.3 | E12: L’Amministrazione Titolare verifica attraverso le evidenze fornite dal Soggetto attuatore che i dati caricati siano coerenti con le rilevazioni effettuate | F12: SI | G12: SI | H12: ALTO
D13: RMTC 5.4 | E13: L'Amministrazione Titolare fornisce ai soggetti attuatori chiare istruzioni operative, indicazioni metodologiche e/o strumenti standard da considerare ai fini della rendicontazione degli indicatori comuni e tagging climate&digital | F13: SI | G13: SI | H13: MEDIO
A14: organizzativo | B14: interessi esterni
A15: economico / finanziario
A16: RISCHIO NETTO | D16: PIANO D'AZIONE | K16: RISCHIO PREVISTO
A17: Impatto del rischio (NETTO) | B17: Probabilità del rischio (NETTO) | C17: Rischio complessivo attuale (NETTO) | D17: Nuovo controllo in programma | F17: Responsabile | G17: Termine ultimo per l'attuazione | I17: Effetto dei controlli combinati in programma sul nuovo IMPATTO del rischio (NETTO) | J17: Effetto dei controlli combinati in programma sulla nuova PROBABILITÀ del rischio (NETTO) | K17: Impatto del rischio (PREVISTO) | L17: Probabilità del rischio (PREVISTO) | M17: Rischio complessivo (PREVISTO)
C18: =M10 -> 2 | K18: =A18+I18 -> 0 | L18: =B18+J18 -> 0 | M18: =K18*L18 -> 0
B50: 1 | C50: -1
B51: 2 | C51: -2
B52: 3 | C52: -3
B53: 4 | C53: -4
B54: 5 | C54: -5

Sheet RMT6
C3: DESCRIZIONE DEL RISCHIO
C4: Rif. rischio | D4: Rischio | E4: Descrizione del rischio | F4: Chi è coinvolto nel rischio? Amministrazione Titolare | G4: Il rischio è interno all'Amministrazione Titolare, esterno o frutto di collusione?
C5: ='3.Rendicontazione M&T'!A11 -> RMT6 | D5: ='3.Rendicontazione M&T'!B11 -> Violazione delle procedure di elaborazione dei dati statistici | E5: ='3.Rendicontazione M&T'!C11 -> La Direzione dell'Amministrazione Titolare competente alla raccolta, gestione, analisi e diffusione dei dati statistici per Target e Milestone relativi alla Misura M1C1 viola le procedure di elaborazione dei dati | F5: ='3.Rendicontazione M&T'!D11 -> Amministrazione Titolare | G5: ='3.Rendicontazione M&T'!E11 -> Interno
A8: RISCHIO LORDO | D8: CONTROLLI ESISTENTI | K8: RISCHIO NETTO
A9: Impatto del rischio (LORDO) | B9: Probabilità del rischio (LORDO) | C9: Rischio complessivo (LORDO) | D9: Rif. controllo | E9: Descrizione del controllo | F9: Può dimostrare il funzionamento di questo controllo? | G9: Effettua regolarmente un test di questo controllo? | H9: Quanto ritiene che sia efficace questo controllo? | I9: Effetto dei controlli combinati sull'IMPATTO del rischio considerando i livelli di fiducia | J9: Effetto dei controlli combinati sulla PROBABILITÀ del rischio considerando i livelli di fiducia | K9: Impatto del rischio (NETTO) | L9: Probabilità del rischio (NETTO) | M9: Rischio complessivo attuale (NETTO)
A10: 4 | B10: 1 | C10: =A10*B10 -> 4 | D10: RMTC 6.1 | E10: La Direzione competente dell'Amministrazione Titolare garantisce che il personale addetto all'elaborazione dei dati statistici sia specificamente formato rispetto alle attività da svolgere | F10: SI | G10: SI | H10: MEDIO | I10: -1 | J10: 0 | K10: =A10+I10 -> 3 | L10: =B10+J10 -> 1 | M10: =K10*L10 -> 3
D11: RMTC 6.2 | E11: La Direzione competente dell'Amministrazione Titolare garantisce che il personale addetto all'elaborazione dei dati statistici utilizzi criteri metodologici predeterminati e che tale attività sia sottoposta a relative verifiche di qualità/attendibilità del dato | F11: SI | G11: SI | H11: ALTO
D12: RMTC 6.3 | E12: La Direzione competente dell'Amministrazione Titolare utilizza misure informatiche di gestione e sicurezza dei dati | F12: SI | G12: SI | H12: MEDIO
D13: RMTC 6.4 | E13: La Direzione competente dell'Amministrazione Titolare garantisce la trasparenza del processo, mediante il coinvolgimento dei soggetti titolari dei dati e la comunicazione dei dati e dei risultati agli utenti coinvolti nel processo | F13: SI | G13: SI | H13: MEDIO
A14: organizzativo
A15: economico / finanziario
A16: reputazionale
A17: RISCHIO NETTO | D17: PIANO D'AZIONE | K17: RISCHIO PREVISTO
A18: Impatto del rischio (NETTO) | B18: Probabilità del rischio (NETTO) | C18: Rischio complessivo attuale (NETTO) | D18: Nuovo controllo in programma | F18: Responsabile | G18: Termine ultimo per l'attuazione | I18: Effetto dei controlli combinati in programma sul nuovo IMPATTO del rischio (NETTO) | J18: Effetto dei controlli combinati in programma sulla nuova PROBABILITÀ del rischio (NETTO) | K18: Impatto del rischio (PREVISTO) | L18: Probabilità del rischio (PREVISTO) | M18: Rischio complessivo (PREVISTO)
C19: =M10 -> 3 | K19: =A19+I19 -> 0 | L19: =B19+J19 -> 0 | M19: =K19*L19 -> 0
B51: 1 | C51: -1
B52: 2 | C52: -2
B53: 3 | C53: -3
B54: 4 | C54: -4
B55: 5 | C55: -5

Sheet 4.Rendicontazione delle spese
A2: 5: VALUTAZIONE DELL'ESPOSIZIONE A RISCHI DI FRODE SPECIFICI - RENDICONTAZIONE DELLE SPESE DA PARTE DELL'AMMINISTRAZIONE TITOLARE
A4: DESCRIZIONE DEL RISCHIO
A5: Rif. rischio | B5: Rischio | C5: Descrizione del rischio | D5: Chi è coinvolto nel rischio? Amministrazione Titolare / Soggetti Attuatori (SA) | E5: Il rischio è interno all'Amministrazione Titolare, esterno o frutto di collusione? | F5: L'Amministrazione Titolare è esposta a questo rischio? | G5: Motivare la risposta, se negativa
A6: RS1 | B6: Processo di verifica sulla documentazione amministrativo-contabile incompleto / inadeguato | C6: Può accadere che le verifiche non garantiscano adeguatamente l'assenza di frodi perché l'Ufficio di Rendicontazione e Controllo dell'Amministrazione Titolare non dispone delle risorse o delle competenze necessarie in materia | D6: Amministrazione Titolare | E6: Interno | F6: Y
A7: RS2 | B7: Conflitti di interesse nell'Ufficio di Rendicontazione e Controllo dell'Amministrazione Titolare coinvolto nel processo di verifica sulla documentazione amministrativo-contabile | C7: Può accadere che membri dell'Ufficio di Rendicontazione e Controllo dell'Amministrazione Titolare abbiano conflitti d'interesse che influiscono indebitamente sull'approvazione dei pagamenti relativamente a taluni Soggetti attuatori | D7: Amministrazione Titolare / Soggetti Attuatori | E7: Interno/Collusione | F7: Y
A8: RS3 | B8: Fraudolenta dichiarazione dei dati sull'avanzamento delle spese | C8: Può accadere che un Soggetto attuatore dichiari deliberatamente dati sovrastimati circa l'avanzamento delle spese (anche su sistema informativo ReGiS) | D8: Amministrazione Titolare / Soggetti Attuatori | E8: Esterno | F8: Y
A9: RS4 | B9: Mancata segnalazione delle irregolarità | C9: L'Ufficio di Rendicontazione e Controllo dell'Amministrazione Titolare non segnala deliberatamente irregolarità alle Autorità competenti | D9: Amministrazione Titolare | E9: Interno | F9: Y
A10: RS5 | B10: Doppio finanziamento | C10: Può accadere che siano rilasciate all'Amministrazione Titolare false attestazioni circa l'insussistenza di casi di doppio finanziamento | D10: Amministrazione Titolare / Soggetti Attuatori | E10: Esterno | F10: Y
A11: RS6 | B11: Falsa attestatzione sul rispetto delle condizionalità specifiche di Investimenti e Riforme | C11: Può accadere che siano rilasciate all'Amministrazione Titolare false attestazioni circa il rispetto delle condizionalità specifiche PNRR, al fine di attestare il raggiungimento di Milestone e/o Target | D11: Amministrazione Titolare / Soggetti Attuatori | E11: Esterno | F11: Y
A12: RS7 | B12: Falsa attestazione sul rispetto del principio di DNSH | C12: Può accadere che siano rilasciate all'Amministrazione Titolare false attestazioni circa il rispetto del principio DNSH | D12: Amministrazione Titolare / Soggetti Attuatori | E12: Esterno | F12: Y
A13: RS8 | B13: Falsa attestazione sul rispetto dei principi trasversali | C13: Può accadere che siano rilasciate all'Amministrazione Titolare false attestazioni circa il rispetto dei requisiti e dei vincoli legati ai principi trasversali (parità di genere, politiche per i giovani, Quota Sud, aiuti di stato - ove richiesto) | D13: Amministrazione Titolare / Soggetti Attuatori | E13: Esterno | F13: Y
A14: RS9 | B14: Irregolarità nel campionamento di rendiconti/spese | C14: Campionamento di rendiconti/spese irregolare, effettuato in assenza di una metodologia basata su un'adeguata valutazione dei rischi e/o sulla base di criteri non oggettivi | D14: Amministrazione Titolare | E14: Interno | F14: Y
F25: Y
F26: N

Sheet ER
C3: DESCRIZIONE DEL RISCHIO
C4: Rif. rischio | D4: Rischio | E4: Descrizione del rischio | F4: Chi è esposto al coinvolto nel rischio? Amministrazione Centrale / Soggetti Attuatori (SA) | G4: Il rischio è interno all'Amministrazione Centrale, esterno o frutto di collusione?
C5: ='4.Rendicontazione delle spese'!A6 -> RS1 | D5: ='3.Rendicontazione M&T'!B6 -> Processo di verifica sulla documentazione amministrativo-contabile incompleto / inadeguato | E5: ='3.Rendicontazione M&T'!C6 -> Può accadere che le verifiche non garantiscano adeguatamente l'assenza di frodi perché l'Ufficio di Rendicontazione e Controllo dell'Amministrazione Titolare non dispone delle risorse o delle competenze necessarie in materia | F5: ='3.Rendicontazione M&T'!D6 -> Amministrazione Titolare | G5: ='3.Rendicontazione M&T'!E6 -> Interno
A8: RISCHIO LORDO | D8: CONTROLLI ESISTENTI | K8: RISCHIO NETTO
A9: Impatto del rischio (LORDO) | B9: Probabilità del rischio (LORDO) | C9: Rischio complessivo (LORDO) | D9: Rif. controllo | E9: Descrizione del controllo | F9: Può dimostrare il funzionamento di questo controllo? | G9: Effettua regolarmente un test di questo controllo? | H9: Quanto ritiene che sia efficace questo controllo? | I9: Effetto dei controlli combinati sull'IMPATTO del rischio considerando i livelli di fiducia | J9: Effetto dei controlli combinati sulla PROBABILITÀ del rischio considerando i livelli di fiducia | K9: Impatto del rischio (NETTO) | L9: Probabilità del rischio (NETTO) | M9: Rischio complessivo attuale (NETTO)
C10: =A10*B10 -> 0 | D10: EC 1.1 | E10: L’Ufficio di Rendicontazione e Controllo dispone di una metodologia chiara di verifica di gestione che si basa sulle migliori pratiche comunemente accettate e prevede anche un'analisi del livello di rischio di frode. | K10: =A10+I10 -> 0 | L10: =B10+J10 -> 0 | M10: =K10*L10 -> 0
D11: EC 1.2 | E11: L’Amministrazione Centrale garantisce che il personale dell’Ufficio di Rendicontazione e Controllo che svolge le verifiche di gestione è adeguatamente qualificato ed esperto, oltre ad essere provvisto di una formazione aggiornata in materia di sensibilizzazione alle frodi e ai conflitti di interesse
D12: EC 1.3 | E12: L’Ufficio di Rendicontazione e Controllo garantisce una adeguata metodologia di controllo per la verifica della corrispondenza tra gli importi complessivi certificati alla Amministrazione Centrale e le singole registrazioni di spesa.
D13: EC 1.4 | E13: L'Amministrazione Centrale istituisce una Commissione secondaria al fine di valutare a campione le verifiche sulla gestione amministrativo-contabile e verificare che tale gestione sia stata effettuata in conformità con le direttive e le normative pertinenti in materia.
D14: EC 1.5 | E14: L’Amministrazione Centrale garantisce che ci sia un corretto dimensionamento tra i progetti attivi da monitorare e le risorse delegate all’Ufficio di Rendicontazione e Controllo
D15: EC 1.X | E15: Inserire la descrizione di ulteriori controlli...
A18: RISCHIO NETTO | D18: PIANO D'AZIONE | K18: RISCHIO PREVISTO
A19: Impatto del rischio (NETTO) | B19: Probabilità del rischio (NETTO) | C19: Rischio complessivo attuale (NETTO) | D19: Nuovo controllo in programma | F19: Responsabile | G19: Termine ultimo per l'attuazione | I19: Effetto dei controlli combinati in programma sul nuovo IMPATTO del rischio (NETTO) | J19: Effetto dei controlli combinati in programma sulla nuova PROBABILITÀ del rischio (NETTO) | K19: Impatto del rischio (PREVISTO) | L19: Probabilità del rischio (PREVISTO) | M19: Rischio complessivo (PREVISTO)
C20: =M10 -> 0 | K20: =A20+I20 -> 0 | L20: =B20+J20 -> 0 | M20: =K20*L20 -> 0
B52: 1 | C52: -1
B53: 2 | C53: -2
B54: 3 | C54: -3
B55: 4 | C55: -4
B56: 5 | C56: -5

Sheet RS1
C3: DESCRIZIONE DEL RISCHIO
C4: Rif. rischio | D4: Rischio | E4: Descrizione del rischio | F4: Chi è coinvolto nel rischio? Amministrazione Titolare / Soggetti Attuatori (SA) | G4: Il rischio è interno all'Amministrazione Titolare, esterno o frutto di collusione?
C5: ='4.Rendicontazione delle spese'!A6 -> RS1 | D5: ='4.Rendicontazione delle spese'!B6 -> Processo di verifica sulla documentazione amministrativo-contabile incompleto / inadeguato | E5: ='4.Rendicontazione delle spese'!C6 -> Può accadere che le verifiche non garantiscano adeguatamente l'assenza di frodi perché l'Ufficio di Rendicontazione e Controllo dell'Amministrazione Titolare non dispone delle risorse o delle competenze necessarie in materia | F5: ='4.Rendicontazione delle spese'!D6 -> Amministrazione Titolare | G5: ='4.Rendicontazione delle spese'!E6 -> Interno
A8: RISCHIO LORDO | D8: CONTROLLI ESISTENTI | K8: RISCHIO NETTO
A9: Impatto del rischio (LORDO) | B9: Probabilità del rischio (LORDO) | C9: Rischio complessivo (LORDO) | D9: Rif. controllo | E9: Descrizione del controllo | F9: Può dimostrare il funzionamento di questo controllo? | G9: Effettua regolarmente un test di questo controllo? | H9: Quanto ritiene che sia efficace questo controllo? | I9: Effetto dei controlli combinati sull'IMPATTO del rischio considerando i livelli di fiducia | J9: Effetto dei controlli combinati sulla PROBABILITÀ del rischio considerando i livelli di fiducia | K9: Impatto del rischio (NETTO) | L9: Probabilità del rischio (NETTO) | M9: Rischio complessivo attuale (NETTO)
A10: 3 | B10: 1 | C10: =A10*B10 -> 3 | D10: RSC 1.1 | E10: L’Ufficio di Rendicontazione e Controllo dispone di una metodologia chiara di verifica che si basa sulle migliori pratiche comunemente accettate e prevede anche un'analisi del livello di rischio di frode | F10: SI | G10: SI | H10: MEDIO | I10: -1 | J10: 0 | K10: =A10+I10 -> 2 | L10: =B10+J10 -> 1 | M10: =K10*L10 -> 2
D11: RSC 1.2 | E11: L’Amministrazione Titolare garantisce che il personale dell’Ufficio di Rendicontazione e Controllo, che svolge le verifiche, sia adeguatamente qualificato ed esperto, oltre ad essere provvisto di una formazione aggiornata anche in materia di sensibilizzazione alle frodi e ai conflitti di interesse | F11: SI | G11: SI | H11: MEDIO
D12: RSC 1.3 | E12: L’Ufficio di Rendicontazione e Controllo garantisce una adeguata metodologia di controllo per la verifica della corrispondenza tra gli importi complessivi rendicontati alla Amministrazione Titolare e le singole registrazioni di spesa | F12: SI | G12: SI | H12: MEDIO
D13: RSC 1.4 | E13: L’Amministrazione Titolare garantisce che ci sia un corretto dimensionamento tra le spese da monitorare e le risorse delegate all’Ufficio di Rendicontazione e Controllo | F13: SI | G13: SI | H13: BASSO
D14: RSC 1.5 | E14: L'Amministrazione Titolare garantisce che l'Ufficio di Rendicontazione e Controllo si attenga ad appositi flussi procedurali, informativi e documentali (SiGeCo e Piste di Controllo) | F14: SI | G14: SI | H14: MEDIO
A15: organizzativo / strategico
A16: immagine
A17: RISCHIO NETTO | D17: PIANO D'AZIONE | K17: RISCHIO PREVISTO
A18: Impatto del rischio (NETTO) | B18: Probabilità del rischio (NETTO) | C18: Rischio complessivo attuale (NETTO) | D18: Nuovo controllo in programma | F18: Responsabile | G18: Termine ultimo per l'attuazione | I18: Effetto dei controlli combinati in programma sul nuovo IMPATTO del rischio (NETTO) | J18: Effetto dei controlli combinati in programma sulla nuova PROBABILITÀ del rischio (NETTO) | K18: Impatto del rischio (PREVISTO) | L18: Probabilità del rischio (PREVISTO) | M18: Rischio complessivo (PREVISTO)
C19: =M10 -> 2 | K19: =A19+I19 -> 0 | L19: =B19+J19 -> 0 | M19: =K19*L19 -> 0
B51: 1 | C51: -1
B52: 2 | C52: -2
B53: 3 | C53: -3
B54: 4 | C54: -4
B55: 5 | C55: -5

Sheet RS2
C3: DESCRIZIONE DEL RISCHIO
C4: Rif. rischio | D4: Rischio | E4: Descrizione del rischio | F4: Chi è coinvolto nel rischio? Amministrazione Titolare / Soggetti Attuatori (SA) | G4: Il rischio è interno all'Amministrazione Titolare, esterno o frutto di collusione?
C5: ='4.Rendicontazione delle spese'!A7 -> RS2 | D5: ='4.Rendicontazione delle spese'!B7 -> Conflitti di interesse nell'Ufficio di Rendicontazione e Controllo dell'Amministrazione Titolare coinvolto nel processo di verifica sulla documentazione amministrativo-contabile | E5: ='4.Rendicontazione delle spese'!C7 -> Può accadere che membri dell'Ufficio di Rendicontazione e Controllo dell'Amministrazione Titolare abbiano conflitti d'interesse che influiscono indebitamente sull'approvazione dei pagamenti relativamente a taluni Soggetti attuatori | F5: ='4.Rendicontazione delle spese'!D7 -> Amministrazione Titolare / Soggetti Attuatori | G5: ='4.Rendicontazione delle spese'!E7 -> Interno/Collusione
A8: RISCHIO LORDO | D8: CONTROLLI ESISTENTI | K8: RISCHIO NETTO
A9: Impatto del rischio (LORDO) | B9: Probabilità del rischio (LORDO) | C9: Rischio complessivo (LORDO) | D9: Rif. controllo | E9: Descrizione del controllo | F9: Può dimostrare il funzionamento di questo controllo? | G9: Effettua regolarmente un test di questo controllo? | H9: Quanto ritiene che sia efficace questo controllo? | I9: Effetto dei controlli combinati sull'IMPATTO del rischio considerando i livelli di fiducia | J9: Effetto dei controlli combinati sulla PROBABILITÀ del rischio considerando i livelli di fiducia | K9: Impatto del rischio (NETTO) | L9: Probabilità del rischio (NETTO) | M9: Rischio complessivo attuale (NETTO)
A10: 3 | B10: 2 | C10: =A10*B10 -> 6 | D10: RSC 2.1 | E10: L’Amministrazione Titolare garantisce che il processo di verifica della documentazione amministrativo-contabile si svolga in diverse fasi separate e nel rispetto del principio di segregazione dei ruoli | F10: SI | G10: SI | H10: MEDIO | I10: -1 | J10: -1 | K10: =A10+I10 -> 2 | L10: =B10+J10 -> 1 | M10: =K10*L10 -> 2
D11: RSC 2.2 | E11: L'Amministrazione Titolare garantisce che i suoi membri sono consapevoli delle conseguenze di comportamenti che possano mettere in dubbio la loro integrità, con una chiara descrizione di tali conseguenze e delle relative infrazioni specifiche | F11: SI | G11: SI | H11: MEDIO
D12: RSC 2.3 | E12: L’Amministrazione Titolare garantisce che l’eventuale presenza di un conflitto d’interesse sia gestito nel rispetto del quadro normativo applicabile | F12: SI | G12: SI | H12: MEDIO
D13: RSC 2.4 | E13: L’Amministrazione Titolare garantisce misure/meccanismi che assicurino la massima trasparenza di tutte le fasi del processo di verifica di gestione della documentazione amministrativo-contabile | F13: SI | G13: SI | H13: MEDIO
D14: RSC 2.5 | E14: Il personale dell’Ufficio di Rendicontazione e Controllo rilascia apposite dichiarazioni attestanti l’assenza del conflitto di interessi e di situazioni di incompatibilità prima dell’inizio dell’attività di verifica | F14: SI | G14: SI | H14: MEDIO
D15: RSC 2.6 | E15: L’Amministrazione Titolare fornisce orientamenti chiari e una formazione al proprio personale e/o ai Soggetti attuatori sull'etica, sui conflitti di interessi e sulle conseguenze della mancata adesione alle linee guida approvate | F15: SI | G15: SI | H15: MEDIO
A16: organizzativo / strategico | B16: interessi esterni
A17: economico / finanziario
A18: RISCHIO NETTO | D18: PIANO D'AZIONE | K18: RISCHIO PREVISTO
A19: Impatto del rischio (NETTO) | B19: Probabilità del rischio (NETTO) | C19: Rischio complessivo attuale (NETTO) | D19: Nuovo controllo in programma | F19: Responsabile | G19: Termine ultimo per l'attuazione | I19: Effetto dei controlli combinati in programma sul nuovo IMPATTO del rischio (NETTO) | J19: Effetto dei controlli combinati in programma sulla nuova PROBABILITÀ del rischio (NETTO) | K19: Impatto del rischio (PREVISTO) | L19: Probabilità del rischio (PREVISTO) | M19: Rischio complessivo (PREVISTO)
C20: =M10 -> 2 | K20: =A20+I20 -> 0 | L20: =B20+J20 -> 0 | M20: =K20*L20 -> 0
B52: 1 | C52: -1
B53: 2 | C53: -2
B54: 3 | C54: -3
B55: 4 | C55: -4
B56: 5 | C56: -5

Sheet RS3
C3: DESCRIZIONE DEL RISCHIO
C4: Rif. rischio | D4: Rischio | E4: Descrizione del rischio | F4: Chi è coinvolto nel rischio? Amministrazione Titolare / Soggetti Attuatori (SA) | G4: Il rischio è interno all'Amministrazione Titolare, esterno o frutto di collusione?
C5: ='4.Rendicontazione delle spese'!A8 -> RS3 | D5: ='4.Rendicontazione delle spese'!B8 -> Fraudolenta dichiarazione dei dati sull'avanzamento delle spese | E5: ='4.Rendicontazione delle spese'!C8 -> Può accadere che un Soggetto attuatore dichiari deliberatamente dati sovrastimati circa l'avanzamento delle spese (anche su sistema informativo ReGiS) | F5: ='4.Rendicontazione delle spese'!D8 -> Amministrazione Titolare / Soggetti Attuatori | G5: ='4.Rendicontazione delle spese'!E8 -> Esterno
A8: RISCHIO LORDO | D8: CONTROLLI ESISTENTI | K8: RISCHIO NETTO
A9: Impatto del rischio (LORDO) | B9: Probabilità del rischio (LORDO) | C9: Rischio complessivo (LORDO) | D9: Rif. controllo | E9: Descrizione del controllo | F9: Può dimostrare il funzionamento di questo controllo? | G9: Effettua regolarmente un test di questo controllo? | H9: Quanto ritiene che sia efficace questo controllo? | I9: Effetto dei controlli combinati sull'IMPATTO del rischio considerando i livelli di fiducia | J9: Effetto dei controlli combinati sulla PROBABILITÀ del rischio considerando i livelli di fiducia | K9: Impatto del rischio (NETTO) | L9: Probabilità del rischio (NETTO) | M9: Rischio complessivo attuale (NETTO)
A10: 2 | B10: 2 | C10: =A10*B10 -> 4 | D10: RSC 3.1 | E10: L'Amministrazione Titolare verifica che le dichiarazioni delle spese sostenute siano state correttamente rendicontate attraverso idonee domande di rimborso presentate in conformità alle procedure in essere | F10: SI | G10: SI | H10: MEDIO | I10: -1 | J10: -1 | K10: =A10+I10 -> 1 | L10: =B10+J10 -> 1 | M10: =K10*L10 -> 1
D11: RSC 3.2 | E11: L'Amministrazione Titolare verifica l’effettiva effettuazione dei controlli in merito alla regolarità amministrativo-contabile effettuati dal Soggetto attuatore | F11: SI | G11: SI | H11: MEDIO
D12: RSC 3.3 | E12: L'Amministrazione Titolare verifica che il Soggetto attuatore abbia correttamente allegato tutta la documentazione probatoria necessaria all’interno del sistema informativo ReGiS | F12: SI | G12: SI | H12: MEDIO
D13: RSC 3.4 | E13: L’Amministrazione Titolare prevede la trasmissione di relazioni specifiche sullo stato di attuazione del progetto | F13: SI | G13: SI | H13: MEDIO
D14: RSC 3.5 | E14: L’Amministrazione Titolare verifica la coerenza dei dati inseriti nel Rendiconto di Progetto rispetto allo stato di avanzamento del progetto | F14: SI | G14: SI | H14: MEDIO
D15: RSC 3.6 | E15: L’Amministrazione Titolare effettua delle verifiche a campione circa la regolarità delle spese e delle relative procedure rendicontate dai Soggetti attuatori in base a degli indicatori di anomalia e all'analisi di rischio | F15: SI | G15: SI | H15: ALTO
D16: RSC 3.7 | E16: L’Amministrazione Titolare garantisce l’effettuazione di tutti i controlli ordinari su tutti gli atti di competenza amministrativa, contabili, fiscali direttamente o indirettamente collegati alle spese sostenute (es. approvazioni di SAL, certificati di regolare esecuzione, certificati di pagamento) in coerenza con la normativa nazionale e comunitaria | F16: SI | G16: SI | H16: ALTO
D17: RSC 3.8 | E17: L'Amministrazione Titolare fornisce ai soggetti attuatori chiare istruzioni operative, indicazioni metodologiche e/o strumenti standard da considerare ai fini della rendicontazione delle spese | F17: SI | G17: SI | H17: MEDIO
A18: economico / finanziario | B18: interessi esterni
A20: RISCHIO NETTO | D20: PIANO D'AZIONE | K20: RISCHIO PREVISTO
A21: Impatto del rischio (NETTO) | B21: Probabilità del rischio (NETTO) | C21: Rischio complessivo attuale (NETTO) | D21: Nuovo controllo in programma | F21: Responsabile | G21: Termine ultimo per l'attuazione | I21: Effetto dei controlli combinati in programma sul nuovo IMPATTO del rischio (NETTO) | J21: Effetto dei controlli combinati in programma sulla nuova PROBABILITÀ del rischio (NETTO) | K21: Impatto del rischio (PREVISTO) | L21: Probabilità del rischio (PREVISTO) | M21: Rischio complessivo (PREVISTO)
C22: =M10 -> 1 | K22: =A22+I22 -> 0 | L22: =B22+J22 -> 0 | M22: =K22*L22 -> 0
B54: 1 | C54: -1
B55: 2 | C55: -2
B56: 3 | C56: -3
B57: 4 | C57: -4
B58: 5 | C58: -5

Sheet RS4
C3: DESCRIZIONE DEL RISCHIO
C4: Rif. rischio | D4: Rischio | E4: Descrizione del rischio | F4: Chi è coinvolto nel rischio? Amministrazione Titolare / Soggetti Attuatori (SA) | G4: Il rischio è interno all'Amministrazione Titolare, esterno o frutto di collusione?
C5: ='4.Rendicontazione delle spese'!A9 -> RS4 | D5: ='4.Rendicontazione delle spese'!B9 -> Mancata segnalazione delle irregolarità | E5: ='4.Rendicontazione delle spese'!C9 -> L'Ufficio di Rendicontazione e Controllo dell'Amministrazione Titolare non segnala deliberatamente irregolarità alle Autorità competenti | F5: ='4.Rendicontazione delle spese'!D9 -> Amministrazione Titolare | G5: ='4.Rendicontazione delle spese'!E9 -> Interno
A8: RISCHIO LORDO | D8: CONTROLLI ESISTENTI | K8: RISCHIO NETTO
A9: Impatto del rischio (LORDO) | B9: Probabilità del rischio (LORDO) | C9: Rischio complessivo (LORDO) | D9: Rif. controllo | E9: Descrizione del controllo | F9: Può dimostrare il funzionamento di questo controllo? | G9: Effettua regolarmente un test di questo controllo? | H9: Quanto ritiene che sia efficace questo controllo? | I9: Effetto dei controlli combinati sull'IMPATTO del rischio considerando i livelli di fiducia | J9: Effetto dei controlli combinati sulla PROBABILITÀ del rischio considerando i livelli di fiducia | K9: Impatto del rischio (NETTO) | L9: Probabilità del rischio (NETTO) | M9: Rischio complessivo attuale (NETTO)
A10: 3 | B10: 2 | C10: =A10*B10 -> 6 | D10: RSC 4.1 | E10: L’Amministrazione Titolare ha istituito un quality assurance incaricato di esaminare a campione, nell'ambito di un processo strutturato di quality review, le attività svolte dall’Ufficio di Rendicontazione e Controllo | F10: NO | I10: -1 | J10: -1 | K10: =A10+I10 -> 2 | L10: =B10+J10 -> 1 | M10: =K10*L10 -> 2
D11: RSC 4.2 | E11: L'Amministrazione Titolare garantisce i controlli sui flussi procedurali, informativi e documentali (SiGeCo e Piste di Controllo), recependo ed adeguando i propri strumenti gestionali alle indicazioni e alle misure suggerite dalla Rete dei Referenti Antifrode ed avvalendosi dell'adesione a specifici Protocolli d'Intesa | F11: SI | G11: SI | H11: ALTO
D12: RSC 4.3 | E12: L’Amministrazione Titolare definisce chiaramente ed esaustivamente gli aspetti da sottoporre a controllo, anche tramite il ricorso ad apposite check list | F12: SI | G12: SI | H12: ALTO
D13: RSC 4.4 | E13: L'Amministrazione Titolare effettua controlli incrociati delle dichiarazioni e della documentazione presentata con fonti indipendenti (consultazione piattaforme) | F13: SI | G13: SI | H13: MEDIO
D14: RSC 4.5 | E14: L'Amministrazione Titolare registra informaticamente tutta la documentazione comprovante le attività svolte, gli esiti del controllo e dei follow up | F14: SI | G14: SI | H14: MEDIO
D15: RSC 4.6 | E15: L’Amministrazione Titolare/Soggetto attuatore attua e rende pubblico un meccanismo per denunciare le irregolarità in caso di sospetta condotta fraudolenta (whistleblowing) | F15: SI | G15: SI | H15: MEDIO
D16: RSC 4.7 | E16: L’Amministrazione Titolare/Soggetto attuatore adotta un Codice Etico che contempla le principali regole di condotta del personale (ad es. Codice di comportamento dei dipendenti pubblici – patto di integrità) e ne cura la diffusione/condivisione | F16: SI | G16: SI | H16: MEDIO
A17: organizzativo/strategico | B17: informatizzazione
A18: immagine
A19: RISCHIO NETTO | D19: PIANO D'AZIONE | K19: RISCHIO PREVISTO
A20: Impatto del rischio (NETTO) | B20: Probabilità del rischio (NETTO) | C20: Rischio complessivo attuale (NETTO) | D20: Nuovo controllo in programma | F20: Responsabile | G20: Termine ultimo per l'attuazione | I20: Effetto dei controlli combinati in programma sul nuovo IMPATTO del rischio (NETTO) | J20: Effetto dei controlli combinati in programma sulla nuova PROBABILITÀ del rischio (NETTO) | K20: Impatto del rischio (PREVISTO) | L20: Probabilità del rischio (PREVISTO) | M20: Rischio complessivo (PREVISTO)
C21: =M10 -> 2 | K21: =A21+I21 -> 0 | L21: =B21+J21 -> 0 | M21: =K21*L21 -> 0
B51: 1 | C51: -1
B52: 2 | C52: -2
B53: 3 | C53: -3
B54: 4 | C54: -4
B55: 5 | C55: -5

Sheet RS5
C3: DESCRIZIONE DEL RISCHIO
C4: Rif. rischio | D4: Rischio | E4: Descrizione del rischio | F4: Chi è coinvolto nel rischio? Amministrazione Titolare / Soggetti Attuatori (SA) | G4: Il rischio è interno all'Amministrazione Titolare, esterno o frutto di collusione?
C5: ='4.Rendicontazione delle spese'!A10 -> RS5 | D5: ='4.Rendicontazione delle spese'!B10 -> Doppio finanziamento | E5: ='4.Rendicontazione delle spese'!C10 -> Può accadere che siano rilasciate all'Amministrazione Titolare false attestazioni circa l'insussistenza di casi di doppio finanziamento | F5: ='4.Rendicontazione delle spese'!D10 -> Amministrazione Titolare / Soggetti Attuatori | G5: ='4.Rendicontazione delle spese'!E10 -> Esterno
A8: RISCHIO LORDO | D8: CONTROLLI ESISTENTI | K8: RISCHIO NETTO
A9: Impatto del rischio (LORDO) | B9: Probabilità del rischio (LORDO) | C9: Rischio complessivo (LORDO) | D9: Rif. controllo | E9: Descrizione del controllo | F9: Può dimostrare il funzionamento di questo controllo? | G9: Effettua regolarmente un test di questo controllo? | H9: Quanto ritiene che sia efficace questo controllo? | I9: Effetto dei controlli combinati sull'IMPATTO del rischio considerando i livelli di fiducia | J9: Effetto dei controlli combinati sulla PROBABILITÀ del rischio considerando i livelli di fiducia | K9: Impatto del rischio (NETTO) | L9: Probabilità del rischio (NETTO) | M9: Rischio complessivo attuale (NETTO)
A10: 3 | B10: 2 | C10: =A10*B10 -> 6 | D10: RSC 5.1 | E10: L’Amministrazione Titolare prevede la verifica della presenza all’interno dei documenti giustificativi di spesa emessi dal fornitore di elementi obbligatori di tracciabilità previsti dalla vigente normativa, come CUP/CIG/Fonte di finanziamento e titolo del Progetto | F10: SI | G10: SI | H10: ALTO | I10: -1 | J10: -1 | K10: =A10+I10 -> 2 | L10: =B10+J10 -> 1 | M10: =K10*L10 -> 2
D11: RSC 5.2 | E11: L’Amministrazione Titolare prevede controlli incrociati, volti ad identificare situazioni di doppio finanziamento, tramite l’utilizzo di banche dati pubbliche e private nazionali e internazionali (ReGiS, Arachne, Piaf), nonché qualsiasi altra informazione pertinente a disposizione delle istituzioni e, in caso di esito positivo (presenza di alert), ne approfondisce le motivazioni | F11: SI | G11: SI | H11: ALTO
D12: RSC 5.3 | E12: L’Amministrazione Titolare prevede una attività periodica di controlli ordinari previsti dalla normativa vigente | F12: SI | G12: SI | H12: ALTO
D13: RSC 5.4 | E13: L’Amministrazione Titolare archivia tutta la documentazione atta a comprovare l’effettivo e regolare svolgimento dei controlli | F13: SI | G13: SI | H13: MEDIO
D14: RSC 5.5 | E14: L’Amministrazione Titolare prevede la verifica della veridicità, correttezza e coerenza delle dichiarazioni rilasciate in merito al doppio finanziamento | F14: SI | G14: SI | H14: ALTO
D15: RSC 5.6 | E15: L’Amministrazione Titolare in caso di sospetto doppio finanziamento richiede ulteriore documentazione all’Amministrazione terza titolare responsabile della progettualità in esame | F15: SI | G15: SI | H15: MEDIO
D16: RSC 5.7 | E16: L'Amministrazione Centrale richiede che la rendicontazione delle spese sia corredata da idonea documentazione atta a comprovare in maniera puntuale ed esaustiva a quali attività/servizi/fornitura siano riconducibili le spese | F16: SI | G16: SI | H16: MEDIO
A17: organizzativo / strategico | B17: interessi esterni
A18: economico / finanziario
A19: RISCHIO NETTO | D19: PIANO D'AZIONE | K19: RISCHIO PREVISTO
A20: Impatto del rischio (NETTO) | B20: Probabilità del rischio (NETTO) | C20: Rischio complessivo attuale (NETTO) | D20: Nuovo controllo in programma | F20: Responsabile | G20: Termine ultimo per l'attuazione | I20: Effetto dei controlli combinati in programma sul nuovo IMPATTO del rischio (NETTO) | J20: Effetto dei controlli combinati in programma sulla nuova PROBABILITÀ del rischio (NETTO) | K20: Impatto del rischio (PREVISTO) | L20: Probabilità del rischio (PREVISTO) | M20: Rischio complessivo (PREVISTO)
C21: =M10 -> 2 | K21: =A21+I21 -> 0 | L21: =B21+J21 -> 0 | M21: =K21*L21 -> 0
B53: 1 | C53: -1
B54: 2 | C54: -2
B55: 3 | C55: -3
B56: 4 | C56: -4
B57: 5 | C57: -5

Sheet RS6
C3: DESCRIZIONE DEL RISCHIO
C4: Rif. rischio | D4: Rischio | E4: Descrizione del rischio | F4: Chi è coinvolto nel rischio? Amministrazione Titolare / Soggetti Attuatori (SA) | G4: Il rischio è interno all'Amministrazione Titolare, esterno o frutto di collusione?
C5: ='4.Rendicontazione delle spese'!A11 -> RS6 | D5: ='4.Rendicontazione delle spese'!B11 -> Falsa attestatzione sul rispetto delle condizionalità specifiche di Investimenti e Riforme | E5: ='4.Rendicontazione delle spese'!C11 -> Può accadere che siano rilasciate all'Amministrazione Titolare false attestazioni circa il rispetto delle condizionalità specifiche PNRR, al fine di attestare il raggiungimento di Milestone e/o Target | F5: ='4.Rendicontazione delle spese'!D11 -> Amministrazione Titolare / Soggetti Attuatori | G5: ='4.Rendicontazione delle spese'!E11 -> Esterno
A8: RISCHIO LORDO | D8: CONTROLLI ESISTENTI | K8: RISCHIO NETTO
A9: Impatto del rischio (LORDO) | B9: Probabilità del rischio (LORDO) | C9: Rischio complessivo (LORDO) | D9: Rif. controllo | E9: Descrizione del controllo | F9: Può dimostrare il funzionamento di questo controllo? | G9: Effettua regolarmente un test di questo controllo? | H9: Quanto ritiene che sia efficace questo controllo? | I9: Effetto dei controlli combinati sull'IMPATTO del rischio considerando i livelli di fiducia | J9: Effetto dei controlli combinati sulla PROBABILITÀ del rischio considerando i livelli di fiducia | K9: Impatto del rischio (NETTO) | L9: Probabilità del rischio (NETTO) | M9: Rischio complessivo attuale (NETTO)
A10: 3 | B10: 2 | C10: =A10*B10 -> 6 | D10: RSC 6.1 | E10: L’Amministrazione Titolare verifica l’avvenuto rilascio dal Soggetto Attuatore di idonea documentazione e/o attestazione di svolgimento delle misure/controlli per il rispetto delle condizionalità specifiche | F10: SI | G10: SI | H10: MEDIO | I10: -1 | J10: -1 | K10: =A10+I10 -> 2 | L10: =B10+J10 -> 1 | M10: =K10*L10 -> 2
D11: RSC 6.2 | E11: L’Amministrazione Titolare verifica la coerenza delle tempistiche e modalità di realizzazione delle attività progettuali con il cronoprogramma procedurale | F11: SI | G11: SI | H11: ALTO
D12: RSC 6.3 | E12: L’Amministrazione Titolare verifica il rilascio e la corretta archiviazione di eventuali documenti probatori utili ad attestare il contributo a Milestone & Target associati al progetto | F12: SI | G12: SI | H12: ALTO
D13: RSC 6.4 | E13: L’Amministrazione Titolare attesta tramite il sistema informativo ReGiS l’attività di controllo svolta | F13: SI | G13: SI | H13: MEDIO
D14: RSC 6.5 | E14: L’Amministrazione Titolare predispone un sistema di archiviazione di tutta la documentazione idonea a comprovare l’attività di controllo nonché a garantire l’integrità della documentazione stessa | F14: SI | G14: SI | H14: MEDIO
D15: RSC 6.6 | E15: L’Amministrazione Titolare effettua il controllo anche con il supporto di adeguate check-list che garantiscano gli elementi minimi che devono essere previsti in fase di verifica | F15: SI | G15: SI | H15: ALTO
D16: RSC 6.7 | E16: L'Amministrazione Titolare fornisce ai Soggetti attuatori chiare istruzioni operative, indicazioni metodologiche e/o strumenti standard da considerare ai fini della rendicontazione delle spese | F16: SI | G16: SI | H16: MEDIO
A17: organizzativo/strategico | B17: interessi esterni
A18: immagine
A19: RISCHIO NETTO | D19: PIANO D'AZIONE | K19: RISCHIO PREVISTO
A20: Impatto del rischio (NETTO) | B20: Probabilità del rischio (NETTO) | C20: Rischio complessivo attuale (NETTO) | D20: Nuovo controllo in programma | F20: Responsabile | G20: Termine ultimo per l'attuazione | I20: Effetto dei controlli combinati in programma sul nuovo IMPATTO del rischio (NETTO) | J20: Effetto dei controlli combinati in programma sulla nuova PROBABILITÀ del rischio (NETTO) | K20: Impatto del rischio (PREVISTO) | L20: Probabilità del rischio (PREVISTO) | M20: Rischio complessivo (PREVISTO)
C21: =M10 -> 2 | K21: =A21+I21 -> 0 | L21: =B21+J21 -> 0 | M21: =K21*L21 -> 0
B53: 1 | C53: -1
B54: 2 | C54: -2
B55: 3 | C55: -3
B56: 4 | C56: -4
B57: 5 | C57: -5

Sheet RS7
C3: DESCRIZIONE DEL RISCHIO
C4: Rif. rischio | D4: Rischio | E4: Descrizione del rischio | F4: Chi è coinvolto nel rischio? Amministrazione Titolare / Soggetti Attuatori (SA) | G4: Il rischio è interno all'Amministrazione Titolare, esterno o frutto di collusione?
C5: ='4.Rendicontazione delle spese'!A12 -> RS7 | D5: ='4.Rendicontazione delle spese'!B12 -> Falsa attestazione sul rispetto del principio di DNSH | E5: ='4.Rendicontazione delle spese'!C12 -> Può accadere che siano rilasciate all'Amministrazione Titolare false attestazioni circa il rispetto del principio DNSH | F5: ='4.Rendicontazione delle spese'!D12 -> Amministrazione Titolare / Soggetti Attuatori | G5: ='4.Rendicontazione delle spese'!E12 -> Esterno
A8: RISCHIO LORDO | D8: CONTROLLI ESISTENTI | K8: RISCHIO NETTO
A9: Impatto del rischio (LORDO) | B9: Probabilità del rischio (LORDO) | C9: Rischio complessivo (LORDO) | D9: Rif. controllo | E9: Descrizione del controllo | F9: Può dimostrare il funzionamento di questo controllo? | G9: Effettua regolarmente un test di questo controllo? | H9: Quanto ritiene che sia efficace questo controllo? | I9: Effetto dei controlli combinati sull'IMPATTO del rischio considerando i livelli di fiducia | J9: Effetto dei controlli combinati sulla PROBABILITÀ del rischio considerando i livelli di fiducia | K9: Impatto del rischio (NETTO) | L9: Probabilità del rischio (NETTO) | M9: Rischio complessivo attuale (NETTO)
A10: 3 | B10: 2 | C10: =A10*B10 -> 6 | D10: RSC 7.1 | E10: L’Amministrazione Titolare verifica l’avvenuto rilascio dal Soggetto Attuatore di idonea documentazione e/o attestazione di svolgimento delle misure/controlli per il rispetto del DNSH | F10: SI | G10: SI | H10: MEDIO | I10: -1 | J10: -1 | K10: =A10+I10 -> 2 | L10: =B10+J10 -> 1 | M10: =K10*L10 -> 2
D11: RSC 7.2 | E11: L’Amministrazione Titolare verifica la correttezza, completezza e coerenza della documentazione attestante l’attuazione del progetto in riferimento al principio del DNSH | F11: SI | G11: SI | H11: ALTO
D12: RSC 7.3 | E12: L’Amministrazione Titolare attesta tramite il sistema informativo ReGiS l’attività di controllo svolta | F12: SI | G12: SI | H12: MEDIO
D13: RSC 7.4 | E13: L’Amministrazione Titolare predispone un sistema di archiviazione di tutta la documentazione idonea a comprovare l’attività di controllo nonché a garantire l’integrità della documentazione stessa | F13: SI | G13: SI | H13: MEDIO
D14: RSC 7.5 | E14: L’Amministrazione Titolare effettua il controllo anche con il supporto di adeguate check-list che garantiscano gli elementi minimi che devono essere previsti in fase di verifica | F14: SI | G14: SI | H14: ALTO
D15: RSC 7.6 | E15: L'Amministrazione Titolare assicura un'idonea formazione del personale sulle materie oggetto di interesse | F15: SI | G15: SI | H15: MEDIO
D16: RSC 7.7 | E16: L'Amministrazione Titolare garantisce l'assegnazione dei controlli a personale qualificato | F16: SI | G16: SI | H16: MEDIO
A17: organizzativo / strategico | B17: interessi esterni
A18: immagine
A19: RISCHIO NETTO | D19: PIANO D'AZIONE | K19: RISCHIO PREVISTO
A20: Impatto del rischio (NETTO) | B20: Probabilità del rischio (NETTO) | C20: Rischio complessivo attuale (NETTO) | D20: Nuovo controllo in programma | F20: Responsabile | G20: Termine ultimo per l'attuazione | I20: Effetto dei controlli combinati in programma sul nuovo IMPATTO del rischio (NETTO) | J20: Effetto dei controlli combinati in programma sulla nuova PROBABILITÀ del rischio (NETTO) | K20: Impatto del rischio (PREVISTO) | L20: Probabilità del rischio (PREVISTO) | M20: Rischio complessivo (PREVISTO)
C21: =M10 -> 2 | K21: =A21+I21 -> 0 | L21: =B21+J21 -> 0 | M21: =K21*L21 -> 0
B53: 1 | C53: -1
B54: 2 | C54: -2
B55: 3 | C55: -3
B56: 4 | C56: -4
B57: 5 | C57: -5

Sheet RS8
C3: DESCRIZIONE DEL RISCHIO
C4: Rif. rischio | D4: Rischio | E4: Descrizione del rischio | F4: Chi è coinvolto nel rischio? Amministrazione Titolare / Soggetti Attuatori (SA) | G4: Il rischio è interno all'Amministrazione Titolare, esterno o frutto di collusione?
C5: ='4.Rendicontazione delle spese'!A13 -> RS8 | D5: ='4.Rendicontazione delle spese'!B13 -> Falsa attestazione sul rispetto dei principi trasversali | E5: ='4.Rendicontazione delle spese'!C13 -> Può accadere che siano rilasciate all'Amministrazione Titolare false attestazioni circa il rispetto dei requisiti e dei vincoli legati ai principi trasversali (parità di genere, politiche per i giovani, Quota Sud, aiuti di stato - ove richiesto) | F5: ='4.Rendicontazione delle spese'!D12 -> Amministrazione Titolare / Soggetti Attuatori | G5: ='4.Rendicontazione delle spese'!E12 -> Esterno
A8: RISCHIO LORDO | D8: CONTROLLI ESISTENTI | K8: RISCHIO NETTO
A9: Impatto del rischio (LORDO) | B9: Probabilità del rischio (LORDO) | C9: Rischio complessivo (LORDO) | D9: Rif. controllo | E9: Descrizione del controllo | F9: Può dimostrare il funzionamento di questo controllo? | G9: Effettua regolarmente un test di questo controllo? | H9: Quanto ritiene che sia efficace questo controllo? | I9: Effetto dei controlli combinati sull'IMPATTO del rischio considerando i livelli di fiducia | J9: Effetto dei controlli combinati sulla PROBABILITÀ del rischio considerando i livelli di fiducia | K9: Impatto del rischio (NETTO) | L9: Probabilità del rischio (NETTO) | M9: Rischio complessivo attuale (NETTO)
A10: 3 | B10: 2 | C10: =A10*B10 -> 6 | D10: RSC 8.1 | E10: L’Amministrazione Titolare verifica l’avvenuto rilascio dal Soggetto Attuatore di idonea documentazione e/o attestazione di svolgimento delle misure/controlli per il rispetto dei principi trasversali del PNRR | F10: SI | G10: SI | H10: MEDIO | I10: -1 | J10: -1 | K10: =A10+I10 -> 2 | L10: =B10+J10 -> 1 | M10: =K10*L10 -> 2
D11: RSC 8.2 | E11: L’Amministrazione Titolare verifica la correttezza, completezza e coerenza della documentazione attestante l’attuazione del progetto in riferimento ai principi trasversali | F11: SI | G11: SI | H11: ALTO
D12: RSC 8.3 | E12: L’Amministrazione Titolare attesta tramite il sistema informativo ReGiS l’attività di controllo svolta | F12: SI | G12: SI | H12: MEDIO
D13: RSC 8.4 | E13: L’Amministrazione Titolare predispone un sistema di archiviazione di tutta la documentazione idonea a comprovare l’attività di controllo nonché a garantire l’integrità della documentazione stessa | F13: SI | G13: SI | H13: MEDIO
D14: RSC 8.5 | E14: L’Amministrazione Titolare effettua il controllo anche con il supporto di adeguate check-list che garantiscano gli elementi minimi che devono essere previsti in fase di verifica | F14: SI | G14: SI | H14: ALTO
D15: RSC 8.6 | E15: L'Amministrazione Titolare assicura un'idonea formazione del personale sulle materie oggetto di interesse | F15: SI | G15: SI | H15: MEDIO
D16: RSC 8.7 | E16: L'Amministrazione Titolare garantisce l'assegnazione dei controlli a personale qualificato | F16: SI | G16: SI | H16: MEDIO
A17: organizzativo / strategico | B17: interessi esterni
A18: immagine
A19: RISCHIO NETTO | D19: PIANO D'AZIONE | K19: RISCHIO PREVISTO
A20: Impatto del rischio (NETTO) | B20: Probabilità del rischio (NETTO) | C20: Rischio complessivo attuale (NETTO) | D20: Nuovo controllo in programma | F20: Responsabile | G20: Termine ultimo per l'attuazione | I20: Effetto dei controlli combinati in programma sul nuovo IMPATTO del rischio (NETTO) | J20: Effetto dei controlli combinati in programma sulla nuova PROBABILITÀ del rischio (NETTO) | K20: Impatto del rischio (PREVISTO) | L20: Probabilità del rischio (PREVISTO) | M20: Rischio complessivo (PREVISTO)
C21: =M10 -> 2 | K21: =A21+I21 -> 0 | L21: =B21+J21 -> 0 | M21: =K21*L21 -> 0
B53: 1 | C53: -1
B54: 2 | C54: -2
B55: 3 | C55: -3
B56: 4 | C56: -4
B57: 5 | C57: -5

Sheet RS9
C3: DESCRIZIONE DEL RISCHIO
C4: Rif. rischio | D4: Rischio | E4: Descrizione del rischio | F4: Chi è coinvolto nel rischio? Amministrazione Titolare / Soggetti Attuatori (SA) | G4: Il rischio è interno all'Amministrazione Titolare, esterno o frutto di collusione?
C5: ='4.Rendicontazione delle spese'!A14 -> RS9 | D5: ='4.Rendicontazione delle spese'!B14 -> Irregolarità nel campionamento di rendiconti/spese | E5: ='4.Rendicontazione delle spese'!C14 -> Campionamento di rendiconti/spese irregolare, effettuato in assenza di una metodologia basata su un'adeguata valutazione dei rischi e/o sulla base di criteri non oggettivi | F5: ='4.Rendicontazione delle spese'!D14 -> Amministrazione Titolare | G5: ='4.Rendicontazione delle spese'!E14 -> Interno
A8: RISCHIO LORDO | D8: CONTROLLI ESISTENTI | K8: RISCHIO NETTO
A9: Impatto del rischio (LORDO) | B9: Probabilità del rischio (LORDO) | C9: Rischio complessivo (LORDO) | D9: Rif. controllo | E9: Descrizione del controllo | F9: Può dimostrare il funzionamento di questo controllo? | G9: Effettua regolarmente un test di questo controllo? | H9: Quanto ritiene che sia efficace questo controllo? | I9: Effetto dei controlli combinati sull'IMPATTO del rischio considerando i livelli di fiducia | J9: Effetto dei controlli combinati sulla PROBABILITÀ del rischio considerando i livelli di fiducia | K9: Impatto del rischio (NETTO) | L9: Probabilità del rischio (NETTO) | M9: Rischio complessivo attuale (NETTO)
A10: 2 | B10: 3 | C10: =A10*B10 -> 6 | D10: RSC 9.1 | E10: L'Amministrazione Titolare definisce un'adeguata metodologia di campionamento, predisponendo apposite Note metodologiche, recependo ed adeguando i propri strumenti di valutazione del rischio alle indicazioni e alle misure suggerite dalla Rete dei Referenti Antifrode ed avvalendosi dell'adesione a specifici Protocolli d'Intesa | F10: SI | G10: SI | H10: ALTO | I10: -1 | J10: -1 | K10: =A10+I10 -> 1 | L10: =B10+J10 -> 2 | M10: =K10*L10 -> 2
D11: RSC 9.2 | E11: L'Amministrazione Titolare assicura un'idonea formazione del personale sulle materie oggetto di interesse | F11: SI | G11: SI | H11: MEDIO
D12: RSC 9.3 | E12: L'Amministrazione Titolare garantisce l'assegnazione dell'attività a personale qualificato | F12: SI | G12: SI | H12: MEDIO
D13: RSC 9.4 | E13: L'Amministrazione Titolare si avvale nella metodologia di campionamento dell’utilizzo integrato di sistemi e strumenti informatici di analisi dei potenziali rischi di frode (Arachne, PIAF, etc) | F13: SI | G13: SI | H13: MEDIO
D14: RSC 9.5 | E14: L'Amministrazione Titolare archivia informaticamente tutta la documentazione comprovante le attività svolte e gli esiti del controllo | F14: SI | G14: SI | H14: MEDIO
A15: immagine | B15: interessi esterni
B16: discrezionalità
A17: RISCHIO NETTO | D17: PIANO D'AZIONE | K17: RISCHIO PREVISTO
A18: Impatto del rischio (NETTO) | B18: Probabilità del rischio (NETTO) | C18: Rischio complessivo attuale (NETTO) | D18: Nuovo controllo in programma | F18: Responsabile | G18: Termine ultimo per l'attuazione | I18: Effetto dei controlli combinati in programma sul nuovo IMPATTO del rischio (NETTO) | J18: Effetto dei controlli combinati in programma sulla nuova PROBABILITÀ del rischio (NETTO) | K18: Impatto del rischio (PREVISTO) | L18: Probabilità del rischio (PREVISTO) | M18: Rischio complessivo (PREVISTO)
C19: =M10 -> 2 | K19: =A19+I19 -> 0 | L19: =B19+J19 -> 0 | M19: =K19*L19 -> 0
B51: 1 | C51: -1
B52: 2 | C52: -2
B53: 3 | C53: -3
B54: 4 | C54: -4
B55: 5 | C55: -5

Sheet 5. Circuito finanziario
A2: 5: VALUTAZIONE DELL'ESPOSIZIONE A RISCHI DI FRODE SPECIFICI - CIRCUITO FINANZIARIO
A4: DESCRIZIONE DEL RISCHIO
A5: Rif. rischio | B5: Rischio | C5: Descrizione del rischio | D5: Chi è coinvolto nel rischio? (Amministrazione Titolare) | E5: Il rischio è interno all'Amministrazione Titolare, esterno o frutto di collusione? | F5: L'Amministrazione Titolare è esposta a questo rischio? | G5: Motivare la risposta, se negativa
A6: CF1 | B6: Processo di erogazione incompleto/inadeguato | C6: L'erogazione non garantisce adeguatamente l'assenza di frodi perchè l'Ufficio di riferimento dell'Amministrazione Titolare non dispone delle competenze necessarie in materia | D6: Amministrazione Titolare | E6: Interno | F6: Y
A7: CF2 | B7: Richiesta di erogazione della tranche maggiorata (a titolo di anticipazione, quote intermedie, saldo) | C7: Può accadere che le richieste di erogazione a titolo di anticipazione, pagamenti intermedi e saldo dal SA siano volutamente di importo maggiore rispetto all'importo dovuto | D7: Amministrazione Titolare | E7: Esterno | F7: Y
A8: CF3 | B8: Doppio pagamento | C8: Può accadere che l'Amministrazione Titolare eroghi due volte il medesimo pagamento | D8: Amministrazione Titolare | E8: Interno | F8: Y
A9: CF4 | B9: Irregolarità nel processo di recupero | C9: Può accadere che l'Amministrazione Titolare decida deliberatamente di non attivare il recupero di una spesa non ammissibile/non pertinente/non idonea/non adeguatamente giustificata | D9: Amministrazione Titolare | E9: Interno/Collusione | F9: Y
A10: CF5 | B10: Irregolarità nel processo di erogazione | C10: Può accadere che l'Ufficio responsabile dei pagamenti eroghi delle somme a favore di un soggetto non titolare del finanziamento | D10: Amministrazione Titolare | E10: Interno | F10: Y
F16: Y
F17: N

Sheet CF1
C3: DESCRIZIONE DEL RISCHIO
C4: Rif. rischio | D4: Rischio | E4: Descrizione del rischio | F4: Chi è coinvolto nel rischio? Amministrazione Titolare | G4: Il rischio è interno all'Amministrazione Titolare, esterno o frutto di collusione?
C5: ='5. Circuito finanziario'!A6 -> CF1 | D5: ='5. Circuito finanziario'!B6 -> Processo di erogazione incompleto/inadeguato | E5: ='5. Circuito finanziario'!C6 -> L'erogazione non garantisce adeguatamente l'assenza di frodi perchè l'Ufficio di riferimento dell'Amministrazione Titolare non dispone delle competenze necessarie in materia | F5: ='5. Circuito finanziario'!D6 -> Amministrazione Titolare | G5: ='5. Circuito finanziario'!E6 -> Interno
A8: RISCHIO LORDO | D8: CONTROLLI ESISTENTI | K8: RISCHIO NETTO
A9: Impatto del rischio (LORDO) | B9: Probabilità del rischio (LORDO) | C9: Rischio complessivo (LORDO) | D9: Rif. controllo | E9: Descrizione del controllo | F9: Può dimostrare il funzionamento di questo controllo? | G9: Effettua regolarmente un test di questo controllo? | H9: Quanto ritiene che sia efficace questo controllo? | I9: Effetto dei controlli combinati sull'IMPATTO del rischio considerando i livelli di fiducia | J9: Effetto dei controlli combinati sulla PROBABILITÀ del rischio considerando i livelli di fiducia | K9: Impatto del rischio (NETTO) | L9: Probabilità del rischio (NETTO) | M9: Rischio complessivo attuale (NETTO)
A10: 3 | B10: 1 | C10: =A10*B10 -> 3 | D10: CFC 1.1 | E10: L’Ufficio preposto ai pagamenti dispone di una metodologia chiara riguardo il processo di erogazione che si basa sulle migliori pratiche comunemente accettate e prevede strumenti di auto-controllo (check list) | F10: SI | G10: SI | H10: ALTO | I10: -1 | J10: 0 | K10: =A10+I10 -> 2 | L10: =B10+J10 -> 1 | M10: =K10*L10 -> 2
D11: CFC 1.2 | E11: L’Amministrazione Titolare garantisce che il personale dell’Ufficio preposto ai pagamenti incaricato dell’erogazione sia adeguatamente qualificato ed esperto, oltre ad essere provvisto di una formazione aggiornata anche in materia di sensibilizzazione alle frodi e ai conflitti di interesse | F11: SI | G11: SI | H11: MEDIO
D12: CFC 1.3 | E12: L’Amministrazione Titolare garantisce che ci sia un corretto dimensionamento tra le erogazioni previste e le risorse dell’Ufficio preposto ai pagamenti | F12: SI | G12: SI | H12: MEDIO
D13: CFC 1.4 | E13: L'Amministrazione Titolare garantisce che l'Ufficio preposto ai pagamenti si attenga ad appositi flussi procedurali, informativi e documentali (SiGeCo e Piste di Controllo) | F13: SI | G13: SI | H13: MEDIO
A14: economico / finanziario
A15: immagine
A16: RISCHIO NETTO | D16: PIANO D'AZIONE | K16: RISCHIO PREVISTO
A17: Impatto del rischio (NETTO) | B17: Probabilità del rischio (NETTO) | C17: Rischio complessivo attuale (NETTO) | D17: Nuovo controllo in programma | F17: Responsabile | G17: Termine ultimo per l'attuazione | I17: Effetto dei controlli combinati in programma sul nuovo IMPATTO del rischio (NETTO) | J17: Effetto dei controlli combinati in programma sulla nuova PROBABILITÀ del rischio (NETTO) | K17: Impatto del rischio (PREVISTO) | L17: Probabilità del rischio (PREVISTO) | M17: Rischio complessivo (PREVISTO)
C18: =M10 -> 2 | K18: =A18+I18 -> 0 | L18: =B18+J18 -> 0 | M18: =K18*L18 -> 0
B50: 1 | C50: -1
B51: 2 | C51: -2
B52: 3 | C52: -3
B53: 4 | C53: -4
B54: 5 | C54: -5

Sheet CF2
C3: DESCRIZIONE DEL RISCHIO
C4: Rif. rischio | D4: Rischio | E4: Descrizione del rischio | F4: Chi è coinvolto nel rischio? Amministrazione Titolare | G4: Il rischio è interno all'Amministrazione Titolare, esterno o frutto di collusione?
C5: ='5. Circuito finanziario'!A7 -> CF2 | D5: ='5. Circuito finanziario'!B7 -> Richiesta di erogazione della tranche maggiorata (a titolo di anticipazione, quote intermedie, saldo) | E5: ='5. Circuito finanziario'!C7 -> Può accadere che le richieste di erogazione a titolo di anticipazione, pagamenti intermedi e saldo dal SA siano volutamente di importo maggiore rispetto all'importo dovuto | F5: ='5. Circuito finanziario'!D7 -> Amministrazione Titolare | G5: ='5. Circuito finanziario'!E7 -> Esterno
A8: RISCHIO LORDO | D8: CONTROLLI ESISTENTI | K8: RISCHIO NETTO
A9: Impatto del rischio (LORDO) | B9: Probabilità del rischio (LORDO) | C9: Rischio complessivo (LORDO) | D9: Rif. controllo | E9: Descrizione del controllo | F9: Può dimostrare il funzionamento di questo controllo? | G9: Effettua regolarmente un test di questo controllo? | H9: Quanto ritiene che sia efficace questo controllo? | I9: Effetto dei controlli combinati sull'IMPATTO del rischio considerando i livelli di fiducia | J9: Effetto dei controlli combinati sulla PROBABILITÀ del rischio considerando i livelli di fiducia | K9: Impatto del rischio (NETTO) | L9: Probabilità del rischio (NETTO) | M9: Rischio complessivo attuale (NETTO)
A10: 2 | B10: 3 | C10: =A10*B10 -> 6 | D10: CFC 2.1 | E10: L’Ufficio preposto ai pagamenti verifica che le richieste di erogazione dei fondi siano coerenti con lo stato di avanzamento del progetto | F10: SI | G10: SI | H10: ALTO | I10: -1 | J10: -1 | K10: =A10+I10 -> 1 | L10: =B10+J10 -> 2 | M10: =K10*L10 -> 2
D11: CFC 2.2 | E11: L’Ufficio preposto ai pagamenti verifica la corrispondenza tra il valore del pagamento e la fattura / la richiesta di trasferimento | F11: SI | G11: SI | H11: ALTO
D12: CFC 2.3 | E12: L’Ufficio preposto ai pagamenti verifica la correttezza delle richieste di pagamento mediante l'utilizzo di appositi strumenti di controllo (Check List) | F12: SI | G12: SI | H12: ALTO
D13: CFC 2.4 | E13: L’Ufficio preposto ai pagamenti dispone di una metodologia chiara riguardo il processo di erogazione che si basa sulla normativa di riferimento e sulle migliori pratiche comunemente accettate | F13: SI | G13: SI | H13: MEDIO
D14: CFC 2.5 | E14: L’Amministrazione Titolare si è dotata di strumenti automatizzati di calcolo e verifica degli importi erogati e/o da erogare in relazione allo stato di avanzamento | F14: SI | G14: SI | H14: MEDIO
A15: economico / finanziario | B15: interessi esterni
B16: discrezionalità
A17: RISCHIO NETTO | D17: PIANO D'AZIONE | K17: RISCHIO PREVISTO
A18: Impatto del rischio (NETTO) | B18: Probabilità del rischio (NETTO) | C18: Rischio complessivo attuale (NETTO) | D18: Nuovo controllo in programma | F18: Responsabile | G18: Termine ultimo per l'attuazione | I18: Effetto dei controlli combinati in programma sul nuovo IMPATTO del rischio (NETTO) | J18: Effetto dei controlli combinati in programma sulla nuova PROBABILITÀ del rischio (NETTO) | K18: Impatto del rischio (PREVISTO) | L18: Probabilità del rischio (PREVISTO) | M18: Rischio complessivo (PREVISTO)
C19: =M10 -> 2 | K19: =A19+I19 -> 0 | L19: =B19+J19 -> 0 | M19: =K19*L19 -> 0
B51: 1 | C51: -1
B52: 2 | C52: -2
B53: 3 | C53: -3
B54: 4 | C54: -4
B55: 5 | C55: -5

Sheet CF3
C3: DESCRIZIONE DEL RISCHIO
